Workbook

Sheet Итого по видам (распредел.) 
A1: Сведения о предоставлении из бюджета Саратовской области межбюджетных трансфертов местным бюджетам
A2: за I квартал 2019 года
F3: тыс. рублей
A4: № п/п | B4: Наименование | C4: Код бюджетной классификации | D4: Утвержденные бюджетные назначения* | E4: Исполнение | F4: % исполнения
A5: 1 | B5: 2 | C5: 3 | D5: 4 | E5: 5 | F5: 6
A6: 1. | B6: Дотации - всего | D6: =SUM(D7:D11) -> 3668652.3 | E6: =SUM(E7:E11) -> 959091.6 | F6: =E6/D6*100 -> 26.142886
A7: 1.1. | B7: Дотации бюджетам городских округов области, связанные с особым режимом безопасного функционирования закрытых административно-территориальных образований | C7: 000 1401 6640150100 511 | D7: =Дотации!E52 -> 41021 | E7: =Дотации!F52 -> 10255 | F7: =E7/D7*100 -> 24.999391
A8: 1.2. | B8: Дотации в целях обеспечения сбалансированности бюджетов городских округов Шиханы и Михайловский | C8: 000 1402 6640150030 511 000 1402 6640151430 511 | D8: =Дотации!H52 -> 57696 | E8: =Дотации!I52 -> 14424.1
A9: 1.3. | B9: Дотации на выравнивание бюджетной обеспеченности поселений области | C9: 000 1401 6640170100 511 | D9: =Дотации!K52 -> 40443.5 | E9: =Дотации!L52 -> 9606 | F9: =E9/D9*100 -> 23.751654
A10: 1.4. | B10: Дотации на выравнивание бюджетной обеспеченности муниципальных районов (городских округов) области | C10: 000 1401 6640170200 511 | D10: =Дотации!N52 -> 3284869.7 | E10: =Дотации!O52 -> 866711.5 | F10: =E10/D10*100 -> 26.384958
A11: 1.5. | B11: Дотации на поддержку мер по обеспечению сбалансированности бюджетов | C11: 000 1401 6640170300 511 | D11: =Дотации!Q52 -> 244622.1 | E11: =Дотации!R52 -> 58095 | F11: =E11/D11*100 -> 23.748876
A12: 2. | B12: Субсидии - всего | D12: =SUM(D13:D48) -> 8325605.6 | E12: =SUM(E13:E48) -> 420318.9 | F12: =E12/D12*100 -> 5.0485085
A13: 2.1. | B13: Субсидии на создание в дошкольных образовательных организациях дополнительного образования детей (в том числе в организациях, осуществляющих образовательную деятельность по адаптированным основным общеобразовательным программам) условий для получения детьми-инвалидами качественного образования | C13: 000 0701 5A10600000 520 | D13: =Субсидии!E271 -> 1573 | E13: =Субсидии!F271 -> 0 | F13: =E13/D13*100 -> 0
A14: 2.2. | B14: Субсидии на создание в организациях дополнительного образования детей, организациях дополнительного образования детей (в том числе в организациях, осуществляющих образовательную деятельность по адаптированным основным общеобразовательным программам) условий для получения детьми-инвалидами качественного образования | C14: 000 0703 5A214R0270 520 | D14: =Субсидии!H271 -> 1573.1 | E14: =Субсидии!I271 -> 0 | F14: =E14/D14*100 -> 0
A15: 2.3. | B15: Субсидии на создание в общеобразовательных организациях, расположенных в сельской местности, условий для занятий физической культурой и спортом | C15: 000 0702 5A2E250970 521 | D15: =Субсидии!K271 -> 18906.9 | E15: =Субсидии!L271 -> 0 | F15: =E15/D15*100 -> 0
A16: 2.4. | B16: Субсидии на реализацию мероприятий по содействию созданию (исходя из прогнозируемой потребности) новых мест в общеобразовательных организациях | C16: 000 0702 5A2E155200 520 | D16: =Субсидии!N271 -> 309650 | E16: =Субсидии!O271 -> 229617 | F16: =E16/D16*100 -> 74.153722
A17: 2.5. | B17: Субсидии на обеспечение жильем молодых семей | C17: 000 1004 5E301R4970 520 | D17: =Субсидии!Q271 -> 78768.8 | E17: =Субсидии!R271 -> 0 | F17: =E17/D17*100 -> 0
A18: 2.6. | B18: Субсидии на поддержку творческой деятельности и укрепление материально-технической базы муниципальных театров в населенных пунктах с численностью населения до 300 тысяч человек ******* | C18: 000 0801 55206R4660 520 | D18: =Субсидии!T271 -> 11316.7 | E18: =Субсидии!U271 -> 0 | F18: =E18/D18*100 -> 0
A19: 2.7. | B19: Субсидии на поддержку отрасли культуры на комплектование книжных фондов муниципальных общедоступных библиотек ******* | C19: 000 0801 55402R5191 520 | D19: =Субсидии!W271 -> 1268.9888 | E19: =Субсидии!X271 -> 0 | F19: =E19/D19*100 -> 0
A20: 2.8. | B20: Субсидии на поддержку отрасли культуры на подключение муниципальных общедоступных библиотек к информационно-телекоммуникационной сети «Интернет» и развитие библиотечного дела с учетом задачи расширения информационных технологий и оцифровки ******* | C20: 000 0801 55405R5193 520 | D20: =Субсидии!Z271 -> 4766.4045 | E20: =Субсидии!AA271 -> 0 | F20: =E20/D20*100 -> 0
A21: 2.9. | B21: Субсидии на обеспечение развития и укрепления материально-технической базы домов культуры в населенных пунктах с числом жителей до 50 тысяч человек ******* | C21: 000 0801 55A12R4670 521 | D21: =Субсидии!AC271 -> 47678.764 | E21: =Субсидии!AD271 -> 0 | F21: =E21/D21*100 -> 0
A22: 2.10. | B22: Субсидии на поддержку отрасли культуры на государственную поддержку лучших сельских учреждений культуры ******* | C22: 000 0801 55Б04R5192 520 | D22: =Субсидии!AF271 -> 2500 | E22: =Субсидии!AG271 -> 0 | F22: =E22/D22*100 -> 0
A23: 2.11. | B23: Субсидии на поддержку отрасли культуры на государственную поддержку лучших работников сельских учреждений культуры ******* | C23: 000 0801 55Б04R5194 520 | D23: =Субсидии!AI271 -> 1100 | E23: =Субсидии!AJ271 -> 0 | F23: =E23/D23*100 -> 0
A24: 2.12. | B24: Субсидии на строительство и реконструкцию малобюджетных физкультурно-спортивных объектов шаговой доступности, плоскостных сооружений | C24: 000 1102 564P554951 520 | D24: =Субсидии!AL271 -> 43953.5 | E24: =Субсидии!AM271 -> 0 | F24: =E24/D24*100 -> 0
A25: 2.13. | B25: Субсидии на обеспечение деятельности муниципальных бизнес-инкубаторов | C25: 000 0412 5830171100 520 | D25: =Субсидии!AO271 -> 5100 | E25: =Субсидии!AP271 -> 0 | F25: =E25/D25*100 -> 0
A26: 2.14. | B26: Субсидия бюджетам городских округов области на обеспечение капитального ремонта, ремонта и содержания автомобильных дорог общего пользования местного значения за счет средств областного дорожного фонда | C26: 000 0409 5Ж208D7400 520 | D26: =Субсидии!AR271 -> 395000 | E26: =Субсидии!AS271 -> 0 | F26: =E26/D26*100 -> 0
A27: 2.15. | B27: Субсидия бюджетам городских округов области на осуществление дорожной деятельности в отношении автомобильных дорог общего пользования местного значения Саратовской агломерации в границах городских округов области в рамках приоритетного проекта «Безопасные и качественные дороги» за счет средств областного дорожного фонда | C27: 000 0409 5Ж2 R153930 520 | D27: =Субсидии!AU271 -> 999900 | E27: =Субсидии!AV271 -> 0 | F27: =E27/D27*100 -> 0
A28: 2.16. | B28: Субсидии на комплексное обустройство населенных пунктов, расположенных в сельской местности, объектами социальной, инженерной инфраструктуры и автомобильными дорогами***** | C28: 000 0502 5Г303R5670 522 | D28: =Субсидии!AX271 -> 24205.5 | E28: =Субсидии!AY271 -> 0 | F28: =E28/D28*100 -> 0
A29: 2.17. | B29: Субсидии бюджетам поселений области на обеспечение капитального ремонта, ремонта и содержания автомобильных дорог общего пользования местного значения городских поселений области за счет средств областного дорожного фонда | C29: 000 0409 5Ж210D7Ж00 520 | D29: =Субсидии!BA271 -> 15000 | E29: =Субсидии!BB271 -> 0 | F29: =E29/D29*100 -> 0
A30: 2.18. | B30: Субсидии бюджетам муниципальных районов области на капитальный ремонт, ремонт и содержание автомобильных дорог общего пользования местного значения за счет средств областного дорожного фонда | C30: 000 0409 5Ж205D7300 520 | D30: =Субсидии!BD271 -> 300000 | E30: =Субсидии!BE271 -> 0 | F30: =E30/D30*100 -> 0
A31: 2.19. | B31: Субсидии на обеспечение повышения оплаты труда некоторых категорий работников муниципальных учреждений | C31: 000 1403 6640172300 520 | D31: =Субсидии!BG271 -> 521933.8 | E31: =Субсидии!BH271 -> 85205.3 | F31: =E31/D31*100 -> 16.324925
A32: 2.20. | B32: Субсидии на реализацию проектов развития муниципальных образований области, основанных на местных инициативах | C32: 000 0113 6640500000 521 | D32: =Субсидии!BJ271 -> 80000 | E32: =Субсидии!BK271 -> 0 | F32: =E32/D32*100 -> 0
A33: 2.21. | B33: Субсидии на поддержку муниципальных программ формирования современной городской среды **** | C33: 000 0503 691F255550 523 | D33: =Субсидии!BM271 -> 813071.4 | E33: =Субсидии!BN271 -> 0 | F33: =E33/D33*100 -> 0
A34: 2.22. | B34: Субсидии бюджетам поселений на развитие сети плоскостных спортивных сооружений в сельской местности****** | C34: 000 1101 564P555670 522 | D34: =Субсидии!BP271 -> 3909.8 | E34: =Субсидии!BQ271 -> 0 | F34: =E34/D34*100 -> 0
A35: 2.23. | B35: Субсидии на обеспечение сохранения достигнутых показателей повышения оплаты труда отдельных категорий работников бюджетной сферы | C35: 000 1403 6640172500 520 | D35: =Субсидии!BS271 -> 580272 | E35: =Субсидии!BT271 -> 105496.6 | F35: =E35/D35*100 -> 18.180543
A36: 2.24. | B36: Субсидии на выполнение расходных обязательств, связанных с погашением просроченной кредиторской задолженности, образовавшейся по состоянию на 1 января 2018 года, по уплате начислений на выплаты по оплате труда, налогов, по оказанию мер социальной поддержки населения, по оплате коммунальных услуг и исполнительных листов | C36: 000 1403 6640172400 520 | D36: =Субсидии!BV271 -> 453219.3 | E36: =Субсидии!BW271 -> 0 | F36: =E36/D36*100 -> 0
A37: 2.25. | B37: Субсидии на оснащение объектов спортивной инфраструктуры спортивно-технологическим оборудованием | C37: 000 1102 564P552282 520 | D37: =Субсидии!BY271 -> 25510.2 | E37: =Субсидии!BZ271 -> 0 | F37: =E37/D37*100 -> 0
A38: 2.26. | B38: Субсидии на обновление материально-технической базы для формирования у обучающихся современных технологических и гуманитарных навыков | C38: 000 0702 5A2E151690 520 | D38: =Субсидии!CB271 -> 103486.2 | E38: =Субсидии!CC271 -> 0 | F38: =E38/D38*100 -> 0
A39: 2.27. | B39: Субсидии на реализацию регионального проекта (программы) в целях выполнения задач федерального проекта «Жилье» (стимулирование программ развития жилищного | C39: 000 1403 5E1F150210 520 | D39: =Субсидии!CE271 -> 195205 | E39: =Субсидии!CF271 -> 0 | F39: =E39/D39*100 -> 0
A40: 2.28. | B40: Субсидии бюджетам муниципальных районов области на обеспечение прироста протяженности сети автомобильных дорог общего пользования местного значения, соответствующих нормативным требованиям, за счет средств областного дорожного фонда строительства) | C40: 000 0409 5Ж206D99Э0 520 | D40: =Субсидии!CH271 -> 35000 | E40: =Субсидии!CI271 -> 0 | F40: =E40/D40*100 -> 0
A41: 2.29. | B41: Субсидии бюджетам городских округов области на достижение целевых показателей, предусматривающих развитие и увеличение пропускной способности сети автомобильных дорог общего пользования местного значения за счет средств областного дорожного фонда | C41: 000 0409 5Ж207D99М0 520 | D41: =Субсидии!CK271 -> 100000 | E41: =Субсидии!CL271 -> 0 | F41: =E41/D41*100 -> 0
A42: 2.30. | B42: Субсидии бюджетам городских округов области на приобретение дорожно-эксплуатационной техники, необходимой для выполнения комплекса работ по поддержанию надлежащего технического состояния автомобильных дорог общего пользования местного значения, за счет средств областного дорожного фонда | C42: 000 0409 5Ж209D7Г00 520 | D42: =Субсидии!CN271 -> 650000 | E42: =Субсидии!CO271 -> 0 | F42: =E42/D42*100 -> 0
A43: 2.31. | B43: Субсидии бюджетам поселений области на развитие материально-технической базы для организации осуществления полномочий органами местного самоуправления | C43: 000 0113 6610472600 520 | D43: =Субсидии!CQ271 -> 20000 | E43: =Субсидии!CR271 -> 0 | F43: =E43/D43*100 -> 0
A44: 2.32. | B44: Субсидии бюджетам муниципальных районов и городских округов области на модернизацию инфраструктуры общего образования в отдельных субъектах Российской Федерации ** | C44: 000 0702 5A2E152390 520 | D44: =Субсидии!CT271 -> 1007240.8 | E44: =Субсидии!CU271 -> 0 | F44: =E44/D44*100 -> 0
A45: 2.33. | B45: Субсидии бюджетам муниципальных районов и городских округов области на создание дополнительных мест для детей в возрасте от 1,5 до 3 лет в образовательных организациях, осуществляющих образовательную деятельность по образовательным программам дошкольного образования** | C45: 000 0701 5A1P252320 520 | D45: =Субсидии!CW271 -> 1355891.6 | E45: =Субсидии!CX271 -> 0
A46: 2.34. | B46: Субсидии бюджетам муниципальных районов области на реализацию мероприятий по ремонту домов системы социального обслуживания граждан муниципального специализированного жилищного фонда, предоставляемых для проживания отдельных категорий граждан ,а также благоустройство прилегающих территорий*** | C46: 000 1403 52701R2091 520 000 1403 52701R2092 520 | D46: =Субсидии!CZ271 -> 43762.7 | E46: =Субсидии!DA271 -> 0 | F46: =E46/D46*100 -> 0
A47: 2.35. | B47: Субсидии на поддержку отрасли культуры на создание и модернизацию учреждений культурно-досугового типа в сельской местности ******* | C47: 000 0801 55AA155197 520 | D47: =Субсидии!DC271 -> 55805.281 | E47: =Субсидии!DD271 -> 0 | F47: =E47/D47*100 -> 0
A48: 2.36. | B48: Субсидии на поддержку отрасли культуры на создание многофункциональных мобильных культурных центров ******* | C48: 000 0801 55AA155198 520 | D48: =Субсидии!DF271 -> 19035.816 | E48: =Субсидии!DG271 -> 0 | F48: =E48/D48*100 -> 0
A49: 3. | B49: Субвенции - всего | D49: =SUM(D50:D69) -> 17994701 | E49: =SUM(E50:E69) -> 3798775.5 | F49: =E49/D49*100 -> 21.110523
A50: 3.1. | B50: Субвенция на частичное финансирование расходов на присмотр и уход за детьми дошкольного возраста в муниципальных образовательных организациях, реализующих основную общеобразовательную программу дошкольного образования | C50: 000 0701 5A10476900 530 | D50: ='Субвенции '!E364 -> 76529.9 | E50: ='Субвенции '!F364 -> 13863.4 | F50: =E50/D50*100 -> 18.115011
A51: 3.2. | B51: Субвенция на осуществление органами местного самоуправления государственных полномочий по организации предоставления компенсации родительской платы и расходы по оплате услуг почтовой связи и банковских услуг, оказываемых банками, по выплате за присмотр и уход за детьми в образовательных организациях, реализующих основную общеобразовательную программу дошкольного образования | C51: 000 0709 5A10477800 530 | D51: ='Субвенции '!H364 -> 20793.9 | E51: ='Субвенции '!I364 -> 4003.8235 | F51: =E51/D51*100 -> 19.254799
A52: 3.3. | B52: Субвенция на компенсацию родительской платы за присмотр и уход за детьми в образовательных организациях, реализующих основную общеобразовательную программу дошкольного образования | C52: 000 1004 5A10477900 530 | D52: ='Субвенции '!K364 -> 569313.3 | E52: ='Субвенции '!L364 -> 127272.23 | F52: =E52/D52*100 -> 22.355393
A53: 3.4. | B53: Субвенция на финансовое обеспечение образовательной деятельности муниципальных дошкольных образовательных организаций | C53: 000 0701 5A10576700 530 | D53: ='Субвенции '!N364 -> 4657270.4 | E53: ='Субвенции '!O364 -> 881003 | F53: =E53/D53*100 -> 18.916724
A54: 3.5. | B54: Субвенция на предоставление питания отдельным категориям обучающихся в муниципальных образовательных организациях, реализующих образовательные программы начального общего, основного общего и среднего общего образования | C54: 000 0702 5A21277200 530 | D54: ='Субвенции '!Q364 -> 276550.4 | E54: ='Субвенции '!R364 -> 55525.415 | F54: =E54/D54*100 -> 20.077865
A55: 3.6. | B55: Субвенция на осуществление органами местного самоуправления государственных полномочий по организации предоставления питания отдельным категориям обучающихся в муниципальных образовательных организациях, реализующих образовательные программы начального общего, основного общего и среднего общего образования, и частичному финансированию расходов на присмотр и уход за детьми дошкольного возраста в муниципальных образовательных организациях, реализующих основную общеобразовательную программу дошкольного образования | C55: 000 0709 5A21277300 530 | D55: ='Субвенции '!T364 -> 19831.1 | E55: ='Субвенции '!U364 -> 2995.1093 | F55: =E55/D55*100 -> 15.103092
A56: 3.7. | B56: Субвенция на финансовое обеспечение образовательной деятельности муниципальных общеобразовательных учреждений | C56: 000 0702 5A21177000 530 | D56: ='Субвенции '!W364 -> 11382112 | E56: ='Субвенции '!X364 -> 2395449.3 | F56: =E56/D56*100 -> 21.045737
A57: 3.8. | B57: Субвенция на осуществление органами местного самоуправления отдельных государственных полномочий по осуществлению деятельности по опеке и попечительству в отношении несовершеннолетних граждан в части расходов на оплату труда, уплату страховых взносов по обязательному социальному страхованию в государственные внебюджетные фонды Российской Федерации, обеспечение деятельности штатных работников | C57: 000 0709 5A50577E00 530 | D57: ='Субвенции '!Z364 -> 44828.2 | E57: ='Субвенции '!AA364 -> 9123.7978 | F57: =E57/D57*100 -> 20.352809
A58: 3.9. | B58: Субвенция на осуществление органами местного самоуправления отдельных государственных полномочий по осуществлению деятельности по опеке и попечительству в отношении несовершеннолетних граждан в части расходов на обеспечение деятельности по сохранению, содержанию и ремонту пустующих жилых помещений, закрепленных за детьми-сиротами и детьми, оставшимися без попечения родителей | C58: 000 1004 5A50577И00 530 | D58: ='Субвенции '!AC364 -> 1869.2 | E58: ='Субвенции '!AD364 -> 47.6 | F58: =E58/D58*100 -> 2.546544
A59: 3.10. | B59: Субвенция на осуществление органами местного самоуправления государственных полномочий по организации предоставления гражданам субсидий на оплату жилого помещения и коммунальных услуг | C59: 000 1003 5212377Б00 530 | D59: ='Субвенции '!AF364 -> 42172.8 | E59: ='Субвенции '!AG364 -> 8992.1696 | F59: =E59/D59*100 -> 21.322202
A60: 3.11. | B60: Субвенция на осуществление органами местного самоуправления государственных полномочий по предоставлению гражданам субсидий на оплату жилого помещения и коммунальных услуг | C60: 000 1003 5212477В00 530 | D60: ='Субвенции '!AI364 -> 710621.7 | E60: ='Субвенции '!AJ364 -> 262110.8 | F60: =E60/D60*100 -> 36.884717
A61: 3.12. | B61: Субвенция на осуществление органами местного самоуправления государственных полномочий по созданию и организации деятельности комиссий по делам несовершеннолетних и защите их прав | C61: 000 0113 6511076600 530 | D61: ='Субвенции '!AL364 -> 19235.4 | E61: ='Субвенции '!AM364 -> 3909.4267 | F61: =E61/D61*100 -> 20.324125
A62: 3.13. | B62: Субвенция на осуществление органами местного самоуправления государственных полномочий по образованию и обеспечению деятельности административных комиссий, определению перечня должностных лиц, уполномоченных составлять протоколы об административных правонарушениях | C62: 000 0113 6511176500 530 | D62: ='Субвенции '!AO364 -> 11582.4 | E62: ='Субвенции '!AP364 -> 2223.7 | F62: =E62/D62*100 -> 19.198957
A63: 3.14. | B63: Субвенция на исполнение государственных полномочий по расчету и предоставлению дотаций поселениям | C63: 000 1403 6640176100 530 | D63: ='Субвенции '!AR364 -> 75631.1 | E63: ='Субвенции '!AS364 -> 17961 | F63: =E63/D63*100 -> 23.748167
A64: 3.15. | B64: Субвенция на осуществление органами местного самоуправления отдельных государственных полномочий по санкционированию финансовыми органами муниципальных образований области кассовых выплат получателям средств областного бюджета, областным государственным автономным и бюджетным учреждениям, иным юридическим лицам, не являющимся участниками бюджетного процесса, расположенным на территориях муниципальных образований области | C64: 000 0106 6640177A00 530 | D64: ='Субвенции '!AU364 -> 9720 | E64: ='Субвенции '!AV364 -> 2028.2 | F64: =E64/D64*100 -> 20.866255
A65: 3.16. | B65: Субвенция на осуществление органами местного самоуправления поселений и органами местного самоуправления городских округов полномочий по первичному воинскому учету на территориях, где отсутствуют военные комиссариаты | C65: 000 0203 9020051180 530 | D65: ='Субвенции '!AX364 -> 44608.5 | E65: ='Субвенции '!AY364 -> 7507.9524 | F65: =E65/D65*100 -> 16.830766
A66: 3.17. | B66: Субвенция на осуществление органами местного самоуправления отдельных государственных полномочий по государственному управлению охраной труда | C66: 000 0401 9610076300 530 | D66: ='Субвенции '!BA364 -> 10200.1 | E66: ='Субвенции '!BB364 -> 1940.1744 | F66: =E66/D66*100 -> 19.021132
A67: 3.18. | B67: Субвенция на осуществление органами местного самоуправления отдельных государственных полномочий по осуществлению деятельности по опеке и попечительству в отношении совершеннолетних граждан | C67: 000 1006 9610076400 530 | D67: ='Субвенции '!BD364 -> 14771.8 | E67: ='Субвенции '!BE364 -> 2718.6 | F67: =E67/D67*100 -> 18.403986
A68: 3.19. | B68: Субвенция на осуществление органами местного самоуправления отдельных государственных полномочий на организацию проведения мероприятий по отлову и содержанию безнадзорных животных | C68: 000 0405 9610077Г00 530 | D68: ='Субвенции '!BG364 -> 183.7 | E68: ='Субвенции '!BH364 -> 0 | F68: =E68/D68*100 -> 0
A69: 3.20. | B69: Субвенция на проведение мероприятий по отлову и содержанию безнадзорных животных | C69: 000 0405 9610077Д00 530 | D69: ='Субвенции '!BJ364 -> 6875.7 | E69: ='Субвенции '!BK364 -> 99.8 | F69: =E69/D69*100 -> 1.4514886
A70: 4. | B70: Иные межбюджетные трансферты | D70: =SUM(D71:D77) -> 1581115.5 | E70: =SUM(E71:E77) -> 76000 | F70: =E70/D70*100 -> 4.806733
A71: 4.1. | B71: Иные межбюджетные трансферты бюджетам поселений области на осуществление дорожной деятельности в отношении автомобильных дорог общего пользования местного значения Саратовской агломерации в границах городских поселений области в рамках реализации национального проекта «Безопасные и качественные автомобильные дороги» за счет средств областного дорожного фонда ******** | C71: 000 0409 5Ж2R153930 540 | D71: =Иные!E110 -> 299900 | E71: =Иные!F108 -> 0 | F71: =E71/D71*100 -> 0
A72: 4.2. | B72: Иные межбюджетные трансферты на осуществление мероприятий в области энергосбережения и повышения энергетической эффективности | C72: 000 1403 6321179Б00 540 | D72: =Иные!H110 -> 100000 | E72: =Иные!I110 -> 0 | F72: =E72/D72*100 -> 0
A73: 4.3. | B73: Иные межбюджетные трансферты в целях обеспечения надлежащего осуществления полномочий по решению вопросов местного значения | C73: 000 1403 6640179200 540 | D73: =Иные!K110 -> 26497 | E73: =Иные!L110 -> 0 | F73: =E73/D73*100 -> 0
A74: 4.4. | B74: Иные межбюджетные трансферты в целях стимулирования (поощрения) социально-экономического развития муниципалитетов | C74: 000 1403 6640178A00 540 | D74: =Иные!N110 -> 150000 | E74: =Иные!O110 -> 0
A75: 4.5. | B75: Иные межбюджетные трансферты за счет средств, выделяемых из резервного фонда Правительства Саратовской области ********* | C75: 000 0503 6640379990 540 000 0406 6640379990 540 | D75: =Иные!Q110 -> 102186 | E75: =Иные!R110 -> 76000 | F75: =E75/D75*100 -> 74.37418
A76: 4.6. | B76: Иные межбюджетные трансферты бюджетам муниципальных районов и городских округов области на создание дополнительных мест для детей в возрасте от 2 месяцев до 3 лет в образовательных организациях, осуществляющих образовательную деятельность по образовательным программам дошкольного образования | C76: 000 0701 5A1P251590 540 | D76: =Иные!T110 -> 747532.5 | E76: =Иные!U110 -> 0 | F76: =E76/D76*100 -> 0
A77: 4.7. | B77: Иные межбюджетные трансферты бюджетам поселений области в целях реализации проектов создания комфортной городской среды в малых городах и исторических поселениях - победителях Всероссийского конкурса лучших проектов создания комфортной городской среды | C77: 000 0503 6920279А00 540 | D77: =Иные!W110 -> 155000 | E77: =Иные!X110 -> 0 | F77: =E77/D77*100 -> 0
B78: ВСЕГО межбюджетных трансфертов местным бюджетам | D78: =D6+D12+D49+D70 -> 31570075 | E78: =E6+E12+E49+E70 -> 5254186 | F78: =E78/D78*100 -> 16.642932
A80: * в соответствии с Законом Саратовской области «Об областном бюджете на 2019 год и на плановый период 2020 и 2021 годов» в редакции от 29.03.2019 года
A81: ** в соответствии с распределением, утвержденным распоряжением Правительства Саратовской области от 14 марта 2019 года № 50-Пр «О распределении субсидии бюджетам муниципальных районов и городских округов области на модернизацию инфраструктуры общего образования в отдельных субъектах Российской Федерации и на создание дополнительных мест для детей в возрасте от 1,5 до 3 лет в образовательных организациях, осуществляющих образовательную деятельность по образовательным программам дошкольного образования» (1 007 240,8 тыс. руб. и 1 355 891,6 тыс. руб.)
A82: *** в соответствии с распределением, утвержденным постановлением Правительства Саратовской области от 20 марта 2019 года № 174-П «О распределении в 2019 году и порядке предоставления из областного бюджета субсидии бюджетам муниципальных районов области на реализацию мероприятий по ремонту домов системы социального обслуживания граждан муниципального специализированного жилищного фонда, предоставляемых для проживания отдельных категорий граждан, а также благоустройство прилегающих территорий и условиях ее расходования» (43 762,7 тыс. руб.)
A83: **** в соответствии с распределением, утвержденным распоряжением Правительства Саратовской области от 22 марта 2019 года № 56-П «О распределении на 2019 год субсидии бюджетам городских округов и поселений области на поддержку муниципальных программ формирования современной городской среды» (813 071,4 тыс.руб.)
A84: ***** в соответствии с распределением, утвержденным распоряжением Правительства Саратовской области от 25 марта 2019 года № 58-П «О распределении на 2019 год субсидии бюджетам муниципальных районов и поселений области на комплексное обустройство населенных пунктов, расположенных в сельской местности, объектами социальной, инженерной инфраструктуры и автомобильными дорогами» (24 205,5 тыс.руб.)
A85: ****** в соответствии с распределением, утвержденным распоряжением Правительства Саратовской области от 25 марта 2019 года № 57-П «О распределении на 2019 год субсидии бюджетам поселений области на развитие сети плоскостных спортивных сооружений в сельской местности» (3 909,8 тыс.руб.)
A86: ******* в соответствии с распределением, утвержденным распоряжением Правительства Саратовской области от 14 марта 2019 года № 48-Пр «О распределении на 2019 год субсидии бюджетам муниципальных районов, городских округов и поселений области на осуществление мероприятий в рамках национального проекта «Культура» и государственной программы Российской Федерации «Развитие культуры и туризма» (4 766,4 тыс.руб.; 1 269,0 тыс.руб.; 2 500,0 тыс.руб.; 1 100,0 тыс.руб.; 47 678,8 тыс.руб.; 11 316,7 тыс.руб.; 55 805,3 тыс.руб.; 19 035,8 тыс.руб.;)
A87: ******** в соответствии с распределением, утвержденным распоряжением Правительства Саратовской области от 21 февраля 2019 года № 35-Пр «О распределении на 2019 год иных межбюджетных трансфертов бюджетам поселений области на осуществление дорожной деятельности в отношении автомобильных дорог общего пользования местного значения Саратовской агломерации в границах городских поселений области в рамках реализации национального проекта «Безопасные и качественные автомобильные дороги» за счет средств областного дорожного фонда» (299 900,0 тыс. руб.)
A88: ********* в соответствии с распределением, утвержденным распоряжением Правительства Саратовской области от 7 февраля 2019 года № 23-Пр «О выделении средств из резервного фонда Правительства Саратовской области» (76 000,0 тыс. руб.), распоряжением Правительства Саратовской области от 22 марта 2019 года № 55-Пр «О подготовке к безаварийному пропуску весеннего половодья в 2019 году» (26 186,0 тыс.руб)

Sheet Всего (с учетом нераспред)
A1: Сведения о предоставленных из бюджета Саратовской области межбюджетных трансфертах бюджетам муниципальных образований за I квартал 2019 года
O2: тыс.рублей
A3: Наименование муниципальных образований | B3: Всего
E4: Дотации | H4: Субсидии | K4: Субвенции | N4: Иные межбюджетные трансферты
B6: бюджетная роспись + уточненный бюджет** | C6: исполнено | D6: % исполнения | E6: утвержденные бюджетные назначения* | F6: исполнено | G6: % исполнения | H6: бюджетная роспись + уточненный бюджет** | I6: исполнено | J6: % исполнения | K6: утвержденные бюджетные назначения* | L6: исполнено | M6: % исполнения | N6: утвержденные бюджетные назначения** | O6: исполнено | P6: % исполнения
A7: Муниципальные районы области: | B7: =E7+H7+K7+N7 -> 19905205 | C7: =F7+I7+L7+O7 -> 3941993.2 | D7: =C7/B7*100 -> 19.803831 | E7: =Дотации!B7 -> 3380545.8 | F7: =Дотации!C7 -> 889433.5 | G7: =F7/E7*100 -> 26.310352 | H7: =Субсидии!B8 -> 3498961.6 | I7: =Субсидии!C8 -> 375945.2 | J7: =I7/H7*100 -> 10.744479 | K7: ='Субвенции '!B10 -> 12570808 | L7: ='Субвенции '!C10 -> 2676614.5 | M7: =L7/K7*100 -> 21.292302 | N7: =Иные!B8 -> 454889 | O7: =Иные!C8 -> 0 | P7: =O7/N7*100 -> 0
A8: Александрово-Гайский | B8: =E8+H8+K8+N8 -> 307822.06 | C8: =F8+I8+L8+O8 -> 66616.127 | D8: =C8/B8*100 -> 21.641115 | E8: =Дотации!B8 -> 74007.1 | F8: =Дотации!C8 -> 22332.4 | G8: =F8/E8*100 -> 30.176024 | H8: =Субсидии!B9 -> 49676.659 | I8: =Субсидии!C9 -> 2957.6 | J8: =I8/H8*100 -> 5.9537015 | K8: ='Субвенции '!B11 -> 181945.7 | L8: ='Субвенции '!C11 -> 41326.127 | M8: =L8/K8*100 -> 22.71344 | N8: =Иные!B9 -> 2192.6 | O8: =Иные!C9 -> 0 | P8: =O8/N8*100 -> 0
A9: Аркадакский | B9: =E9+H9+K9+N9 -> 311922.42 | C9: =F9+I9+L9+O9 -> 65736.133 | D9: =C9/B9*100 -> 21.074513 | E9: =Дотации!B9 -> 83945.8 | F9: =Дотации!C9 -> 19938 | G9: =F9/E9*100 -> 23.751039 | H9: =Субсидии!B10 -> 27454.122 | I9: =Субсидии!C10 -> 2481.7 | J9: =I9/H9*100 -> 9.0394442 | K9: ='Субвенции '!B12 -> 198469.8 | L9: ='Субвенции '!C12 -> 43316.433 | M9: =L9/K9*100 -> 21.825201 | N9: =Иные!B10 -> 2052.7 | O9: =Иные!C10 -> 0 | P9: =O9/N9*100 -> 0
A10: Аткарский | B10: =E10+H10+K10+N10 -> 497945.93 | C10: =F10+I10+L10+O10 -> 106801.75 | D10: =C10/B10*100 -> 21.448463 | E10: =Дотации!B10 -> 120799.1 | F10: =Дотации!C10 -> 28689 | G10: =F10/E10*100 -> 23.749349 | H10: =Субсидии!B11 -> 50822.726 | I10: =Субсидии!C11 -> 3782.4 | J10: =I10/H10*100 -> 7.4423399 | K10: ='Субвенции '!B13 -> 321457.3 | L10: ='Субвенции '!C13 -> 74330.349 | M10: =L10/K10*100 -> 23.122931 | N10: =Иные!B11 -> 4866.8 | O10: =Иные!C11 -> 0 | P10: =O10/N10*100 -> 0
A11: Базарно-Карабулакский | B11: =E11+H11+K11+N11 -> 415364.84 | C11: =F11+I11+L11+O11 -> 87384.176 | D11: =C11/B11*100 -> 21.037933 | E11: =Дотации!B11 -> 113822 | F11: =Дотации!C11 -> 31033 | G11: =F11/E11*100 -> 27.264501 | H11: =Субсидии!B12 -> 42560.538 | I11: =Субсидии!C12 -> 2300.9 | J11: =I11/H11*100 -> 5.4061817 | K11: ='Субвенции '!B14 -> 258762.3 | L11: ='Субвенции '!C14 -> 54050.276 | M11: =L11/K11*100 -> 20.888003 | N11: =Иные!B12 -> 220 | O11: =Иные!C12 -> 0 | P11: =O11/N11*100 -> 0
A12: Балаковский | B12: =E12+H12+K12+N12 -> 1802501 | C12: =F12+I12+L12+O12 -> 327528.94 | D12: =C12/B12*100 -> 18.170806 | E12: =Дотации!B12 -> 0 | F12: =Дотации!C12 -> 0 | H12: =Субсидии!B13 -> 316094.95 | I12: =Субсидии!C13 -> 11882.6 | J12: =I12/H12*100 -> 3.7591869 | K12: ='Субвенции '!B15 -> 1484908 | L12: ='Субвенции '!C15 -> 315646.34 | M12: =L12/K12*100 -> 21.256963 | N12: =Иные!B13 -> 1498 | O12: =Иные!C13 -> 0 | P12: =O12/N12*100 -> 0
A13: Балашовский | B13: =E13+H13+K13+N13 -> 1085202.1 | C13: =F13+I13+L13+O13 -> 225814.63 | D13: =C13/B13*100 -> 20.808531 | E13: =Дотации!B13 -> 170300.6 | F13: =Дотации!C13 -> 53946 | G13: =F13/E13*100 -> 31.676929 | H13: =Субсидии!B14 -> 159953.13 | I13: =Субсидии!C14 -> 8906.7 | J13: =I13/H13*100 -> 5.5683188 | K13: ='Субвенции '!B16 -> 738108.4 | L13: ='Субвенции '!C16 -> 162961.93 | M13: =L13/K13*100 -> 22.078319 | N13: =Иные!B14 -> 16840 | O13: =Иные!C14 -> 0 | P13: =O13/N13*100 -> 0
A14: Балтайский | B14: =E14+H14+K14+N14 -> 196684.68 | C14: =F14+I14+L14+O14 -> 41733.788 | D14: =C14/B14*100 -> 21.218627 | E14: =Дотации!B14 -> 49008.3 | F14: =Дотации!C14 -> 14940 | G14: =F14/E14*100 -> 30.484632 | H14: =Субсидии!B15 -> 26512.48 | I14: =Субсидии!C15 -> 2017.3 | J14: =I14/H14*100 -> 7.6088696 | K14: ='Субвенции '!B17 -> 118553.9 | L14: ='Субвенции '!C17 -> 24776.488 | M14: =L14/K14*100 -> 20.898923 | N14: =Иные!B15 -> 2610 | O14: =Иные!C15 -> 0 | P14: =O14/N14*100 -> 0
A15: Вольский | B15: =E15+H15+K15+N15 -> 945396.17 | C15: =F15+I15+L15+O15 -> 190945.79 | D15: =C15/B15*100 -> 20.197436 | E15: =Дотации!B15 -> 91813.9 | F15: =Дотации!C15 -> 31807 | G15: =F15/E15*100 -> 34.642903 | H15: =Субсидии!B16 -> 187931.17 | I15: =Субсидии!C16 -> 8958.6 | J15: =I15/H15*100 -> 4.7669581 | K15: ='Субвенции '!B18 -> 664321.1 | L15: ='Субвенции '!C18 -> 150180.19 | M15: =L15/K15*100 -> 22.606566 | N15: =Иные!B16 -> 1330 | O15: =Иные!C16 -> 0 | P15: =O15/N15*100 -> 0
A16: Воскресенский | B16: =E16+H16+K16+N16 -> 177826.65 | C16: =F16+I16+L16+O16 -> 34005.342 | D16: =C16/B16*100 -> 19.122748 | E16: =Дотации!B16 -> 39777.6 | F16: =Дотации!C16 -> 9447 | G16: =F16/E16*100 -> 23.749547 | H16: =Субсидии!B17 -> 18752.154 | I16: =Субсидии!C17 -> 1943.1 | J16: =I16/H16*100 -> 10.36201 | K16: ='Субвенции '!B19 -> 114496.9 | L16: ='Субвенции '!C19 -> 22615.242 | M16: =L16/K16*100 -> 19.751838 | N16: =Иные!B17 -> 4800 | O16: =Иные!C17 -> 0 | P16: =O16/N16*100 -> 0
A17: Дергачевский | B17: =E17+H17+K17+N17 -> 365184.36 | C17: =F17+I17+L17+O17 -> 67262.521 | D17: =C17/B17*100 -> 18.418785 | E17: =Дотации!B17 -> 92678.3 | F17: =Дотации!C17 -> 21999 | G17: =F17/E17*100 -> 23.736948 | H17: =Субсидии!B18 -> 29065.461 | I17: =Субсидии!C18 -> 1163.1 | J17: =I17/H17*100 -> 4.0016568 | K17: ='Субвенции '!B20 -> 191365.2 | L17: ='Субвенции '!C20 -> 44100.421 | M17: =L17/K17*100 -> 23.045162 | N17: =Иные!B18 -> 52075.4 | O17: =Иные!C18 -> 0 | P17: =O17/N17*100 -> 0
A18: Духовницкий | B18: =E18+H18+K18+N18 -> 162442.61 | C18: =F18+I18+L18+O18 -> 39234.637 | D18: =C18/B18*100 -> 24.152923 | E18: =Дотации!B18 -> 31397.5 | F18: =Дотации!C18 -> 11958 | G18: =F18/E18*100 -> 38.085835 | H18: =Субсидии!B19 -> 18935.206 | I18: =Субсидии!C19 -> 1962.7 | J18: =I18/H18*100 -> 10.365348 | K18: ='Субвенции '!B21 -> 108599.8 | L18: ='Субвенции '!C21 -> 25313.937 | M18: =L18/K18*100 -> 23.309377 | N18: =Иные!B19 -> 3510.1 | O18: =Иные!C19 -> 0 | P18: =O18/N18*100 -> 0
A19: Екатериновский | B19: =E19+H19+K19+N19 -> 262273.48 | C19: =F19+I19+L19+O19 -> 61325.833 | D19: =C19/B19*100 -> 23.3824 | E19: =Дотации!B19 -> 43582.2 | F19: =Дотации!C19 -> 14350 | G19: =F19/E19*100 -> 32.926286 | H19: =Субсидии!B20 -> 32543.378 | I19: =Субсидии!C20 -> 2026.9 | J19: =I19/H19*100 -> 6.2283024 | K19: ='Субвенции '!B22 -> 184496.6 | L19: ='Субвенции '!C22 -> 44948.933 | M19: =L19/K19*100 -> 24.363014 | N19: =Иные!B20 -> 1651.3 | O19: =Иные!C20 -> 0 | P19: =O19/N19*100 -> 0
A20: Ершовский | B20: =E20+H20+K20+N20 -> 591240.15 | C20: =F20+I20+L20+O20 -> 113609.96 | D20: =C20/B20*100 -> 19.215535 | E20: =Дотации!B20 -> 124147.2 | F20: =Дотации!C20 -> 32984 | G20: =F20/E20*100 -> 26.568461 | H20: =Субсидии!B21 -> 50943.85 | I20: =Субсидии!C21 -> 3949.7 | J20: =I20/H20*100 -> 7.7530458 | K20: ='Субвенции '!B23 -> 379180.5 | L20: ='Субвенции '!C23 -> 76676.256 | M20: =L20/K20*100 -> 20.221572 | N20: =Иные!B21 -> 36968.6 | O20: =Иные!C21 -> 0 | P20: =O20/N20*100 -> 0
A21: Ивантеевский | B21: =E21+H21+K21+N21 -> 296422.68 | C21: =F21+I21+L21+O21 -> 57590.633 | D21: =C21/B21*100 -> 19.428552 | E21: =Дотации!B21 -> 65481.4 | F21: =Дотации!C21 -> 15552 | G21: =F21/E21*100 -> 23.750256 | H21: =Субсидии!B22 -> 37069.776 | I21: =Субсидии!C22 -> 2268.1 | J21: =I21/H21*100 -> 6.1184616 | K21: ='Субвенции '!B24 -> 187723.8 | L21: ='Субвенции '!C24 -> 39770.533 | M21: =L21/K21*100 -> 21.185663 | N21: =Иные!B22 -> 6147.7 | O21: =Иные!C22 -> 0 | P21: =O21/N21*100 -> 0
A22: Калининский | B22: =E22+H22+K22+N22 -> 424651.17 | C22: =F22+I22+L22+O22 -> 78889.791 | D22: =C22/B22*100 -> 18.577552 | E22: =Дотации!B22 -> 77843 | F22: =Дотации!C22 -> 21486 | G22: =F22/E22*100 -> 27.601711 | H22: =Субсидии!B23 -> 59383.572 | I22: =Субсидии!C23 -> 2841.5 | J22: =I22/H22*100 -> 4.7849934 | K22: ='Субвенции '!B25 -> 276996.2 | L22: ='Субвенции '!C25 -> 54562.291 | M22: =L22/K22*100 -> 19.697848 | N22: =Иные!B23 -> 10428.4 | O22: =Иные!C23 -> 0 | P22: =O22/N22*100 -> 0
A23: Красноармейский | B23: =E23+H23+K23+N23 -> 541762.8 | C23: =F23+I23+L23+O23 -> 110271.37 | D23: =C23/B23*100 -> 20.354179 | E23: =Дотации!B23 -> 153452.6 | F23: =Дотации!C23 -> 36444 | G23: =F23/E23*100 -> 23.749353 | H23: =Субсидии!B24 -> 57678.001 | I23: =Субсидии!C24 -> 3154.2 | J23: =I23/H23*100 -> 5.4686361 | K23: ='Субвенции '!B26 -> 329702.2 | L23: ='Субвенции '!C26 -> 70673.17 | M23: =L23/K23*100 -> 21.435456 | N23: =Иные!B24 -> 930 | O23: =Иные!C24 -> 0 | P23: =O23/N23*100 -> 0
A24: Краснокутский | B24: =E24+H24+K24+N24 -> 467380 | C24: =F24+I24+L24+O24 -> 79223.051 | D24: =C24/B24*100 -> 16.950458 | E24: =Дотации!B24 -> 96993.2 | F24: =Дотации!C24 -> 23037 | G24: =F24/E24*100 -> 23.75115 | H24: =Субсидии!B25 -> 78724.8 | I24: =Субсидии!C25 -> 3270.6 | J24: =I24/H24*100 -> 4.1544723 | K24: ='Субвенции '!B27 -> 290922 | L24: ='Субвенции '!C27 -> 52915.451 | M24: =L24/K24*100 -> 18.188879 | N24: =Иные!B25 -> 740 | O24: =Иные!C25 -> 0 | P24: =O24/N24*100 -> 0
... A38: Самойловский | B38: =E38+H38+K38+N38 -> 465005.4 | C38: =F38+I38+L38+O38 -> 60554.728 | D38: =C38/B38*100 -> 13.022371 | E38: =Дотации!B38 -> 55338.9 | F38: =Дотации!C38 -> 13143 | G38: =F38/E38*100 -> 23.75002 | H38: =Субсидии!B39 -> 247018.3 | I38: =Субсидии!C39 -> 2623.9 | J38: =I38/H38*100 -> 1.062229 | K38: ='Субвенции '!B41 -> 162598.2 | L38: ='Субвенции '!C41 -> 44787.828 | M38: =L38/K38*100 -> 27.545095 | N38: =Иные!B39 -> 50 | O38: =Иные!C39 -> 0 | P38: =O38/N38*100 -> 0
A39: Саратовский | B39: =E39+H39+K39+N39 -> 513104.35 | C39: =F39+I39+L39+O39 -> 86330.992 | D39: =C39/B39*100 -> 16.825231 | E39: =Дотации!B39 -> 0 | F39: =Дотации!C39 -> 0 | H39: =Субсидии!B40 -> 130103.45 | I39: =Субсидии!C40 -> 3546.5 | J39: =I39/H39*100 -> 2.7259076 | K39: ='Субвенции '!B42 -> 381722.5 | L39: ='Субвенции '!C42 -> 82784.492 | M39: =L39/K39*100 -> 21.687087 | N39: =Иные!B40 -> 1278.4 | O39: =Иные!C40 -> 0 | P39: =O39/N39*100 -> 0
A40: Советский | B40: =E40+H40+K40+N40 -> 268383.85 | C40: =F40+I40+L40+O40 -> 50316.742 | D40: =C40/B40*100 -> 18.748051 | E40: =Дотации!B40 -> 52361 | F40: =Дотации!C40 -> 12435 | G40: =F40/E40*100 -> 23.748592 | H40: =Субсидии!B41 -> 34423.552 | I40: =Субсидии!C41 -> 2280 | J40: =I40/H40*100 -> 6.6233723 | K40: ='Субвенции '!B43 -> 178449.3 | L40: ='Субвенции '!C43 -> 35601.742 | M40: =L40/K40*100 -> 19.95062 | N40: =Иные!B41 -> 3150 | O40: =Иные!C41 -> 0 | P40: =O40/N40*100 -> 0
A41: Татищевский | B41: =E41+H41+K41+N41 -> 373977.15 | C41: =F41+I41+L41+O41 -> 52993.053 | D41: =C41/B41*100 -> 14.170131 | E41: =Дотации!B41 -> 10141.2 | F41: =Дотации!C41 -> 2409 | H41: =Субсидии!B42 -> 42129.654 | I41: =Субсидии!C42 -> 3385.3 | J41: =I41/H41*100 -> 8.0354327 | K41: ='Субвенции '!B44 -> 236177.4 | L41: ='Субвенции '!C44 -> 47198.753 | M41: =L41/K41*100 -> 19.98445 | N41: =Иные!B42 -> 85528.9 | O41: =Иные!C42 -> 0 | P41: =O41/N41*100 -> 0
A42: Турковский | B42: =E42+H42+K42+N42 -> 194734.07 | C42: =F42+I42+L42+O42 -> 39136.68 | D42: =C42/B42*100 -> 20.0975 | E42: =Дотации!B42 -> 60651.6 | F42: =Дотации!C42 -> 14499 | G42: =F42/E42*100 -> 23.905387 | H42: =Субсидии!B43 -> 26597.667 | I42: =Субсидии!C43 -> 1414.6 | J42: =I42/H42*100 -> 5.3185115 | K42: ='Субвенции '!B45 -> 105609.3 | L42: ='Субвенции '!C45 -> 23223.08 | M42: =L42/K42*100 -> 21.989616 | N42: =Иные!B43 -> 1875.5 | O42: =Иные!C43 -> 0 | P42: =O42/N42*100 -> 0
A43: Федоровский | B43: =E43+H43+K43+N43 -> 277901.8 | C43: =F43+I43+L43+O43 -> 61670.19 | D43: =C43/B43*100 -> 22.19136 | E43: =Дотации!B43 -> 76156.5 | F43: =Дотации!C43 -> 18087 | G43: =F43/E43*100 -> 23.749778 | H43: =Субсидии!B44 -> 25407.802 | I43: =Субсидии!C44 -> 1922.7 | J43: =I43/H43*100 -> 7.5673605 | K43: ='Субвенции '!B46 -> 172255.6 | L43: ='Субвенции '!C46 -> 41660.49 | M43: =L43/K43*100 -> 24.185275 | N43: =Иные!B44 -> 4081.9 | O43: =Иные!C44 -> 0 | P43: =O43/N43*100 -> 0
A44: Хвалынский | B44: =E44+H44+K44+N44 -> 293659.66 | C44: =F44+I44+L44+O44 -> 57747.307 | D44: =C44/B44*100 -> 19.664706 | E44: =Дотации!B44 -> 81768.4 | F44: =Дотации!C44 -> 19419 | G44: =F44/E44*100 -> 23.748783 | H44: =Субсидии!B45 -> 22193.057 | I44: =Субсидии!C45 -> 2431.1 | J44: =I44/H44*100 -> 10.954327 | K44: ='Субвенции '!B47 -> 172425.3 | L44: ='Субвенции '!C47 -> 35897.207 | M44: =L44/K44*100 -> 20.818991 | N44: =Иные!B45 -> 17272.9 | O44: =Иные!C45 -> 0 | P44: =O44/N44*100 -> 0
A45: Энгельсский | B45: =E45+H45+K45+N45 -> 3418906.8 | C45: =F45+I45+L45+O45 -> 689469.21 | D45: =C45/B45*100 -> 20.166365 | E45: =Дотации!B45 -> 203551.3 | F45: =Дотации!C45 -> 48342 | H45: =Субсидии!B46 -> 1093942.3 | I45: =Субсидии!C46 -> 251088.4 | J45: =I45/H45*100 -> 22.952618 | K45: ='Субвенции '!B48 -> 1957403.4 | L45: ='Субвенции '!C48 -> 390038.81 | M45: =L45/K45*100 -> 19.926338 | N45: =Иные!B46 -> 164009.8 | O45: =Иные!C46 -> 0 | P45: =O45/N45*100 -> 0
A46: Городские округа области: | B46: =E46+H46+K46+N46 -> 10231229 | C46: =F46+I46+L46+O46 -> 1286843.8 | D46: =C46/B46*100 -> 12.577607 | E46: =Дотации!B46 -> 288106.5 | F46: =Дотации!C46 -> 55234 | G46: =F46/E46*100 -> 19.171383 | H46: =Субсидии!B47 -> 4048337.3 | I46: =Субсидии!C47 -> 40851.9 | J46: =I46/H46*100 -> 1.0091032 | K46: ='Субвенции '!B49 -> 5379781.9 | L46: ='Субвенции '!C49 -> 1114757.9 | M46: =L46/K46*100 -> 20.721246 | N46: =Иные!B47 -> 515002.9 | O46: =Иные!C47 -> 76000 | P46: =O46/N46*100 -> 14.757198
A47: г. Саратов | B47: =E47+H47+K47+N47 -> 9775671.5 | C47: =F47+I47+L47+O47 -> 1201694.7 | D47: =C47/B47*100 -> 12.292707 | E47: =Дотации!B47 -> 39454.9 | F47: =Дотации!C47 -> 9372 | G47: =F47/E47*100 -> 23.753704 | H47: =Субсидии!B48 -> 4029918.2 | I47: =Субсидии!C48 -> 39201.6 | J47: =I47/H47*100 -> 0.97276417 | K47: ='Субвенции '!B50 -> 5194855.5 | L47: ='Субвенции '!C50 -> 1077121.1 | M47: =L47/K47*100 -> 20.73438 | N47: =Иные!B48 -> 511442.9 | O47: =Иные!C48 -> 76000 | P47: =O47/N47*100 -> 14.859919
A48: п. Михайловский | B48: =E48+H48+K48+N48 -> 81797.7 | C48: =F48+I48+L48+O48 -> 11191.567 | D48: =C48/B48*100 -> 13.682007 | E48: =Дотации!B48 -> 48941.2 | F48: =Дотации!C48 -> 5808 | G48: =F48/E48*100 -> 11.867302 | H48: =Субсидии!B49 -> 2840.2 | I48: =Субсидии!C49 -> 243.5 | J48: =I48/H48*100 -> 8.5733399 | K48: ='Субвенции '!B51 -> 26696.3 | L48: ='Субвенции '!C51 -> 5140.0667 | M48: =L48/K48*100 -> 19.253854 | N48: =Иные!B49 -> 3320 | O48: =Иные!C49 -> 0 | P48: =O48/N48*100 -> 0
A49: ЗАТО Светлый | B49: =E49+H49+K49+N49 -> 231086.5 | C49: =F49+I49+L49+O49 -> 50999.831 | D49: =C49/B49*100 -> 22.069585 | E49: =Дотации!B49 -> 123309.1 | F49: =Дотации!C49 -> 29797 | G49: =F49/E49*100 -> 24.164478 | H49: =Субсидии!B50 -> 8175.8 | I49: =Субсидии!C50 -> 919.4 | J49: =I49/H49*100 -> 11.245383 | K49: ='Субвенции '!B52 -> 99521.6 | L49: ='Субвенции '!C52 -> 20283.431 | M49: =L49/K49*100 -> 20.380933 | N49: =Иные!B50 -> 80 | O49: =Иные!C50 -> 0 | P49: =O49/N49*100 -> 0
A50: г. Шиханы | B50: =E50+H50+K50+N50 -> 142672.9 | C50: =F50+I50+L50+O50 -> 22957.675 | D50: =C50/B50*100 -> 16.091125 | E50: =Дотации!B50 -> 76401.3 | F50: =Дотации!C50 -> 10257 | G50: =F50/E50*100 -> 13.425164 | H50: =Субсидии!B51 -> 7403.1 | I50: =Субсидии!C51 -> 487.4 | J50: =I50/H50*100 -> 6.5837284 | K50: ='Субвенции '!B53 -> 58708.5 | L50: ='Субвенции '!C53 -> 12213.275 | M50: =L50/K50*100 -> 20.803248 | N50: =Иные!B51 -> 160 | O50: =Иные!C51 -> 0 | P50: =O50/N50*100 -> 0
A51: Поселения: | B51: =E51+H51+K51+N51 -> 1203641.2 | C51: =F51+I51+L51+O51 -> 10924.931 | D51: =C51/B51*100 -> 0.90765681 | E51: 0 | F51: 0 | G51: 0 | H51: =Субсидии!B52 -> 698306.6 | I51: =Субсидии!C52 -> 3521.8 | J51: =I51/H51*100 -> 0.50433434 | K51: ='Субвенции '!B54 -> 44111 | L51: ='Субвенции '!C54 -> 7403.1313 | M51: =L51/K51*100 -> 16.78296 | N51: =Иные!B52 -> 461223.6 | O51: =Иные!C52 -> 0 | P51: =O51/N51*100 -> 0
A52: Александрово-Гайское муниципальное образование Александрово-Гайского муниципального района | B52: =E52+H52+K52+N52 -> 5963.7 | C52: =F52+I52+L52+O52 -> 137.1 | D52: =C52/B52*100 -> 2.2989084 | H52: =Субсидии!B53 -> 5262.6 | I52: =Субсидии!C53 -> 0 | J52: =I52/H52*100 -> 0 | K52: ='Субвенции '!B55 -> 701.1 | L52: ='Субвенции '!C55 -> 137.1 | M52: =L52/K52*100 -> 19.554985
A53: Новоалександровское муниципальное образование Александрово-Гайского муниципального района | B53: =E53+H53+K53+N53 -> 593.5 | C53: =F53+I53+L53+O53 -> 13.5 | D53: =C53/B53*100 -> 2.274642 | H53: =Субсидии!B54 -> 500 | I53: =Субсидии!C54 -> 0 | J53: =I53/H53*100 -> 0 | K53: ='Субвенции '!B56 -> 93.5 | L53: ='Субвенции '!C56 -> 13.5 | M53: =L53/K53*100 -> 14.438503
A54: г. Аркадак муниципальное образование Аркадакского муниципального района | B54: =E54+H54+K54+N54 -> 7024.1 | C54: =F54+I54+L54+O54 -> 112.7 | D54: =C54/B54*100 -> 1.604476 | H54: =Субсидии!B55 -> 6402.2 | I54: =Субсидии!C55 -> 0 | J54: =I54/H54*100 -> 0 | K54: ='Субвенции '!B57 -> 621.9 | L54: ='Субвенции '!C57 -> 112.7 | M54: =L54/K54*100 -> 18.121885 | N54: =Иные!B53 -> 0 | O54: =Иные!C53 -> 0
A55: Большежуравское муниципальное образование Аркадакского муниципального района | B55: =E55+H55+K55+N55 -> 82.9 | C55: =F55+I55+L55+O55 -> 17.6 | D55: =C55/B55*100 -> 21.230398 | K55: ='Субвенции '!B58 -> 82.9 | L55: ='Субвенции '!C58 -> 17.6 | M55: =L55/K55*100 -> 21.230398
A56: Краснознаменское муниципальное образование Аркадакского муниципального района | B56: =E56+H56+K56+N56 -> 582.9 | C56: =F56+I56+L56+O56 -> 17.62386 | D56: =C56/B56*100 -> 3.0234792 | H56: =Субсидии!B56 -> 500 | I56: =Субсидии!C56 -> 0 | K56: ='Субвенции '!B59 -> 82.9 | L56: ='Субвенции '!C59 -> 17.62386 | M56: =L56/K56*100 -> 21.25918
A57: Львовское муниципальное образование Аркадакского муниципального района | B57: =E57+H57+K57+N57 -> 82.9 | C57: =F57+I57+L57+O57 -> 17.62386 | D57: =C57/B57*100 -> 21.25918 | K57: ='Субвенции '!B60 -> 82.9 | L57: ='Субвенции '!C60 -> 17.62386 | M57: =L57/K57*100 -> 21.25918
A58: Малиновское муниципальное образование Аркадакского муниципального района | B58: =E58+H58+K58+N58 -> 82.9 | C58: =F58+I58+L58+O58 -> 17.62386 | D58: =C58/B58*100 -> 21.25918 | K58: ='Субвенции '!B61 -> 82.9 | L58: ='Субвенции '!C61 -> 17.62386 | M58: =L58/K58*100 -> 21.25918
A59: Росташовское муниципальное образование Аркадакского муниципального района | B59: =E59+H59+K59+N59 -> 207.3 | C59: =F59+I59+L59+O59 -> 44.05968 | D59: =C59/B59*100 -> 21.254067 | K59: ='Субвенции '!B62 -> 207.3 | L59: ='Субвенции '!C62 -> 44.05968 | M59: =L59/K59*100 -> 21.254067
A60: Семеновское муниципальное образование Аркадакского муниципального района | B60: =E60+H60+K60+N60 -> 82.9 | C60: =F60+I60+L60+O60 -> 17.62387 | D60: =C60/B60*100 -> 21.259192 | K60: ='Субвенции '!B63 -> 82.9 | L60: ='Субвенции '!C63 -> 17.62387 | M60: =L60/K60*100 -> 21.259192
A61: Муниципальное образование город Аткарск Аткарского муниципального района | B61: =E61+H61+K61+N61 -> 10528.5 | C61: =F61+I61+L61+O61 -> 105.9 | D61: =C61/B61*100 -> 1.0058413 | H61: =Субсидии!B57 -> 10528.5 | I61: =Субсидии!C57 -> 105.9 | J61: =I61/H61*100 -> 1.0058413
A62: Барановское муниципальное образование Аткарского муниципального района | B62: =E62+H62+K62+N62 -> 317.1 | C62: =F62+I62+L62+O62 -> 12.52363 | D62: =C62/B62*100 -> 3.949426 | H62: =Субсидии!B58 -> 234.2 | I62: =Субсидии!C58 -> 0 | J62: =I62/H62*100 -> 0 | K62: ='Субвенции '!B64 -> 82.9 | L62: ='Субвенции '!C64 -> 12.52363 | M62: =L62/K62*100 -> 15.106912
A63: Большеекатериновское муниципальное образование Аткарского муниципального района | B63: =E63+H63+K63+N63 -> 0 | C63: =F63+I63+L63+O63 -> 0 | H63: =Субсидии!B59 -> 0 | I63: =Субсидии!C59 -> 0 | K63: ='Субвенции '!B65 -> 0 | L63: ='Субвенции '!C65 -> 0
A64: Даниловское муниципальное образование Аткарского муниципального района | B64: =E64+H64+K64+N64 -> 979.3 | C64: =F64+I64+L64+O64 -> 51.7255 | D64: =C64/B64*100 -> 5.281885 | H64: =Субсидии!B60 -> 772 | I64: =Субсидии!C60 -> 18.1 | J64: =I64/H64*100 -> 2.3445596 | K64: ='Субвенции '!B66 -> 207.3 | L64: ='Субвенции '!C66 -> 33.6255 | M64: =L64/K64*100 -> 16.220695
A65: Ершовское муниципальное образование Аткарского муниципального района | B65: =E65+H65+K65+N65 -> 221.6 | C65: =F65+I65+L65+O65 -> 13.29686 | D65: =C65/B65*100 -> 6.0003881 | H65: =Субсидии!B61 -> 138.7 | I65: =Субсидии!C61 -> 0 | J65: =I65/H65*100 -> 0 | K65: ='Субвенции '!B67 -> 82.9 | L65: ='Субвенции '!C67 -> 13.29686 | M65: =L65/K65*100 -> 16.039638
A66: Кочетовское муниципальное образование Аткарского муниципального района | B66: =E66+H66+K66+N66 -> 321.6 | C66: =F66+I66+L66+O66 -> 49.3252 | D66: =C66/B66*100 -> 15.337438 | H66: =Субсидии!B62 -> 114.3 | I66: =Субсидии!C62 -> 17.5 | J66: =I66/H66*100 -> 15.310586 | K66: ='Субвенции '!B68 -> 207.3 | L66: ='Субвенции '!C68 -> 31.8252 | M66: =L66/K66*100 -> 15.352243
A67: Лопуховское муниципальное образование Аткарского муниципального района | B67: =E67+H67+K67+N67 -> 151.2 | C67: =F67+I67+L67+O67 -> 23.55341 | D67: =C67/B67*100 -> 15.577652 | H67: =Субсидии!B63 -> 68.3 | I67: =Субсидии!C63 -> 10.8 | J67: =I67/H67*100 -> 15.812592 | K67: ='Субвенции '!B69 -> 82.9 | L67: ='Субвенции '!C69 -> 12.75341 | M67: =L67/K67*100 -> 15.384089
A68: Озерное муниципальное образование Аткарского муниципального района | B68: =E68+H68+K68+N68 -> 116.7 | C68: =F68+I68+L68+O68 -> 17.95342 | D68: =C68/B68*100 -> 15.38425 | H68: =Субсидии!B64 -> 33.8 | I68: =Субсидии!C64 -> 5.2 | J68: =I68/H68*100 -> 15.384615 | K68: ='Субвенции '!B70 -> 82.9 | L68: ='Субвенции '!C70 -> 12.75342 | M68: =L68/K68*100 -> 15.384101
A69: Песчанское муниципальное образование Аткарского муниципального района | B69: =E69+H69+K69+N69 -> 0 | C69: =F69+I69+L69+O69 -> 0 | H69: =Субсидии!B65 -> 0 | I69: =Субсидии!C65 -> 0 | K69: ='Субвенции '!B71 -> 0 | L69: ='Субвенции '!C71 -> 0
A70: Петровское муниципальное образование Аткарского муниципального района | B70: =E70+H70+K70+N70 -> 0 | C70: =F70+I70+L70+O70 -> 0 | H70: =Субсидии!B66 -> 0 | I70: =Субсидии!C66 -> 0 | K70: ='Субвенции '!B72 -> 0 | L70: ='Субвенции '!C72 -> 0
A71: Тургеневское муниципальное образование Аткарского муниципального района | B71: =E71+H71+K71+N71 -> 0 | C71: =F71+I71+L71+O71 -> 0 | H71: =Субсидии!B67 -> 0 | I71: =Субсидии!C67 -> 0 | K71: ='Субвенции '!B73 -> 0 | L71: ='Субвенции '!C73 -> 0
A72: Языковское муниципальное образование Аткарского муниципального района | B72: =E72+H72+K72+N72 -> 0 | C72: =F72+I72+L72+O72 -> 0 | H72: =Субсидии!B68 -> 0 | I72: =Субсидии!C68 -> 0 | K72: ='Субвенции '!B74 -> 0 | L72: ='Субвенции '!C74 -> 0
A73: Алексеевское муниципальное образование Базарно-Карабулакского муниципального района | B73: =E73+H73+K73+N73 -> 207.3 | C73: =F73+I73+L73+O73 -> 33.9 | D73: =C73/B73*100 -> 16.353111 | K73: ='Субвенции '!B75 -> 207.3 | L73: ='Субвенции '!C75 -> 33.9 | M73: =L73/K73*100 -> 16.353111
A74: Базарно-Карабулакское муниципальное образование Базарно-Карабулакского муниципального района | B74: =E74+H74+K74+N74 -> 8769.978 | C74: =F74+I74+L74+O74 -> 160.4 | D74: =C74/B74*100 -> 1.828967 | H74: =Субсидии!B69 -> 8769.978 | I74: =Субсидии!C69 -> 160.4 | J74: =I74/H74*100 -> 1.828967 | N74: =Иные!B54 -> 0 | O74: =Иные!C54 -> 0 | P74: =Иные!D54 -> 0
A75: Большечечуйское муниципальное образование Базарно-Карабулакского муниципального района | B75: =E75+H75+K75+N75 -> 82.9 | C75: =F75+I75+L75+O75 -> 16.98656 | D75: =C75/B75*100 -> 20.490422 | K75: ='Субвенции '!B76 -> 82.9 | L75: ='Субвенции '!C76 -> 16.98656 | M75: =L75/K75*100 -> 20.490422
A76: Вязовское муниципальное образование Базарно-Карабулакского муниципального района | B76: =E76+H76+K76+N76 -> 0 | C76: =F76+I76+L76+O76 -> 0 | K76: ='Субвенции '!B77 -> 0 | L76: ='Субвенции '!C77 -> 0
A77: Липовское муниципальное образование Базарно-Карабулакского муниципального района | B77: =E77+H77+K77+N77 -> 207.3 | C77: =F77+I77+L77+O77 -> 34.27948 | D77: =C77/B77*100 -> 16.53617 | K77: ='Субвенции '!B78 -> 207.3 | L77: ='Субвенции '!C78 -> 34.27948 | M77: =L77/K77*100 -> 16.53617
A78: Максимовское муниципальное образование Базарно-Карабулакского муниципального района | B78: =E78+H78+K78+N78 -> 307.3 | C78: =F78+I78+L78+O78 -> 33.87312 | D78: =C78/B78*100 -> 11.022818 | H78: =Субсидии!B70 -> 100 | I78: =Субсидии!C70 -> 0 | K78: ='Субвенции '!B79 -> 207.3 | L78: ='Субвенции '!C79 -> 33.87312 | M78: =L78/K78*100 -> 16.340145
A79: Свободинское муниципальное образование Базарно-Карабулакского муниципального района | B79: =E79+H79+K79+N79 -> 707.3 | C79: =F79+I79+L79+O79 -> 34.37679 | D79: =C79/B79*100 -> 4.8602842 | H79: =Субсидии!B71 -> 500 | I79: =Субсидии!C71 -> 0 | K79: ='Субвенции '!B80 -> 207.3 | L79: ='Субвенции '!C80 -> 34.37679 | M79: =L79/K79*100 -> 16.583111 | N79: =Иные!B56 -> 0 | O79: =Иные!C56 -> 0 | P79: =Иные!D56 -> 0
A80: Старобурасское муниципальное образование Базарно-Карабулакского муниципального района | B80: =E80+H80+K80+N80 -> 82.9 | C80: =F80+I80+L80+O80 -> 16.98656 | D80: =C80/B80*100 -> 20.490422 | K80: ='Субвенции '!B81 -> 82.9 | L80: ='Субвенции '!C81 -> 16.98656 | M80: =L80/K80*100 -> 20.490422
A81: Старожуковское муниципальное образование Базарно-Карабулакского муниципального района | B81: =E81+H81+K81+N81 -> 207.3 | C81: =F81+I81+L81+O81 -> 35.947 | D81: =C81/B81*100 -> 17.340569 | H81: =Субсидии!B72 -> 0 | I81: =Субсидии!C72 -> 0 | K81: ='Субвенции '!B82 -> 207.3 | L81: ='Субвенции '!C82 -> 35.947 | M81: =L81/K81*100 -> 17.340569
A82: Тепляковское муниципальное образование Базарно-Карабулакского муниципального района | B82: =E82+H82+K82+N82 -> 0 | C82: =F82+I82+L82+O82 -> 0 | K82: ='Субвенции '!B83 -> 0 | L82: ='Субвенции '!C83 -> 0
A83: Хватовское муниципальное образование Базарно-Карабулакского муниципального района | B83: =E83+H83+K83+N83 -> 0 | C83: =F83+I83+L83+O83 -> 0 | K83: ='Субвенции '!B84 -> 0 | L83: ='Субвенции '!C84 -> 0
A84: Шняевское муниципальное образование Базарно-Карабулакского муниципального района | B84: =E84+H84+K84+N84 -> 82.9 | C84: =F84+I84+L84+O84 -> 16.98656 | D84: =C84/B84*100 -> 20.490422 | K84: ='Субвенции '!B85 -> 82.9 | L84: ='Субвенции '!C85 -> 16.98656 | M84: =L84/K84*100 -> 20.490422
A85: Яковлевское муниципальное образование Базарно-Карабулакского муниципального района | B85: =E85+H85+K85+N85 -> 207.3 | C85: =F85+I85+L85+O85 -> 32.08522 | D85: =C85/B85*100 -> 15.477675 | K85: ='Субвенции '!B86 -> 207.3 | L85: ='Субвенции '!C86 -> 32.08522 | M85: =L85/K85*100 -> 15.477675
A86: муниципальное образование г. Балаково Балаковского муниципального района | B86: =E86+H86+K86+N86 -> 79898.2 | C86: =F86+I86+L86+O86 -> 480.3 | D86: =C86/B86*100 -> 0.60113995 | H86: =Субсидии!B73 -> 79698.2 | I86: =Субсидии!C73 -> 480.3 | J86: =I86/H86*100 -> 0.60264849 | N86: =Иные!B55 -> 200 | O86: =Иные!C55 -> 0 | P86: =O86/N86*100 -> 0
A87: Быково-Отрогское муниципальное образование Балаковского муниципального района | B87: =E87+H87+K87+N87 -> 2020.4 | C87: =F87+I87+L87+O87 -> 81.22353 | D87: =C87/B87*100 -> 4.0201708 | H87: =Субсидии!B75 -> 1605.8 | I87: =Субсидии!C75 -> 0 | J87: =I87/H87*100 -> 0 | K87: ='Субвенции '!B87 -> 414.6 | L87: ='Субвенции '!C87 -> 81.22353 | M87: =L87/K87*100 -> 19.590818
A88: Натальинское муниципальное образование Балаковского муниципального района | B88: =E88+H88+K88+N88 -> 5021.308 | C88: =F88+I88+L88+O88 -> 32.32159 | D88: =C88/B88*100 -> 0.64368866 | H88: =Субсидии!B74 -> 4814.008 | I88: =Субсидии!C74 -> 0 | K88: ='Субвенции '!B88 -> 207.3 | L88: ='Субвенции '!C88 -> 32.32159 | M88: =L88/K88*100 -> 15.591698
A89: Муниципальное образование город Балашов Балашовского муниципального района | B89: =E89+H89+K89+N89 -> 130622 | C89: =F89+I89+L89+O89 -> 0 | D89: =C89/B89*100 -> 0 | H89: =Субсидии!B76 -> 30622 | I89: =Субсидии!C76 -> 0 | J89: =I89/H89*100 -> 0 | N89: =Иные!B57 -> 100000
A90: Барковское муниципальное образование Балашовского муниципального района | B90: =E90+H90+K90+N90 -> 82.9 | C90: =F90+I90+L90+O90 -> 18.97381 | D90: =C90/B90*100 -> 22.887587 | K90: ='Субвенции '!B89 -> 82.9 | L90: ='Субвенции '!C89 -> 18.97381 | M90: =L90/K90*100 -> 22.887587
A91: Большемеликское муниципальное образование Балашовского муниципального района | B91: =E91+H91+K91+N91 -> 207.3 | C91: =F91+I91+L91+O91 -> 35.17657 | D91: =C91/B91*100 -> 16.968919 | K91: ='Субвенции '!B90 -> 207.3 | L91: ='Субвенции '!C90 -> 35.17657 | M91: =L91/K91*100 -> 16.968919
A92: Лесновское муниципальное образование Балашовского муниципального района | B92: =E92+H92+K92+N92 -> 582.9 | C92: =F92+I92+L92+O92 -> 13.99818 | D92: =C92/B92*100 -> 2.401472 | H92: =Субсидии!B77 -> 500 | I92: =Субсидии!C77 -> 0 | J92: =I92/H92*100 -> 0 | K92: ='Субвенции '!B91 -> 82.9 | L92: ='Субвенции '!C91 -> 13.99818 | M92: =L92/K92*100 -> 16.885621
A93: Малосеменовское муниципальное образование Балашовского муниципального района | B93: =E93+H93+K93+N93 -> 82.9 | C93: =F93+I93+L93+O93 -> 12.89818 | D93: =C93/B93*100 -> 15.558721 | K93: ='Субвенции '!B92 -> 82.9 | L93: ='Субвенции '!C92 -> 12.89818 | M93: =L93/K93*100 -> 15.558721
A94: Новопокровское муниципальное образование Балашовского муниципального района | B94: =E94+H94+K94+N94 -> 82.9 | C94: =F94+I94+L94+O94 -> 13.9989 | D94: =C94/B94*100 -> 16.88649 | K94: ='Субвенции '!B93 -> 82.9 | L94: ='Субвенции '!C93 -> 13.9989 | M94: =L94/K94*100 -> 16.88649
A95: Октябрьское муниципальное образование Балашовского муниципального района | B95: =E95+H95+K95+N95 -> 207.3 | C95: =F95+I95+L95+O95 -> 34.8116 | D95: =C95/B95*100 -> 16.792861 | K95: ='Субвенции '!B94 -> 207.3 | L95: ='Субвенции '!C94 -> 34.8116 | M95: =L95/K95*100 -> 16.792861
A96: Пинеровское муниципальное образование Балашовского муниципального района | B96: =E96+H96+K96+N96 -> 207.3 | C96: =F96+I96+L96+O96 -> 34.77932 | D96: =C96/B96*100 -> 16.777289 | K96: ='Субвенции '!B95 -> 207.3 | L96: ='Субвенции '!C95 -> 34.77932 | M96: =L96/K96*100 -> 16.777289 | N96: =Иные!B58 -> 0 | O96: =Иные!C58 -> 0 | P96: =Иные!D58 -> 0
A97: Первомайское муниципальное образование Балашовского муниципального района | B97: =E97+H97+K97+N97 -> 207.3 | C97: =F97+I97+L97+O97 -> 34.01997 | D97: =C97/B97*100 -> 16.410984 | H97: =Субсидии!B78 -> 0 | K97: ='Субвенции '!B96 -> 207.3 | L97: ='Субвенции '!C96 -> 34.01997 | M97: =L97/K97*100 -> 16.410984
A98: Репинское муниципальное образование Балашовского муниципального района | B98: =E98+H98+K98+N98 -> 207.3 | C98: =F98+I98+L98+O98 -> 37.98868 | D98: =C98/B98*100 -> 18.325461 | K98: ='Субвенции '!B97 -> 207.3 | L98: ='Субвенции '!C97 -> 37.98868 | M98: =L98/K98*100 -> 18.325461
A99: Родничковское муниципальное образование Балашовского муниципального района | B99: =E99+H99+K99+N99 -> 207.3 | C99: =F99+I99+L99+O99 -> 35.5829 | D99: =C99/B99*100 -> 17.16493 | H99: =Субсидии!B79 -> 0 | I99: =Субсидии!C79 -> 0 | K99: ='Субвенции '!B98 -> 207.3 | L99: ='Субвенции '!C98 -> 35.5829 | M99: =L99/K99*100 -> 17.16493
A100: Соцземледельское муниципальное образование Балашовского муниципального района | B100: =E100+H100+K100+N100 -> 207.3 | C100: =F100+I100+L100+O100 -> 34.83275 | D100: =C100/B100*100 -> 16.803063 | H100: =Субсидии!B80 -> 0 | I100: =Субсидии!C80 -> 0 | K100: ='Субвенции '!B99 -> 207.3 | L100: ='Субвенции '!C99 -> 34.83275 | M100: =L100/K100*100 -> 16.803063
A101: Старохоперское муниципальное образование Балашовского муниципального района | B101: =E101+H101+K101+N101 -> 82.9 | C101: =F101+I101+L101+O101 -> 13.56488 | D101: =C101/B101*100 -> 16.362943 | K101: ='Субвенции '!B100 -> 82.9 | L101: ='Субвенции '!C100 -> 13.56488 | M101: =L101/K101*100 -> 16.362943
A102: Терновское муниципальное образование Балашовского муниципального района | B102: =E102+H102+K102+N102 -> 207.3 | C102: =F102+I102+L102+O102 -> 31.61105 | D102: =C102/B102*100 -> 15.248939 | H102: =Субсидии!B81 -> 0 | I102: =Субсидии!C81 -> 0 | K102: ='Субвенции '!B101 -> 207.3 | L102: ='Субвенции '!C101 -> 31.61105 | M102: =L102/K102*100 -> 15.248939
A103: Тростянское муниципальное образование Балашовского муниципального района | B103: =E103+H103+K103+N103 -> 207.3 | C103: =F103+I103+L103+O103 -> 33.94164 | D103: =C103/B103*100 -> 16.373198 | K103: ='Субвенции '!B102 -> 207.3 | L103: ='Субвенции '!C102 -> 33.94164 | M103: =L103/K103*100 -> 16.373198
A104: Хоперское муниципальное образование Балашовского муниципального района | B104: =E104+H104+K104+N104 -> 207.3 | C104: =F104+I104+L104+O104 -> 35.58292 | D104: =C104/B104*100 -> 17.16494 | K104: ='Субвенции '!B103 -> 207.3 | L104: ='Субвенции '!C103 -> 35.58292 | M104: =L104/K104*100 -> 17.16494
A105: Балтайское муниципальное образование Балтайского муниципального района | B105: =E105+H105+K105+N105 -> 1234.1 | C105: =F105+I105+L105+O105 -> 37.04002 | D105: =C105/B105*100 -> 3.0013791 | H105: =Субсидии!B82 -> 1026.8 | I105: =Субсидии!C82 -> 0 | J105: =I105/H105*100 -> 0 | K105: ='Субвенции '!B104 -> 207.3 | L105: ='Субвенции '!C104 -> 37.04002 | M105: =L105/K105*100 -> 17.867834
A106: Барнуковское муниципальное образование Балтайского муниципального района | B106: =E106+H106+K106+N106 -> 82.9 | C106: =F106+I106+L106+O106 -> 7.96992 | D106: =C106/B106*100 -> 9.6138963 | K106: ='Субвенции '!B105 -> 82.9 | L106: ='Субвенции '!C105 -> 7.96992 | M106: =L106/K106*100 -> 9.6138963
A107: Большеозерское муниципальное образование Балтайского муниципального района | B107: =E107+H107+K107+N107 -> 582.9 | C107: =F107+I107+L107+O107 -> 18.41829 | D107: =C107/B107*100 -> 3.1597684 | H107: =Субсидии!B83 -> 500 | I107: =Субсидии!C83 -> 0 | J107: =I107/H107*100 -> 0 | K107: ='Субвенции '!B106 -> 82.9 | L107: ='Субвенции '!C106 -> 18.41829 | M107: =L107/K107*100 -> 22.217479
A108: Царевщинское муниципальное образование Балтайского муниципального района | B108: =E108+H108+K108+N108 -> 207.3 | C108: =F108+I108+L108+O108 -> 34.31478 | D108: =C108/B108*100 -> 16.553198 | K108: ='Субвенции '!B107 -> 207.3 | L108: ='Субвенции '!C107 -> 34.31478 | M108: =L108/K108*100 -> 16.553198
A109: муниципальное образование г. Вольск Вольского муниципального района | B109: =E109+H109+K109+N109 -> 43849.3 | C109: =F109+I109+L109+O109 -> 0 | D109: =C109/B109*100 -> 0 | H109: =Субсидии!B84 -> 43849.3 | I109: =Субсидии!C84 -> 0 | J109: =I109/H109*100 -> 0 | N109: =Иные!B60 -> 0
A110: Барановское муниципальное образование Вольского муниципального района | B110: =E110+H110+K110+N110 -> 161.4 | C110: =F110+I110+L110+O110 -> 30.84825 | D110: =C110/B110*100 -> 19.112918 | H110: =Субсидии!B85 -> 78.5 | I110: =Субсидии!C85 -> 18.1 | J110: =I110/H110*100 -> 23.057325 | K110: ='Субвенции '!B108 -> 82.9 | L110: ='Субвенции '!C108 -> 12.74825 | M110: =L110/K110*100 -> 15.377865
A111: Белогорновское муниципальное образование Вольского муниципального района | B111: =E111+H111+K111+N111 -> 300.4 | C111: =F111+I111+L111+O111 -> 44.74924 | D111: =C111/B111*100 -> 14.896551 | H111: =Субсидии!B86 -> 217.5 | I111: =Субсидии!C86 -> 32 | J111: =I111/H111*100 -> 14.712644 | K111: ='Субвенции '!B109 -> 82.9 | L111: ='Субвенции '!C109 -> 12.74924 | M111: =L111/K111*100 -> 15.379059
A112: Верхнечернавское муниципальное образование Вольского муниципального района | B112: =E112+H112+K112+N112 -> 167.1 | C112: =F112+I112+L112+O112 -> 32.64925 | D112: =C112/B112*100 -> 19.538749 | H112: =Субсидии!B87 -> 84.2 | I112: =Субсидии!C87 -> 19.9 | J112: =I112/H112*100 -> 23.634204 | K112: ='Субвенции '!B110 -> 82.9 | L112: ='Субвенции '!C110 -> 12.74925 | M112: =L112/K112*100 -> 15.379071
A113: Колоярское муниципальное образование Вольского муниципального района | B113: =E113+H113+K113+N113 -> 179.3 | C113: =F113+I113+L113+O113 -> 21.83786 | D113: =C113/B113*100 -> 12.179509 | H113: =Субсидии!B89 -> 96.4 | I113: =Субсидии!C89 -> 13.7 | J113: =I113/H113*100 -> 14.211618 | K113: ='Субвенции '!B111 -> 82.9 | L113: ='Субвенции '!C111 -> 8.13786 | M113: =L113/K113*100 -> 9.8164777
A114: Кряжимское муниципальное образование Вольского муниципального района | B114: =E114+H114+K114+N114 -> 234.3 | C114: =F114+I114+L114+O114 -> 34.64924 | D114: =C114/B114*100 -> 14.788408 | H114: =Субсидии!B88 -> 151.4 | I114: =Субсидии!C88 -> 21.9 | J114: =I114/H114*100 -> 14.464993 | K114: ='Субвенции '!B112 -> 82.9 | L114: ='Субвенции '!C112 -> 12.74924 | M114: =L114/K114*100 -> 15.379059
...

Sheet Дотации
A1: Сведения о предоставлении из бюджета Саратовской области межбюджетных трансфертов местным бюджетам за I квартал 2019 года
R3: тыс.рублей
A4: Наименование муниципальных образований | B4: Дотации, всего
E5: дотации, связанные с особым режимом безопасного функционирования закрытых административно-территориальных образований | H5: в целях обеспечения сбалансированности бюджетов городских округов Шиханы и Михайловский | K5: на выравнивание бюджетной обеспеченности поселений области | N5: на выравнивание бюджетной обеспеченности муниципальных районов (городских округов) области | Q5: на поддержку мер по обеспечению сбалансированности бюджетов
B6: утвержденные бюджетные назначения* | C6: исполнено | D6: % исполнения | E6: утвержденные бюджетные назначения* | F6: исполнено | G6: % исполнения | H6: утвержденные бюджетные назначения* | I6: исполнено | J6: % исполнения | K6: утвержденные бюджетные назначения* | L6: исполнено | M6: % исполнения | N6: утвержденные бюджетные назначения* | O6: исполнено | P6: % исполнения | Q6: утвержденные бюджетные назначения* | R6: исполнено | S6: % исполнения
A7: Муниципальные районы области: | B7: =SUM(B8:B45) -> 3380545.8 | C7: =SUM(C8:C45) -> 889433.5 | D7: =C7/B7*100 -> 26.310352 | N7: =SUM(N8:N45) -> 3153960.4 | O7: =SUM(O8:O45) -> 835622.5 | P7: =O7/N7*100 -> 26.494388 | Q7: =SUM(Q8:Q45) -> 226585.4 | R7: =SUM(R8:R45) -> 53811 | S7: =R7/Q7*100 -> 23.748662
A8: Александрово-Гайский | B8: =E8++H8+K8+N8+Q8 -> 74007.1 | C8: =F8+L8+O8+R8 -> 22332.4 | D8: =C8/B8*100 -> 30.176024 | N8: 58579.3 | O8: 18669.4 | P8: =O8/N8*100 -> 31.870302 | Q8: 15427.8 | R8: 3663 | S8: =R8/Q8*100 -> 23.742854
A9: Аркадакский | B9: =E9++H9+K9+N9+Q9 -> 83945.8 | C9: =F9+L9+O9+R9 -> 19938 | D9: =C9/B9*100 -> 23.751039 | N9: 83945.8 | O9: 19938 | P9: =O9/N9*100 -> 23.751039
A10: Аткарский | B10: =E10++H10+K10+N10+Q10 -> 120799.1 | C10: =F10+L10+O10+R10 -> 28689 | D10: =C10/B10*100 -> 23.749349 | N10: 120799.1 | O10: 28689 | P10: =O10/N10*100 -> 23.749349
A11: Базарно-Карабулакский | B11: =E11++H11+K11+N11+Q11 -> 113822 | C11: =F11+L11+O11+R11 -> 31033 | D11: =C11/B11*100 -> 27.264501 | N11: 96405.2 | O11: 26896 | P11: =O11/N11*100 -> 27.89891 | Q11: 17416.8 | R11: 4137 | S11: =R11/Q11*100 -> 23.752928
A12: Балаковский | B12: =E12++H12+K12+N12+Q12 -> 0 | C12: =F12+L12+O12+R12 -> 0
A13: Балашовский | B13: =E13++H13+K13+N13+Q13 -> 170300.6 | C13: =F13+L13+O13+R13 -> 53946 | D13: =C13/B13*100 -> 31.676929 | N13: 170300.6 | O13: 53946 | P13: =O13/N13*100 -> 31.676929
A14: Балтайский | B14: =E14++H14+K14+N14+Q14 -> 49008.3 | C14: =F14+L14+O14+R14 -> 14940 | D14: =C14/B14*100 -> 30.484632 | N14: 42061.7 | O14: 13290 | P14: =O14/N14*100 -> 31.59644 | Q14: 6946.6 | R14: 1650 | S14: =R14/Q14*100 -> 23.752627
A15: Вольский | B15: =E15++H15+K15+N15+Q15 -> 91813.9 | C15: =F15+L15+O15+R15 -> 31807 | D15: =C15/B15*100 -> 34.642903 | N15: 91813.9 | O15: 31807 | P15: =O15/N15*100 -> 34.642903
A16: Воскресенский | B16: =E16++H16+K16+N16+Q16 -> 39777.6 | C16: =F16+L16+O16+R16 -> 9447 | D16: =C16/B16*100 -> 23.749547 | N16: 39777.6 | O16: 9447 | P16: =O16/N16*100 -> 23.749547
A17: Дергачевский | B17: =E17++H17+K17+N17+Q17 -> 92678.3 | C17: =F17+L17+O17+R17 -> 21999 | D17: =C17/B17*100 -> 23.736948 | N17: 92678.3 | O17: 21999 | P17: =O17/N17*100 -> 23.736948
A18: Духовницкий | B18: =E18++H18+K18+N18+Q18 -> 31397.5 | C18: =F18+L18+O18+R18 -> 11958 | D18: =C18/B18*100 -> 38.085835 | N18: 31397.5 | O18: 11958 | P18: =O18/N18*100 -> 38.085835
A19: Екатериновский | B19: =E19++H19+K19+N19+Q19 -> 43582.2 | C19: =F19+L19+O19+R19 -> 14350 | D19: =C19/B19*100 -> 32.926286 | N19: 33685.8 | O19: 12001 | P19: =O19/N19*100 -> 35.626288 | Q19: 9896.4 | R19: 2349 | S19: =R19/Q19*100 -> 23.735904
A20: Ершовский | B20: =E20++H20+K20+N20+Q20 -> 124147.2 | C20: =F20+L20+O20+R20 -> 32984 | D20: =C20/B20*100 -> 26.568461 | N20: 110817.1 | O20: 29819 | P20: =O20/N20*100 -> 26.908302 | Q20: 13330.1 | R20: 3165 | S20: =R20/Q20*100 -> 23.743258
A21: Ивантеевский | B21: =E21++H21+K21+N21+Q21 -> 65481.4 | C21: =F21+L21+O21+R21 -> 15552 | D21: =C21/B21*100 -> 23.750256 | N21: 11496.1 | O21: 2730 | P21: =O21/N21*100 -> 23.747184 | Q21: 53985.3 | R21: 12822 | S21: =R21/Q21*100 -> 23.75091
A22: Калининский | B22: =E22++H22+K22+N22+Q22 -> 77843 | C22: =F22+L22+O22+R22 -> 21486 | D22: =C22/B22*100 -> 27.601711 | N22: 73155.5 | O22: 20373 | P22: =O22/N22*100 -> 27.848897 | Q22: 4687.5 | R22: 1113 | S22: =R22/Q22*100 -> 23.744
A23: Красноармейский | B23: =E23++H23+K23+N23+Q23 -> 153452.6 | C23: =F23+L23+O23+R23 -> 36444 | D23: =C23/B23*100 -> 23.749353 | N23: 153452.6 | O23: 36444 | P23: =O23/N23*100 -> 23.749353
A24: Краснокутский | B24: =E24++H24+K24+N24+Q24 -> 96993.2 | C24: =F24+L24+O24+R24 -> 23037 | D24: =C24/B24*100 -> 23.75115 | N24: 96993.2 | O24: 23037 | P24: =O24/N24*100 -> 23.75115
A25: Краснопартизанский | B25: =E25++H25+K25+N25+Q25 -> 54276 | C25: =F25+L25+O25+R25 -> 15379.8 | D25: =C25/B25*100 -> 28.336281 | N25: 54276 | O25: 15379.8 | P25: =O25/N25*100 -> 28.336281
A26: Лысогорский | B26: =E26++H26+K26+N26+Q26 -> 73469.6 | C26: =F26+L26+O26+R26 -> 23130 | D26: =C26/B26*100 -> 31.482409 | N26: 71865.4 | O26: 22749 | P26: =O26/N26*100 -> 31.655011 | Q26: 1604.2 | R26: 381 | S26: =R26/Q26*100 -> 23.750156
A27: Марксовский | B27: =E27++H27+K27+N27+Q27 -> 204437.4 | C27: =F27+L27+O27+R27 -> 63555 | D27: =C27/B27*100 -> 31.087756 | N27: 204437.4 | O27: 63555 | P27: =O27/N27*100 -> 31.087756
A28: Новобурасский | B28: =E28++H28+K28+N28+Q28 -> 97899 | C28: =F28+L28+O28+R28 -> 28850 | D28: =C28/B28*100 -> 29.469147 | N28: 71990.6 | O28: 22697 | P28: =O28/N28*100 -> 31.527727 | Q28: 25908.4 | R28: 6153 | S28: =R28/Q28*100 -> 23.749054
A29: Новоузенский | B29: =E29++H29+K29+N29+Q29 -> 159277.1 | C29: =F29+L29+O29+R29 -> 37943 | D29: =C29/B29*100 -> 23.822006 | N29: 159277.1 | O29: 37943 | P29: =O29/N29*100 -> 23.822006
A30: Озинский | B30: =E30++H30+K30+N30+Q30 -> 96161.9 | C30: =F30+L30+O30+R30 -> 25839 | D30: =C30/B30*100 -> 26.870309 | N30: 96161.9 | O30: 25839 | P30: =O30/N30*100 -> 26.870309
A31: Перелюбский | B31: =E31++H31+K31+N31+Q31 -> 41846.6 | C31: =F31+L31+O31+R31 -> 13931.3 | D31: =C31/B31*100 -> 33.291355 | N31: 39625.6 | O31: 13403.3 | P31: =O31/N31*100 -> 33.824851 | Q31: 2221 | R31: 528 | S31: =R31/Q31*100 -> 23.773075
A32: Петровский | B32: =E32++H32+K32+N32+Q32 -> 167118.3 | C32: =F32+L32+O32+R32 -> 39693 | D32: =C32/B32*100 -> 23.751438 | N32: 150436.9 | O32: 35730 | P32: =O32/N32*100 -> 23.750822 | Q32: 16681.4 | R32: 3963 | S32: =R32/Q32*100 -> 23.756999
A33: Питерский | B33: =E33++H33+K33+N33+Q33 -> 71067.6 | C33: =F33+L33+O33+R33 -> 16878 | D33: =C33/B33*100 -> 23.749219 | N33: 65849.4 | O33: 15639 | P33: =O33/N33*100 -> 23.749647 | Q33: 5218.2 | R33: 1239 | S33: =R33/Q33*100 -> 23.74382
A34: Пугачевский | B34: =E34++H34+K34+N34+Q34 -> 164638 | C34: =F34+L34+O34+R34 -> 39102 | D34: =C34/B34*100 -> 23.750289 | N34: 164638 | O34: 39102 | P34: =O34/N34*100 -> 23.750289
A35: Ровенский | B35: =E35++H35+K35+N35+Q35 -> 87115.5 | C35: =F35+L35+O35+R35 -> 20691 | D35: =C35/B35*100 -> 23.751227 | N35: 87115.5 | O35: 20691 | P35: =O35/N35*100 -> 23.751227
A36: Романовский | B36: =E36++H36+K36+N36+Q36 -> 55354.8 | C36: =F36+L36+O36+R36 -> 13186 | D36: =C36/B36*100 -> 23.820879 | N36: 53407.5 | O36: 12724 | P36: =O36/N36*100 -> 23.824369 | Q36: 1947.3 | R36: 462 | S36: =R36/Q36*100 -> 23.725158
A37: Ртищевский | B37: =E37++H37+K37+N37+Q37 -> 138865.3 | C37: =F37+L37+O37+R37 -> 32979 | D37: =C37/B37*100 -> 23.748914 | N37: 105262.6 | O37: 24999 | P37: =O37/N37*100 -> 23.749176 | Q37: 33602.7 | R37: 7980 | S37: =R37/Q37*100 -> 23.748092
A38: Самойловский | B38: =E38++H38+K38+N38+Q38 -> 55338.9 | C38: =F38+L38+O38+R38 -> 13143 | D38: =C38/B38*100 -> 23.75002 | N38: 43838.8 | O38: 10413 | P38: =O38/N38*100 -> 23.752931 | Q38: 11500.1 | R38: 2730 | S38: =R38/Q38*100 -> 23.738924
A39: Саратовский | B39: =E39++H39+K39+N39+Q39 -> 0 | C39: =F39+L39+O39+R39 -> 0
A40: Советский | B40: =E40++H40+K40+N40+Q40 -> 52361 | C40: =F40+L40+O40+R40 -> 12435 | D40: =C40/B40*100 -> 23.748592 | N40: 52361 | O40: 12435 | P40: =O40/N40*100 -> 23.748592
A41: Татищевский | B41: =E41++H41+K41+N41+Q41 -> 10141.2 | C41: =F41+L41+O41+R41 -> 2409 | D41: =C41/B41*100 -> 23.754585 | N41: 10141.2 | O41: 2409
A42: Турковский | B42: =E42++H42+K42+N42+Q42 -> 60651.6 | C42: =F42+L42+O42+R42 -> 14499 | D42: =C42/B42*100 -> 23.905387 | N42: 54440 | O42: 13023 | P42: =O42/N42*100 -> 23.921749 | Q42: 6211.6 | R42: 1476 | S42: =R42/Q42*100 -> 23.761994
A43: Федоровский | B43: =E43++H43+K43+N43+Q43 -> 76156.5 | C43: =F43+L43+O43+R43 -> 18087 | D43: =C43/B43*100 -> 23.749778 | N43: 76156.5 | O43: 18087 | P43: =O43/N43*100 -> 23.749778
A44: Хвалынский | B44: =E44++H44+K44+N44+Q44 -> 81768.4 | C44: =F44+L44+O44+R44 -> 19419 | D44: =C44/B44*100 -> 23.748783 | N44: 81768.4 | O44: 19419 | P44: =O44/N44*100 -> 23.748783 | Q44: 0 | R44: 0
A45: Энгельсский | B45: =E45++H45+K45+N45+Q45 -> 203551.3 | C45: =F45+L45+O45+R45 -> 48342 | D45: =C45/B45*100 -> 23.749296 | N45: 203551.3 | O45: 48342 | Q45: 0 | R45: 0
A46: Городские округа области: | B46: =SUM(B47:B50) -> 288106.5 | C46: =SUM(C47:C50) -> 55234 | D46: =C46/B46*100 -> 19.171383 | E46: =SUM(E47:E50) -> 41021 | F46: =SUM(F47:F50) -> 10255 | G46: =F46/E46*100 -> 24.999391 | H46: =SUM(H47:H50) -> 57696 | I46: =SUM(I47:I50) -> 14424.1 | J46: =I46/H46*100 -> 25.000173 | K46: =SUM(K47:K50) -> 40443.5 | L46: =SUM(L47:L50) -> 9606 | M46: =L46/K46*100 -> 23.751654 | N46: =SUM(N47:N50) -> 130909.3 | O46: =SUM(O47:O50) -> 31089 | P46: =O46/N46*100 -> 23.748504 | Q46: =SUM(Q47:Q50) -> 18036.7 | R46: =SUM(R47:R50) -> 4284 | S46: =R46/Q46*100 -> 23.751573
A47: г. Саратов | B47: =E47+H47+K47+N47+Q47 -> 39454.9 | C47: =F47+L47+O47+R47 -> 9372 | D47: =C47/B47*100 -> 23.753704 | K47: 39454.9 | L47: 9372 | M47: =L47/K47*100 -> 23.753704 | N47: 0 | O47: 0 | Q47: 0 | R47: 0
A48: п. Михайловский | B48: =E48+H48+K48+N48+Q48 -> 48941.2 | C48: =F48+L48+O48+R48 -> 5808 | D48: =C48/B48*100 -> 11.867302 | H48: 24489 | I48: 6122.3 | J48: =I48/H48*100 -> 25.000204 | K48: 123.3 | L48: 30 | M48: =L48/K48*100 -> 24.3309 | N48: 21361.5 | O48: 5073 | P48: =O48/N48*100 -> 23.748332 | Q48: 2967.4 | R48: 705 | S48: =R48/Q48*100 -> 23.758172
A49: ЗАТО Светлый | B49: =E49+H49+K49+N49+Q49 -> 123309.1 | C49: =F49+L49+O49+R49 -> 29797 | D49: =C49/B49*100 -> 24.164478 | E49: 41021 | F49: 10255 | G49: =F49/E49*100 -> 24.999391 | K49: 598.5 | L49: 141 | M49: =L49/K49*100 -> 23.558897 | N49: 81689.6 | O49: 19401 | P49: =O49/N49*100 -> 23.749657 | Q49: 0 | R49: 0
A50: г. Шиханы | B50: =E50+H50+K50+N50+Q50 -> 76401.3 | C50: =F50+L50+O50+R50 -> 10257 | D50: =C50/B50*100 -> 13.425164 | H50: 33207 | I50: 8301.8 | J50: =I50/H50*100 -> 25.000151 | K50: 266.8 | L50: 63 | M50: =L50/K50*100 -> 23.613193 | N50: 27858.2 | O50: 6615 | P50: =O50/N50*100 -> 23.745253 | Q50: 15069.3 | R50: 3579 | S50: =R50/Q50*100 -> 23.750274
A51: Остаток средств к распределению**
A52: ИТОГО | B52: =E52+H52+K52+N52+Q52 -> 3668652.3 | C52: =F52+I52+L52+O52+R52 -> 959091.6 | D52: =C52/B52*100 -> 26.142886 | E52: =E48+E49+E50 -> 41021 | F52: =F48+F49+F50 -> 10255 | G52: =F52/E52*100 -> 24.999391 | H52: =H46 -> 57696 | I52: =I46 -> 14424.1 | J52: =I52/H52*100 -> 25.000173 | K52: =K46 -> 40443.5 | L52: =L46 -> 9606 | M52: =L52/K52*100 -> 23.751654 | N52: =N46+N7 -> 3284869.7 | O52: =O46+O7 -> 866711.5 | P52: =O52/N52*100 -> 26.384958 | Q52: =Q46+Q7 -> 244622.1 | R52: =R46+R7 -> 58095 | S52: =R52/Q52*100 -> 23.748876
A54: * в соответствии с Законом Саратовской области «Об областном бюджете на 2019 год и на плановый период 2020 и 2021 годов» в редакции от 29.03.2019 года
A55: ** заполняется, если в законе о бюджете утверждена общая сумма межбюджетного трансферта, но отсутствует распределение по муниципальным образованиям

Sheet Субсидии
AV1: Продолжение таблицы | BT1: Продолжение таблицы | CR1: Продолжение таблицы | DG1: Продолжение таблицы
B2: Сведения о предоставлении из бюджета Саратовской области межбюджетных трансфертов местным бюджетам за I квартал 2019 года | Z2: Сведения о предоставлении из бюджета Саратовской области межбюджетных трансфертов местным бюджетам за I квартал 2019 года | AX2: Сведения о предоставлении из бюджета Саратовской области межбюджетных трансфертов местным бюджетам за I квартал 2019 года | BV2: Сведения о предоставлении из бюджета Саратовской области межбюджетных трансфертов местным бюджетам за I квартал 2019 года | CT2: Сведения о предоставлении из бюджета Саратовской области межбюджетных трансфертов местным бюджетам за I квартал 2019 года
X4: тыс.рублей | AV4: тыс.рублей | BT4: тыс.рублей | CR4: тыс.рублей | DG4: тыс.рублей
A5: Наименование муниципальных образований | B5: Субсидии, всего | E5: в том числе | Z5: в том числе | AX5: в том числе | BV5: в том числе | CT5: в том числе
E6: на создание в дошкольных образовательных организациях дополнительного образования детей (в том числе в организациях, осуществляющих образовательную деятельность по адаптированным основным общеобразовательным программам) условий для получения детьми-инвалидами качественного образования | H6: на создание в организациях дополнительного образования детей, организациях дополнительного образования детей (в том числе в организациях, осуществляющих образовательную деятельность по адаптированным основным общеобразовательным программам) условий для получения детьми-инвалидами качественного образования | K6: на создание в общеобразовательных организациях, расположенных в сельской местности, условий для занятий физической культурой и спортом | N6: на реализацию мероприятий по содействию созданию (исходя из прогнозируемой потребности) новых мест в общеобразовательных организациях | Q6: на обеспечение жильем молодых семей | T6: на поддержку творческой деятельности и укрепление материально-технической базы муниципальных театров в населенных пунктах с численностью населения до 300 тысяч человек | W6: на поддержку отрасли культуры на комплектование книжных фондов муниципальных общедоступных библиотек | Z6: на поддержку отрасли культуры на подключение муниципальных общедоступных библиотек к информационно-телекоммуникационной сети «Интернет» и развитие библиотечного дела с учетом задачи расширения информационных технологий и оцифровки | AC6: на обеспечение развития и укрепления материально-технической базы домов культуры в населенных пунктах с числом жителей до 50 тысяч человек | AF6: на поддержку отрасли культуры на государственную поддержку лучших сельских учреждений культуры | AI6: на поддержку отрасли культуры на государственную поддержку лучших работников сельских учреждений культуры | AL6: на строительство и реконструкцию малобюджетных физкультурно-спортивных объектов шаговой доступности, плоскостных сооружений | AO6: на обеспечение деятельности муниципальных бизнес-инкубаторов | AR6: бюджетам городских округов области на обеспечение капитального ремонта, ремонта и содержания автомобильных дорог общего пользования местного значения за счет средств областного дорожного фонда | AU6: бюджетам городских округов области на осуществление дорожной деятельности в отношении автомобильных дорог общего пользования местного значения Саратовской агломерации в границах городских округов области в рамках приоритетного проекта «Безопасные и качественные дороги» за счет средств областного дорожного фонда | AX6: на комплексное обустройство населенных пунктов, расположенных в сельской местности, объектами социальной, инженерной инфраструктуры и автомобильными дорогами | BA6: бюджетам поселений области на обеспечение капитального ремонта, ремонта и содержания автомобильных дорог общего пользования местного значения городских поселений области за счет средств областного дорожного фонда | BD6: бюджетам муниципальных районов области на капитальный ремонт, ремонт и содержание автомобильных дорог общего пользования местного значения за счет средств областного дорожного фонда | BG6: на обеспечение повышения оплаты труда некоторых категорий работников муниципальных учреждений | BJ6: на реализацию проектов развития муниципальных образований области, основанных на местных инициативах | BM6: на поддержку муниципальных программ формирования современной городской среды | BP6: на развитие сети плоскостных спортивных сооружений в сельской местности | BS6: на обеспечение сохранения достигнутых показателей повышения оплаты труда отдельных категорий работников бюджетной сферы | BV6: на выполнение расходных обязательств, связанных с погашением просроченной кредиторской задолженности, образовавшейся по состоянию на 1 января 2018 года, по уплате начислений на выплаты по оплате труда, налогов, по оказанию мер социальной поддержки населения, по оплате коммунальных услуг и исполнительных листов | BY6: на оснащение объектов спортивной инфраструктуры спортивно-технологическим оборудованием | CB6: на обновление материально-технической базы для формирования у обучающихся современных технологических и гуманитарных навыков | CE6: на реализацию регионального проекта (программы) в целях выполнения задач федерального проекта «Жилье» (стимулирование программ развития жилищного строительства) | CH6: бюджетам муниципальных районов области на обеспечение прироста протяженности сети автомобильных дорог общего пользования местного значения, соответствующих нормативным требованиям, за счет средств областного дорожного фонда строительства) | CK6: бюджетам городских округов области на достижение целевых показателей, предусматривающих развитие и увеличение пропускной способности сети автомобильных дорог общего пользования местного значения за счет средств областного дорожного фонда | CN6: бюджетам городских округов области на приобретение дорожно-эксплуатационной техники, необходимой для выполнения комплекса работ по поддержанию надлежащего технического состояния автомобильных дорог общего пользования местного значения, за счет средств областного дорожного фонда | CQ6: бюджетам поселений области на развитие материально-технической базы для организации осуществления полномочий органами местного самоуправления | CT6: бюджетам муниципальных районов и городских округов области на модернизацию инфраструктуры общего образования в отдельных субъектах Российской Федерации | CW6: бюджетам муниципальных районов и городских округов области на создание дополнительных мест для детей в возрасте от 1,5 до 3 лет в образовательных организациях, осуществляющих образовательную деятельность по образовательным программам дошкольного образования | CZ6: бюджетам муниципальных районов области на реализацию мероприятий по ремонту домов системы социального обслуживания граждан муниципального специализированного жилищного фонда, предоставляемых для проживания отдельных категорий граждан ,а также благоустройство прилегающих территорий | DC6: на поддержку отрасли культуры на создание и модернизацию учреждений культурно-досугового типа в сельской местности | DF6: на поддержку отрасли культуры на создание многофункциональных мобильных культурных центров
B7: утвержденные бюджетные назначения | C7: исполнено | D7: % исполнения | E7: утвержденные бюджетные назначения* | F7: исполнено | G7: % исполнения | H7: утвержденные бюджетные назначения* | I7: исполнено | J7: % исполнения | K7: утвержденные бюджетные назначения* | L7: исполнено | M7: % исполнения | N7: утвержденные бюджетные назначения* | O7: исполнено | P7: % исполнения | Q7: утвержденные бюджетные назначения* | R7: исполнено | S7: % исполнения | T7: утвержденные бюджетные назначения ******* | U7: исполнено | V7: % исполнения | W7: утвержденные бюджетные назначения ******* | X7: исполнено | Y7: % исполнения | Z7: утвержденные бюджетные назначения ******* | AA7: исполнено | AB7: % исполнения | AC7: утвержденные бюджетные назначения ******* | AD7: исполнено | AE7: % исполнения | AF7: утвержденные бюджетные назначения ******* | AG7: исполнено | AH7: % исполнения | AI7: утвержденные бюджетные назначения ******* | AJ7: исполнено | AK7: % исполнения | AL7: утвержденные бюджетные назначения* | AM7: исполнено | AN7: % исполнения | AO7: утвержденные бюджетные назначения* | AP7: исполнено | AQ7: % исполнения | AR7: утвержденные бюджетные назначения* | AS7: исполнено | AT7: % исполнения | AU7: утвержденные бюджетные назначения* | AV7: исполнено | AW7: % исполнения | AX7: уточненный бюджет***** | AY7: исполнено | AZ7: % исполнения | BA7: утвержденные бюджетные назначения* | BB7: исполнено | BC7: % исполнения | BD7: утвержденные бюджетные назначения* | BE7: исполнено | BF7: % исполнения | BG7: утвержденные бюджетные назначения* | BH7: исполнено | BI7: % исполнения | BJ7: утвержденные бюджетные назначения* | BK7: исполнено | BL7: % исполнения | BM7: утвержденные бюджетные назначения**** | BN7: исполнено | BO7: % исполнения | BP7: утвержденные бюджетные назначения****** | BQ7: исполнено | BR7: % исполнения | BS7: утвержденные бюджетные назначения* | BT7: исполнено | BU7: % исполнения | BV7: утвержденные бюджетные назначения* | BW7: исполнено | BX7: % исполнения | BY7: утвержденные бюджетные назначения* | BZ7: исполнено | CA7: % исполнения | CB7: утвержденные бюджетные назначения* | CC7: исполнено | CD7: % исполнения | CE7: утвержденные бюджетные назначения* | CF7: исполнено | CG7: % исполнения | CH7: утвержденные бюджетные назначения* | CI7: исполнено | CJ7: % исполнения | CK7: утвержденные бюджетные назначения* | CL7: исполнено | CM7: % исполнения | CN7: утвержденные бюджетные назначения* | CO7: исполнено | CP7: % исполнения | CQ7: утвержденные бюджетные назначения* | CR7: исполнено | CS7: % исполнения | CT7: утвержденные бюджетные назначения** | CU7: исполнено | CV7: % исполнения | CW7: утвержденные бюджетные назначения** | CX7: исполнено | CY7: % исполнения | CZ7: утвержденные бюджетные назначения*** | DA7: исполнено | DB7: % исполнения | DC7: утвержденные бюджетные назначения ******* | DD7: исполнено | DE7: % исполнения | DF7: утвержденные бюджетные назначения ******* | DG7: исполнено | DH7: % исполнения
A8: Муниципальные районы области: | B8: =SUM(B9:B46) -> 3498961.6 | C8: =SUM(C9:C46) -> 375945.2 | D8: =C8/B8*100 -> 10.744479 | E8: =SUM(E9:E46) -> 1573 | F8: =SUM(F9:F46) -> 0 | H8: =SUM(H9:H46) -> 1573.1 | I8: =SUM(I9:I46) -> 0 | J8: =I8/H8*100 -> 0 | K8: =SUM(K9:K46) -> 18906.9 | L8: =SUM(L9:L46) -> 0 | M8: =L8/K8*100 -> 0 | N8: =SUM(N9:N46) -> 309650 | O8: =SUM(O9:O46) -> 229617 | P8: =O8/N8*100 -> 74.153722 | Q8: =SUM(Q9:Q46) -> 66271.8 | R8: =SUM(R9:R46) -> 0 | S8: =R8/Q8*100 -> 0 | T8: =SUM(T9:T46) -> 5658.4 | U8: =SUM(U9:U46) -> 0 | W8: =SUM(W9:W46) -> 830.82686 | X8: =SUM(X9:X46) -> 0 | Z8: =SUM(Z9:Z46) -> 4766.4045 | AA8: =SUM(AA9:AA46) -> 0 | AC8: =SUM(AC9:AC46) -> 37845.664 | AD8: =SUM(AD9:AD46) -> 0 | AF8: =SUM(AF9:AF46) -> 2300 | AG8: =SUM(AG9:AG46) -> 0 | AI8: =SUM(AI9:AI46) -> 1000 | AJ8: =SUM(AJ9:AJ46) -> 0 | AL8: =SUM(AL9:AL46) -> 0 | AM8: =SUM(AM9:AM46) -> 0 | AO8: =SUM(AO9:AO46) -> 5100 | AP8: =SUM(AP9:AP46) -> 0 | AQ8: =AP8/AO8*100 -> 0 | AR8: =SUM(AR9:AR46) -> 0 | AS8: =SUM(AS9:AS46) -> 0 | AU8: =SUM(AU9:AU46) -> 0 | AV8: =SUM(AV9:AV46) -> 0 | AX8: =SUM(AX9:AX46) -> 6705.6 | AY8: =SUM(AY9:AY46) -> 0 | AZ8: =AY8/AX8*100 -> 0 | BA8: =SUM(BA9:BA46) -> 0 | BB8: =SUM(BB9:BB46) -> 0 | BC8: =BB8/BA8*100 -> #DIV/0! | BD8: 300000 | BE8: =SUM(BE9:BE46) -> 0 | BF8: =BE8/BD8*100 -> 0 | BG8: =SUM(BG9:BG46) -> 358828.7 | BH8: =SUM(BH9:BH46) -> 52601.2 | BI8: =BH8/BG8*100 -> 14.65914 | BJ8: =SUM(BJ9:BJ46) -> 0 | BK8: =SUM(BK9:BK46) -> 0 | BM8: =SUM(BM9:BM46) -> 0 | BN8: =SUM(BN9:BN46) -> 0 | BP8: =SUM(BP9:BP46) -> 0 | BQ8: =SUM(BQ9:BQ46) -> 0 | BR8: =BQ8/BP8*100 -> #DIV/0! | BS8: =SUM(BS9:BS46) -> 483980 | BT8: =SUM(BT9:BT46) -> 93727 | BU8: =BT8/BS8*100 -> 19.365883 | BV8: =SUM(BV9:BV46) -> 424106.8 | BW8: =SUM(BW9:BW46) -> 0 | BX8: =BW8/BV8*100 -> 0 | BY8: =SUM(BY9:BY46) -> 25510.2 | BZ8: =SUM(BZ9:BZ46) -> 0 | CA8: =BZ8/BY8*100 -> 0 | CB8: =SUM(CB9:CB46) -> 103486.2 | CC8: =SUM(CC9:CC46) -> 0 | CD8: =CC8/CB8*100 -> 0 | CE8: =SUM(CE9:CE46) -> 0 | CF8: =SUM(CF9:CF46) -> 0 | CH8: =SUM(CH9:CH46) -> 35000 | CI8: =SUM(CI9:CI46) -> 0 | CK8: =SUM(CK9:CK46) -> 0 | CL8: =SUM(CL9:CL46) -> 0 | CN8: =SUM(CN9:CN46) -> 0 | CO8: =SUM(CO9:CO46) -> 0 | CQ8: =SUM(CQ9:CQ46) -> 0 | CR8: =SUM(CR9:CR46) -> 0 | CT8: =SUM(CT9:CT46) -> 215200 | CU8: =SUM(CU9:CU46) -> 0 | CW8: =SUM(CW9:CW46) -> 972064.3 | CX8: =SUM(CX9:CX46) -> 0 | CZ8: =SUM(CZ9:CZ46) -> 43762.7 | DA8: =SUM(DA9:DA46) -> 0 | DC8: =SUM(DC9:DC46) -> 55805.281 | DD8: =SUM(DD9:DD46) -> 0 | DF8: =SUM(DF9:DF46) -> 19035.816 | DG8: =SUM(DG9:DG46) -> 0
A9: Александрово-Гайский | B9: =E9+H9+K9+N9+Q9+T9+W9+Z9+AC9+AF9+AI9+AL9+AO9+AR9+AU9+AX9+BA9+BD9+BG9+BJ9+BM9+BP9+BS9+BV9+BY9+CB9+CE9+CH9+CK9+CN9+CQ9+CT9+CW9+CZ9+DC9+DF9 -> 49676.659 | C9: =F9+I9+L9+O9+R9+U9+X9+AA9+AD9+AG9+AJ9+AM9+AP9+AS9+AV9+AY9+BB9+BE9+BH9+BK9+BN9+BQ9+BT9+BW9+BZ9+CC9+CF9+CI9+CL9+CO9+CR9+CU9+CX9+DA9+DD9+DG9 -> 2957.6 | D9: =C9/B9*100 -> 5.9537015 | H9: 0 | I9: 0 | K9: 1400 | L9: 0 | Q9: 0 | R9: 0 | T9: 0 | U9: 0 | W9: 7.97733 | Z9: 95.328 | AF9: 100 | AZ9: =AY9/AX9*100 -> #DIV/0! | BA9: 0 | BB9: 0 | BD9: 9289.9 | BF9: =BE9/BD9*100 -> 0 | BG9: 11952.7 | BH9: 1081.9 | BI9: =BH9/BG9*100 -> 9.0515114 | BM9: 0 | BP9: 0 | BQ9: 0 | BS9: 8106 | BT9: 1875.7 | BU9: =BT9/BS9*100 -> 23.13965 | BV9: 5781.9 | CB9: 3184.2 | CH9: 4999.7 | DF9: 4758.9541
A10: Аркадакский | B10: =E10+H10+K10+N10+Q10+T10+W10+Z10+AC10+AF10+AI10+AL10+AO10+AR10+AU10+AX10+BA10+BD10+BG10+BJ10+BM10+BP10+BS10+BV10+BY10+CB10+CE10+CH10+CK10+CN10+CQ10+CT10+CW10+CZ10+DC10+DF10 -> 27454.122 | C10: =F10+I10+L10+O10+R10+U10+X10+AA10+AD10+AG10+AJ10+AM10+AP10+AS10+AV10+AY10+BB10+BE10+BH10+BK10+BN10+BQ10+BT10+BW10+BZ10+CC10+CF10+CI10+CL10+CO10+CR10+CU10+CX10+DA10+DD10+DG10 -> 2481.7 | D10: =C10/B10*100 -> 9.0394442 | H10: 0 | I10: 0 | K10: 0 | L10: 0 | Q10: 271.7 | T10: 0 | U10: 0 | W10: 11.40155 | Z10: 190.656 | AC10: 2670.364 | AF10: 100 | AI10: 50 | AX10: 0 | AY10: 0 | BA10: 0 | BB10: 0 | BD10: 7386.8 | BF10: =BE10/BD10*100 -> 0 | BG10: 6964.7 | BH10: 934.5 | BI10: =BH10/BG10*100 -> 13.417663 | BM10: 0 | BP10: 0 | BQ10: 0 | BS10: 8191 | BT10: 1547.2 | BU10: =BT10/BS10*100 -> 18.889025 | BV10: 25.4 | CB10: 1592.1
A11: Аткарский | B11: =E11+H11+K11+N11+Q11+T11+W11+Z11+AC11+AF11+AI11+AL11+AO11+AR11+AU11+AX11+BA11+BD11+BG11+BJ11+BM11+BP11+BS11+BV11+BY11+CB11+CE11+CH11+CK11+CN11+CQ11+CT11+CW11+CZ11+DC11+DF11 -> 50822.726 | C11: =F11+I11+L11+O11+R11+U11+X11+AA11+AD11+AG11+AJ11+AM11+AP11+AS11+AV11+AY11+BB11+BE11+BH11+BK11+BN11+BQ11+BT11+BW11+BZ11+CC11+CF11+CI11+CL11+CO11+CR11+CU11+CX11+DA11+DD11+DG11 -> 3782.4 | D11: =C11/B11*100 -> 7.4423399 | H11: 0 | I11: 0 | K11: 0 | L11: 0 | Q11: 330.2 | S11: =R11/Q11*100 -> 0 | T11: 0 | U11: 0 | W11: 20.56958 | Z11: 190.656 | AX11: 0 | AY11: 0 | BA11: 0 | BB11: 0 | BD11: 10975.8 | BF11: =BE11/BD11*100 -> 0 | BG11: 21075.8 | BH11: 1758.7 | BI11: =BH11/BG11*100 -> 8.3446417 | BM11: 0 | BP11: 0 | BQ11: 0 | BS11: 12550 | BT11: 2023.7 | BU11: =BT11/BS11*100 -> 16.1251 | BV11: 903.5 | CB11: 4776.2
A12: Базарно-Карабулакский | B12: =E12+H12+K12+N12+Q12+T12+W12+Z12+AC12+AF12+AI12+AL12+AO12+AR12+AU12+AX12+BA12+BD12+BG12+BJ12+BM12+BP12+BS12+BV12+BY12+CB12+CE12+CH12+CK12+CN12+CQ12+CT12+CW12+CZ12+DC12+DF12 -> 42560.538 | C12: =F12+I12+L12+O12+R12+U12+X12+AA12+AD12+AG12+AJ12+AM12+AP12+AS12+AV12+AY12+BB12+BE12+BH12+BK12+BN12+BQ12+BT12+BW12+BZ12+CC12+CF12+CI12+CL12+CO12+CR12+CU12+CX12+DA12+DD12+DG12 -> 2300.9 | D12: =C12/B12*100 -> 5.4061817 | H12: 0 | I12: 0 | K12: 1200 | M12: =L12/K12*100 -> 0 | Q12: 386.4 | S12: =R12/Q12*100 -> 0 | T12: 0 | U12: 0 | W12: 14.58156 | Z12: 190.656 | AX12: 0 | AY12: 0 | BA12: 0 | BB12: 0 | BD12: 6798.7 | BF12: =BE12/BD12*100 -> 0 | BG12: 1376.9 | BH12: 209.4 | BI12: =BH12/BG12*100 -> 15.208076 | BM12: 0 | BP12: 0 | BQ12: 0 | BS12: 9246 | BT12: 2091.5 | BU12: =BT12/BS12*100 -> 22.620593 | BV12: 20163.1 | CB12: 3184.2
A13: Балаковский | B13: =E13+H13+K13+N13+Q13+T13+W13+Z13+AC13+AF13+AI13+AL13+AO13+AR13+AU13+AX13+BA13+BD13+BG13+BJ13+BM13+BP13+BS13+BV13+BY13+CB13+CE13+CH13+CK13+CN13+CQ13+CT13+CW13+CZ13+DC13+DF13 -> 316094.95 | C13: =F13+I13+L13+O13+R13+U13+X13+AA13+AD13+AG13+AJ13+AM13+AP13+AS13+AV13+AY13+BB13+BE13+BH13+BK13+BN13+BQ13+BT13+BW13+BZ13+CC13+CF13+CI13+CL13+CO13+CR13+CU13+CX13+DA13+DD13+DG13 -> 11882.6 | D13: =C13/B13*100 -> 3.7591869 | H13: 0 | I13: 0 | Q13: 7669 | S13: =R13/Q13*100 -> 0 | T13: 0 | U13: 0 | W13: 107.99607 | Z13: 190.656 | AO13: 5100 | AQ13: =AP13/AO13*100 -> 0 | AX13: 0 | AY13: 0 | BA13: 0 | BB13: 0 | BD13: 13632.5 | BF13: =BE13/BD13*100 -> 0 | BG13: 18376 | BH13: 1960.3 | BI13: =BH13/BG13*100 -> 10.667719 | BM13: 0 | BP13: 0 | BQ13: 0 | BS13: 39689 | BT13: 9922.3 | BU13: =BT13/BS13*100 -> 25.000126 | BV13: 1529.7 | CB13: 4776.2 | CW13: 225023.9
A14: Балашовский | B14: =E14+H14+K14+N14+Q14+T14+W14+Z14+AC14+AF14+AI14+AL14+AO14+AR14+AU14+AX14+BA14+BD14+BG14+BJ14+BM14+BP14+BS14+BV14+BY14+CB14+CE14+CH14+CK14+CN14+CQ14+CT14+CW14+CZ14+DC14+DF14 -> 159953.13 | C14: =F14+I14+L14+O14+R14+U14+X14+AA14+AD14+AG14+AJ14+AM14+AP14+AS14+AV14+AY14+BB14+BE14+BH14+BK14+BN14+BQ14+BT14+BW14+BZ14+CC14+CF14+CI14+CL14+CO14+CR14+CU14+CX14+DA14+DD14+DG14 -> 8906.7 | D14: =C14/B14*100 -> 5.5683188 | H14: 0 | I14: 0 | Q14: 5484.3 | S14: =R14/Q14*100 -> 0 | T14: 5658.4 | V14: =U14/T14*100 -> 0 | W14: 54.66964 | Z14: 190.656 | AF14: 100 | AI14: 50 | AX14: 0 | AY14: 0 | BA14: 0 | BB14: 0 | BD14: 12705.2 | BF14: =BE14/BD14*100 -> 0 | BG14: 21821 | BH14: 3536.7 | BI14: =BH14/BG14*100 -> 16.207781 | BM14: 0 | BP14: 0 | BQ14: 0 | BS14: 32421 | BT14: 5370 | BU14: =BT14/BS14*100 -> 16.563339 | BV14: 74184.6 | CB14: 3184.2 | DC14: 4099.1011
A15: Балтайский | B15: =E15+H15+K15+N15+Q15+T15+W15+Z15+AC15+AF15+AI15+AL15+AO15+AR15+AU15+AX15+BA15+BD15+BG15+BJ15+BM15+BP15+BS15+BV15+BY15+CB15+CE15+CH15+CK15+CN15+CQ15+CT15+CW15+CZ15+DC15+DF15 -> 26512.48 | C15: =F15+I15+L15+O15+R15+U15+X15+AA15+AD15+AG15+AJ15+AM15+AP15+AS15+AV15+AY15+BB15+BE15+BH15+BK15+BN15+BQ15+BT15+BW15+BZ15+CC15+CF15+CI15+CL15+CO15+CR15+CU15+CX15+DA15+DD15+DG15 -> 2017.3 | D15: =C15/B15*100 -> 7.6088696 | H15: 0 | I15: 0 | T15: 0 | U15: 0 | W15: 5.75153 | Z15: 95.328 | AC15: 3100 | AF15: 100 | AI15: 50 | AX15: 0 | AY15: 0 | BA15: 0 | BB15: 0 | BD15: 2798.7 | BF15: =BE15/BD15*100 -> 0 | BG15: 4099.4 | BH15: 955.6 | BI15: =BH15/BG15*100 -> 23.310728 | BM15: 0 | BP15: 0 | BQ15: 0 | BS15: 5800 | BT15: 1061.7 | BU15: =BT15/BS15*100 -> 18.305172 | BV15: 8871.2 | CB15: 1592.1
A16: Вольский | B16: =E16+H16+K16+N16+Q16+T16+W16+Z16+AC16+AF16+AI16+AL16+AO16+AR16+AU16+AX16+BA16+BD16+BG16+BJ16+BM16+BP16+BS16+BV16+BY16+CB16+CE16+CH16+CK16+CN16+CQ16+CT16+CW16+CZ16+DC16+DF16 -> 187931.17 | C16: =F16+I16+L16+O16+R16+U16+X16+AA16+AD16+AG16+AJ16+AM16+AP16+AS16+AV16+AY16+BB16+BE16+BH16+BK16+BN16+BQ16+BT16+BW16+BZ16+CC16+CF16+CI16+CL16+CO16+CR16+CU16+CX16+DA16+DD16+DG16 -> 8958.6 | D16: =C16/B16*100 -> 4.7669581 | H16: 0 | I16: 0 | Q16: 4599.7 | S16: =R16/Q16*100 -> 0 | T16: 0 | U16: 0 | W16: 45.56138 | Z16: 190.656 | AC16: 2561.65 | AF16: 100 | AX16: 0 | AY16: 0 | BA16: 0 | BB16: 0 | BD16: 11679.3 | BF16: =BE16/BD16*100 -> 0 | BG16: 30198.2 | BH16: 3912.5 | BI16: =BH16/BG16*100 -> 12.95607 | BM16: 0 | BP16: 0 | BQ16: 0 | BS16: 20588 | BT16: 5046.1 | BU16: =BT16/BS16*100 -> 24.509909 | BV16: 17702.5 | CB16: 3184.2 | CW16: 97081.4
A17: Воскресенский | B17: =E17+H17+K17+N17+Q17+T17+W17+Z17+AC17+AF17+AI17+AL17+AO17+AR17+AU17+AX17+BA17+BD17+BG17+BJ17+BM17+BP17+BS17+BV17+BY17+CB17+CE17+CH17+CK17+CN17+CQ17+CT17+CW17+CZ17+DC17+DF17 -> 18752.154 | C17: =F17+I17+L17+O17+R17+U17+X17+AA17+AD17+AG17+AJ17+AM17+AP17+AS17+AV17+AY17+BB17+BE17+BH17+BK17+BN17+BQ17+BT17+BW17+BZ17+CC17+CF17+CI17+CL17+CO17+CR17+CU17+CX17+DA17+DD17+DG17 -> 1943.1 | D17: =C17/B17*100 -> 10.36201 | H17: 0 | I17: 0 | T17: 0 | U17: 0 | W17: 6.12558 | Z17: 95.328 | AX17: 0 | AY17: 0 | BA17: 0 | BB17: 0 | BD17: 2940.7 | BF17: =BE17/BD17*100 -> 0 | BG17: 5609.8 | BH17: 1008.3 | BI17: =BH17/BG17*100 -> 17.973903 | BM17: 0 | BP17: 0 | BQ17: 0 | BS17: 4805 | BT17: 934.8 | BU17: =BT17/BS17*100 -> 19.454735 | BV17: 3703.1 | CB17: 1592.1
A18: Дергачевский | B18: =E18+H18+K18+N18+Q18+T18+W18+Z18+AC18+AF18+AI18+AL18+AO18+AR18+AU18+AX18+BA18+BD18+BG18+BJ18+BM18+BP18+BS18+BV18+BY18+CB18+CE18+CH18+CK18+CN18+CQ18+CT18+CW18+CZ18+DC18+DF18 -> 29065.461 | C18: =F18+I18+L18+O18+R18+U18+X18+AA18+AD18+AG18+AJ18+AM18+AP18+AS18+AV18+AY18+BB18+BE18+BH18+BK18+BN18+BQ18+BT18+BW18+BZ18+CC18+CF18+CI18+CL18+CO18+CR18+CU18+CX18+DA18+DD18+DG18 -> 1163.1 | D18: =C18/B18*100 -> 4.0016568 | H18: 0 | I18: 0 | Q18: 1355.7 | S18: =R18/Q18*100 -> 0 | T18: 0 | U18: 0 | W18: 9.43285 | Z18: 95.328 | AC18: 2700 | AX18: 0 | AY18: 0 | BA18: 0 | BB18: 0 | BD18: 6162.1 | BF18: =BE18/BD18*100 -> 0 | BG18: 5610.2 | BH18: 768.9 | BI18: =BH18/BG18*100 -> 13.705394 | BM18: 0 | BP18: 0 | BQ18: 0 | BS18: 6658 | BT18: 394.2 | BU18: =BT18/BS18*100 -> 5.9206969 | BV18: 4882.6 | CB18: 1592.1
A19: Духовницкий | B19: =E19+H19+K19+N19+Q19+T19+W19+Z19+AC19+AF19+AI19+AL19+AO19+AR19+AU19+AX19+BA19+BD19+BG19+BJ19+BM19+BP19+BS19+BV19+BY19+CB19+CE19+CH19+CK19+CN19+CQ19+CT19+CW19+CZ19+DC19+DF19 -> 18935.206 | C19: =F19+I19+L19+O19+R19+U19+X19+AA19+AD19+AG19+AJ19+AM19+AP19+AS19+AV19+AY19+BB19+BE19+BH19+BK19+BN19+BQ19+BT19+BW19+BZ19+CC19+CF19+CI19+CL19+CO19+CR19+CU19+CX19+DA19+DD19+DG19 -> 1962.7 | D19: =C19/B19*100 -> 10.365348 | H19: 0 | I19: 0 | Q19: 274 | S19: =R19/Q19*100 -> 0 | T19: 0 | U19: 0 | W19: 5.97823 | Z19: 95.328 | AF19: 100 | AX19: 0 | AY19: 0 | BA19: 0 | BB19: 0 | BD19: 3634.1 | BF19: =BE19/BD19*100 -> 0 | BG19: 4963.1 | BH19: 769 | BI19: =BH19/BG19*100 -> 15.494348 | BM19: 0 | BP19: 0 | BQ19: 0 | BS19: 5865 | BT19: 1193.7 | BU19: =BT19/BS19*100 -> 20.352941 | BV19: 2405.6 | CB19: 1592.1
A20: Екатериновский | B20: =E20+H20+K20+N20+Q20+T20+W20+Z20+AC20+AF20+AI20+AL20+AO20+AR20+AU20+AX20+BA20+BD20+BG20+BJ20+BM20+BP20+BS20+BV20+BY20+CB20+CE20+CH20+CK20+CN20+CQ20+CT20+CW20+CZ20+DC20+DF20 -> 32543.378 | C20: =F20+I20+L20+O20+R20+U20+X20+AA20+AD20+AG20+AJ20+AM20+AP20+AS20+AV20+AY20+BB20+BE20+BH20+BK20+BN20+BQ20+BT20+BW20+BZ20+CC20+CF20+CI20+CL20+CO20+CR20+CU20+CX20+DA20+DD20+DG20 -> 2026.9 | D20: =C20/B20*100 -> 6.2283024 | H20: 0 | I20: 0 | Q20: 186 | S20: =R20/Q20*100 -> 0 | T20: 0 | U20: 0 | W20: 9.45037 | Z20: 95.328 | AI20: 50 | AX20: 0 | AY20: 0 | BA20: 0 | BB20: 0 | BD20: 4939 | BF20: =BE20/BD20*100 -> 0 | BG20: 5358 | BH20: 654.6 | BI20: =BH20/BG20*100 -> 12.217245 | BM20: 0 | BP20: 0 | BQ20: 0 | BS20: 9976 | BT20: 1372.3 | BU20: =BT20/BS20*100 -> 13.756014 | BV20: 8745.4 | CB20: 3184.2
A21: Ершовский | B21: =E21+H21+K21+N21+Q21+T21+W21+Z21+AC21+AF21+AI21+AL21+AO21+AR21+AU21+AX21+BA21+BD21+BG21+BJ21+BM21+BP21+BS21+BV21+BY21+CB21+CE21+CH21+CK21+CN21+CQ21+CT21+CW21+CZ21+DC21+DF21 -> 50943.85 | C21: =F21+I21+L21+O21+R21+U21+X21+AA21+AD21+AG21+AJ21+AM21+AP21+AS21+AV21+AY21+BB21+BE21+BH21+BK21+BN21+BQ21+BT21+BW21+BZ21+CC21+CF21+CI21+CL21+CO21+CR21+CU21+CX21+DA21+DD21+DG21 -> 3949.7 | D21: =C21/B21*100 -> 7.7530458 | H21: 0 | I21: 0 | Q21: 690.9 | S21: =R21/Q21*100 -> 0 | T21: 0 | U21: 0 | W21: 18.79357 | Z21: 190.656 | AI21: 50 | AX21: 0 | AY21: 0 | BA21: 0 | BB21: 0 | BD21: 9000.9 | BF21: =BE21/BD21*100 -> 0 | BG21: 16431.8 | BH21: 1867.3 | BI21: =BH21/BG21*100 -> 11.363941 | BM21: 0 | BP21: 0 | BQ21: 0 | BS21: 11239 | BT21: 2082.4 | BU21: =BT21/BS21*100 -> 18.528339 | BV21: 10137.6 | CB21: 3184.2
A22: Ивантеевский | B22: =E22+H22+K22+N22+Q22+T22+W22+Z22+AC22+AF22+AI22+AL22+AO22+AR22+AU22+AX22+BA22+BD22+BG22+BJ22+BM22+BP22+BS22+BV22+BY22+CB22+CE22+CH22+CK22+CN22+CQ22+CT22+CW22+CZ22+DC22+DF22 -> 37069.776 | C22: =F22+I22+L22+O22+R22+U22+X22+AA22+AD22+AG22+AJ22+AM22+AP22+AS22+AV22+AY22+BB22+BE22+BH22+BK22+BN22+BQ22+BT22+BW22+BZ22+CC22+CF22+CI22+CL22+CO22+CR22+CU22+CX22+DA22+DD22+DG22 -> 2268.1 | D22: =C22/B22*100 -> 6.1184616 | H22: 0 | I22: 0 | K22: 1506 | T22: 0 | U22: 0 | W22: 7.07103 | Z22: 95.328 | AC22: 2530.423 | AF22: 100 | AI22: 50 | AX22: 0 | AY22: 0 | BA22: 0 | BB22: 0 | BD22: 5176.3 | BF22: =BE22/BD22*100 -> 0 | BG22: 5008.1 | BH22: 920.7 | BI22: =BH22/BG22*100 -> 18.384218 | BM22: 0 | BP22: 0 | BQ22: 0 | BS22: 8148 | BT22: 1347.4 | BU22: =BT22/BS22*100 -> 16.536573 | BV22: 1505.2 | CB22: 3184.2 | CH22: 5000.2 | DF22: 4758.9541
A23: Калининский | B23: =E23+H23+K23+N23+Q23+T23+W23+Z23+AC23+AF23+AI23+AL23+AO23+AR23+AU23+AX23+BA23+BD23+BG23+BJ23+BM23+BP23+BS23+BV23+BY23+CB23+CE23+CH23+CK23+CN23+CQ23+CT23+CW23+CZ23+DC23+DF23 -> 59383.572 | C23: =F23+I23+L23+O23+R23+U23+X23+AA23+AD23+AG23+AJ23+AM23+AP23+AS23+AV23+AY23+BB23+BE23+BH23+BK23+BN23+BQ23+BT23+BW23+BZ23+CC23+CF23+CI23+CL23+CO23+CR23+CU23+CX23+DA23+DD23+DG23 -> 2841.5 | D23: =C23/B23*100 -> 4.7849934 | H23: 0 | I23: 0 | Q23: 576.8 | S23: =R23/Q23*100 -> 0 | T23: 0 | U23: 0 | W23: 15.71558 | Z23: 190.656 | AC23: 2600 | AF23: 100 | AI23: 50 | AX23: 0 | AY23: 0 | BA23: 0 | BB23: 0 | BD23: 8013.4 | BF23: =BE23/BD23*100 -> 0 | BG23: 5065.9 | BH23: 778.2 | BI23: =BH23/BG23*100 -> 15.361535 | BM23: 0 | BP23: 0 | BQ23: 0 | BS23: 8253 | BT23: 2063.3 | BU23: =BT23/BS23*100 -> 25.000606 | BV23: 5823.7 | BY23: 25510.2 | CB23: 3184.2
A24: Красноармейский | B24: =E24+H24+K24+N24+Q24+T24+W24+Z24+AC24+AF24+AI24+AL24+AO24+AR24+AU24+AX24+BA24+BD24+BG24+BJ24+BM24+BP24+BS24+BV24+BY24+CB24+CE24+CH24+CK24+CN24+CQ24+CT24+CW24+CZ24+DC24+DF24 -> 57678.001 | C24: =F24+I24+L24+O24+R24+U24+X24+AA24+AD24+AG24+AJ24+AM24+AP24+AS24+AV24+AY24+BB24+BE24+BH24+BK24+BN24+BQ24+BT24+BW24+BZ24+CC24+CF24+CI24+CL24+CO24+CR24+CU24+CX24+DA24+DD24+DG24 -> 3154.2 | D24: =C24/B24*100 -> 5.4686361 | E24: 1573 | H24: 0 | I24: 0 | K24: 1000 | M24: =L24/K24*100 -> 0 | Q24: 740.9 | S24: =R24/Q24*100 -> 0 | T24: 0 | U24: 0 | W24: 23.54504 | Z24: 190.656 | AI24: 50 | AX24: 3378.9 | AY24: 0 | BA24: 0 | BB24: 0 | BD24: 11772.8 | BF24: =BE24/BD24*100 -> 0 | BG24: 10700.4 | BH24: 1285.1 | BI24: =BH24/BG24*100 -> 12.009831 | BM24: 0 | BP24: 0 | BQ24: 0 | BS24: 11555 | BT24: 1869.1 | BU24: =BT24/BS24*100 -> 16.175682 | BV24: 15100.7 | CB24: 1592.1
A25: Краснокутский | B25: =E25+H25+K25+N25+Q25+T25+W25+Z25+AC25+AF25+AI25+AL25+AO25+AR25+AU25+AX25+BA25+BD25+BG25+BJ25+BM25+BP25+BS25+BV25+BY25+CB25+CE25+CH25+CK25+CN25+CQ25+CT25+CW25+CZ25+DC25+DF25 -> 78724.8 | C25: =F25+I25+L25+O25+R25+U25+X25+AA25+AD25+AG25+AJ25+AM25+AP25+AS25+AV25+AY25+BB25+BE25+BH25+BK25+BN25+BQ25+BT25+BW25+BZ25+CC25+CF25+CI25+CL25+CO25+CR25+CU25+CX25+DA25+DD25+DG25 -> 3270.6 | D25: =C25/B25*100 -> 4.1544723 | H25: 0 | I25: 0 | K25: 1500 | Q25: 481 | S25: =R25/Q25*100 -> 0 | T25: 0 | U25: 0 | W25: 17.23397 | Z25: 95.328 | AI25: 100 | AX25: 0 | AY25: 0 | BA25: 0 | BB25: 0 | BD25: 6619.9 | BF25: =BE25/BD25*100 -> 0 | BG25: 8688.4 | BH25: 1525.2 | BI25: =BH25/BG25*100 -> 17.55444 | BM25: 0 | BP25: 0 | BQ25: 0 | BS25: 10827 | BT25: 1745.4 | BU25: =BT25/BS25*100 -> 16.120809 | BV25: 2.3 | CB25: 3184.2 | DC25: 47209.438
A26: Краснопартизанский | B26: =E26+H26+K26+N26+Q26+T26+W26+Z26+AC26+AF26+AI26+AL26+AO26+AR26+AU26+AX26+BA26+BD26+BG26+BJ26+BM26+BP26+BS26+BV26+BY26+CB26+CE26+CH26+CK26+CN26+CQ26+CT26+CW26+CZ26+DC26+DF26 -> 25442.484 | C26: =F26+I26+L26+O26+R26+U26+X26+AA26+AD26+AG26+AJ26+AM26+AP26+AS26+AV26+AY26+BB26+BE26+BH26+BK26+BN26+BQ26+BT26+BW26+BZ26+CC26+CF26+CI26+CL26+CO26+CR26+CU26+CX26+DA26+DD26+DG26 -> 2349.6 | D26: =C26/B26*100 -> 9.2349475 | H26: 0 | I26: 0 | T26: 0 | U26: 0 | W26: 6.85567 | Z26: 95.328 | AI26: 50 | AX26: 0 | AY26: 0 | BA26: 0 | BB26: 0 | BD26: 6135.4 | BF26: =BE26/BD26*100 -> 0 | BG26: 5461.4 | BH26: 453.9 | BI26: =BH26/BG26*100 -> 8.3110558 | BM26: 0 | BP26: 0 | BQ26: 0 | BS26: 8554 | BT26: 1895.7 | BU26: =BT26/BS26*100 -> 22.161562 | BV26: 3547.4 | CB26: 1592.1
A27: Лысогорский | B27: =E27+H27+K27+N27+Q27+T27+W27+Z27+AC27+AF27+AI27+AL27+AO27+AR27+AU27+AX27+BA27+BD27+BG27+BJ27+BM27+BP27+BS27+BV27+BY27+CB27+CE27+CH27+CK27+CN27+CQ27+CT27+CW27+CZ27+DC27+DF27 -> 30000.034 | C27: =F27+I27+L27+O27+R27+U27+X27+AA27+AD27+AG27+AJ27+AM27+AP27+AS27+AV27+AY27+BB27+BE27+BH27+BK27+BN27+BQ27+BT27+BW27+BZ27+CC27+CF27+CI27+CL27+CO27+CR27+CU27+CX27+DA27+DD27+DG27 -> 2227.8 | D27: =C27/B27*100 -> 7.4259917 | H27: 0 | I27: 0 | K27: 1200 | Q27: 401.3 | S27: =R27/Q27*100 -> 0 | T27: 0 | U27: 0 | W27: 9.92954 | Z27: 95.328 | AC27: 3105.576 | AF27: 100 | AX27: 0 | AY27: 0 | BA27: 0 | BB27: 0 | BD27: 5064.4 | BF27: =BE27/BD27*100 -> 0 | BG27: 3202.8 | BH27: 571.1 | BI27: =BH27/BG27*100 -> 17.831273 | BM27: 0 | BP27: 0 | BQ27: 0 | BS27: 6710 | BT27: 1656.7 | BU27: =BT27/BS27*100 -> 24.690015 | BV27: 6926.5 | CB27: 3184.2
A28: Марксовский | B28: =E28+H28+K28+N28+Q28+T28+W28+Z28+AC28+AF28+AI28+AL28+AO28+AR28+AU28+AX28+BA28+BD28+BG28+BJ28+BM28+BP28+BS28+BV28+BY28+CB28+CE28+CH28+CK28+CN28+CQ28+CT28+CW28+CZ28+DC28+DF28 -> 53279.713 | C28: =F28+I28+L28+O28+R28+U28+X28+AA28+AD28+AG28+AJ28+AM28+AP28+AS28+AV28+AY28+BB28+BE28+BH28+BK28+BN28+BQ28+BT28+BW28+BZ28+CC28+CF28+CI28+CL28+CO28+CR28+CU28+CX28+DA28+DD28+DG28 -> 4691.7 | D28: =C28/B28*100 -> 8.8057907 | H28: 0 | I28: 0 | Q28: 3566.2 | S28: =R28/Q28*100 -> 0 | T28: 0 | U28: 0 | W28: 32.45699 | Z28: 190.656 | AF28: 100 | AX28: 0 | AY28: 0 | BA28: 0 | BB28: 0 | BD28: 12855.5 | BF28: =BE28/BD28*100 -> 0 | BG28: 11006.6 | BH28: 1706.2 | BI28: =BH28/BG28*100 -> 15.501608 | BM28: 0 | BP28: 0 | BQ28: 0 | BS28: 16735 | BT28: 2985.5 | BU28: =BT28/BS28*100 -> 17.839857 | BV28: 4017.1 | CB28: 4776.2
A29: Новобурасский | B29: =E29+H29+K29+N29+Q29+T29+W29+Z29+AC29+AF29+AI29+AL29+AO29+AR29+AU29+AX29+BA29+BD29+BG29+BJ29+BM29+BP29+BS29+BV29+BY29+CB29+CE29+CH29+CK29+CN29+CQ29+CT29+CW29+CZ29+DC29+DF29 -> 25715.086 | C29: =F29+I29+L29+O29+R29+U29+X29+AA29+AD29+AG29+AJ29+AM29+AP29+AS29+AV29+AY29+BB29+BE29+BH29+BK29+BN29+BQ29+BT29+BW29+BZ29+CC29+CF29+CI29+CL29+CO29+CR29+CU29+CX29+DA29+DD29+DG29 -> 2770.3 | D29: =C29/B29*100 -> 10.773054 | H29: 0 | I29: 0 | T29: 0 | U29: 0 | W29: 8.25761 | Z29: 95.328 | AX29: 0 | AY29: 0 | BA29: 0 | BB29: 0 | BD29: 6227.3 | BF29: =BE29/BD29*100 -> 0 | BG29: 5616.2 | BH29: 723.1 | BI29: =BH29/BG29*100 -> 12.875254 | BM29: 0 | BP29: 0 | BQ29: 0 | BS29: 8259 | BT29: 2047.2 | BU29: =BT29/BS29*100 -> 24.787505 | BV29: 3916.9 | CB29: 1592.1
A30: Новоузенский | B30: =E30+H30+K30+N30+Q30+T30+W30+Z30+AC30+AF30+AI30+AL30+AO30+AR30+AU30+AX30+BA30+BD30+BG30+BJ30+BM30+BP30+BS30+BV30+BY30+CB30+CE30+CH30+CK30+CN30+CQ30+CT30+CW30+CZ30+DC30+DF30 -> 70513.94 | C30: =F30+I30+L30+O30+R30+U30+X30+AA30+AD30+AG30+AJ30+AM30+AP30+AS30+AV30+AY30+BB30+BE30+BH30+BK30+BN30+BQ30+BT30+BW30+BZ30+CC30+CF30+CI30+CL30+CO30+CR30+CU30+CX30+DA30+DD30+DG30 -> 5147.7 | D30: =C30/B30*100 -> 7.3002586 | H30: 0 | I30: 0 | Q30: 191.1 | S30: =R30/Q30*100 -> 0 | T30: 0 | U30: 0 | W30: 15.11225 | Z30: 95.328 | AF30: 100 | AI30: 50 | AX30: 0 | AY30: 0 | BA30: 0 | BB30: 0 | BD30: 10098.6 | BF30: =BE30/BD30*100 -> 0 | BG30: 17237.2 | BH30: 2921.7 | BI30: =BH30/BG30*100 -> 16.949969 | BM30: 0 | BP30: 0 | BQ30: 0 | BS30: 15132 | BT30: 2226 | BU30: =BT30/BS30*100 -> 14.710547 | BV30: 26002.5 | CB30: 1592.1
A31: Озинский | B31: =E31+H31+K31+N31+Q31+T31+W31+Z31+AC31+AF31+AI31+AL31+AO31+AR31+AU31+AX31+BA31+BD31+BG31+BJ31+BM31+BP31+BS31+BV31+BY31+CB31+CE31+CH31+CK31+CN31+CQ31+CT31+CW31+CZ31+DC31+DF31 -> 76562.175 | C31: =F31+I31+L31+O31+R31+U31+X31+AA31+AD31+AG31+AJ31+AM31+AP31+AS31+AV31+AY31+BB31+BE31+BH31+BK31+BN31+BQ31+BT31+BW31+BZ31+CC31+CF31+CI31+CL31+CO31+CR31+CU31+CX31+DA31+DD31+DG31 -> 2877.9 | D31: =C31/B31*100 -> 3.7589058 | H31: 0 | I31: 0 | K31: 1000 | Q31: 474.9 | S31: =R31/Q31*100 -> 0 | T31: 0 | U31: 0 | W31: 8.74657 | Z31: 95.328 | AX31: 0 | AY31: 0 | BA31: 0 | BB31: 0 | BD31: 4892.3 | BF31: =BE31/BD31*100 -> 0 | BG31: 8114.6 | BH31: 1034.8 | BI31: =BH31/BG31*100 -> 12.752323 | BM31: 0 | BP31: 0 | BQ31: 0 | BS31: 11091 | BT31: 1843.1 | BU31: =BT31/BS31*100 -> 16.617979 | BV31: 530.9 | CB31: 1592.1 | CH31: 4999.6 | CZ31: 43762.7
A32: Перелюбский | B32: =E32+H32+K32+N32+Q32+T32+W32+Z32+AC32+AF32+AI32+AL32+AO32+AR32+AU32+AX32+BA32+BD32+BG32+BJ32+BM32+BP32+BS32+BV32+BY32+CB32+CE32+CH32+CK32+CN32+CQ32+CT32+CW32+CZ32+DC32+DF32 -> 38153.496 | C32: =F32+I32+L32+O32+R32+U32+X32+AA32+AD32+AG32+AJ32+AM32+AP32+AS32+AV32+AY32+BB32+BE32+BH32+BK32+BN32+BQ32+BT32+BW32+BZ32+CC32+CF32+CI32+CL32+CO32+CR32+CU32+CX32+DA32+DD32+DG32 -> 2653.9 | D32: =C32/B32*100 -> 6.9558502 | H32: 0 | I32: 0 | K32: 1400 | T32: 0 | U32: 0 | W32: 6.80878 | Z32: 95.328 | AC32: 3091.459 | AX32: 0 | AY32: 0 | BA32: 0 | BB32: 0 | BD32: 6710.1 | BF32: =BE32/BD32*100 -> 0 | BG32: 5743.8 | BH32: 1138.5 | BI32: =BH32/BG32*100 -> 19.821373 | BM32: 0 | BP32: 0 | BQ32: 0 | BS32: 7458 | BT32: 1515.4 | BU32: =BT32/BS32*100 -> 20.31912 | BV32: 7055.7 | CB32: 1592.1 | CH32: 5000.2
A33: Петровский | B33: =E33+H33+K33+N33+Q33+T33+W33+Z33+AC33+AF33+AI33+AL33+AO33+AR33+AU33+AX33+BA33+BD33+BG33+BJ33+BM33+BP33+BS33+BV33+BY33+CB33+CE33+CH33+CK33+CN33+CQ33+CT33+CW33+CZ33+DC33+DF33 -> 49248.773 | C33: =F33+I33+L33+O33+R33+U33+X33+AA33+AD33+AG33+AJ33+AM33+AP33+AS33+AV33+AY33+BB33+BE33+BH33+BK33+BN33+BQ33+BT33+BW33+BZ33+CC33+CF33+CI33+CL33+CO33+CR33+CU33+CX33+DA33+DD33+DG33 -> 2597 | D33: =C33/B33*100 -> 5.2732278 | H33: 0 | I33: 0 | K33: 1400 | Q33: 6714.7 | S33: =R33/Q33*100 -> 0 | T33: 0 | U33: 0 | W33: 21.44547 | Z33: 95.328 | AF33: 100 | AX33: 0 | AY33: 0 | BA33: 0 | BB33: 0 | BD33: 9986.7 | BF33: =BE33/BD33*100 -> 0 | BG33: 5164.8 | BH33: 757.5 | BI33: =BH33/BG33*100 -> 14.666589 | BM33: 0 | BQ33: 0 | BS33: 12112 | BT33: 1839.5 | BU33: =BT33/BS33*100 -> 15.187417 | BV33: 12061.7 | CB33: 1592.1
A34: Питерский | B34: =E34+H34+K34+N34+Q34+T34+W34+Z34+AC34+AF34+AI34+AL34+AO34+AR34+AU34+AX34+BA34+BD34+BG34+BJ34+BM34+BP34+BS34+BV34+BY34+CB34+CE34+CH34+CK34+CN34+CQ34+CT34+CW34+CZ34+DC34+DF34 -> 32265.925 | C34: =F34+I34+L34+O34+R34+U34+X34+AA34+AD34+AG34+AJ34+AM34+AP34+AS34+AV34+AY34+BB34+BE34+BH34+BK34+BN34+BQ34+BT34+BW34+BZ34+CC34+CF34+CI34+CL34+CO34+CR34+CU34+CX34+DA34+DD34+DG34 -> 2034.7 | D34: =C34/B34*100 -> 6.3060334 | H34: 0 | I34: 0 | Q34: 210.5 | S34: =R34/Q34*100 -> 0 | T34: 0 | U34: 0 | W34: 8.32974 | Z34: 95.328 | AC34: 2679.713 | AF34: 100 | AX34: 0 | AY34: 0 | BA34: 0 | BB34: 0 | BD34: 4021.7 | BF34: =BE34/BD34*100 -> 0 | BG34: 4239.8 | BH34: 664.8 | BI34: =BH34/BG34*100 -> 15.679985 | BM34: 0 | BP34: 0 | BQ34: 0 | BS34: 8224 | BT34: 1369.9 | BU34: =BT34/BS34*100 -> 16.657344 | BV34: 6335.5 | CB34: 1592.1 | DF34: 4758.9541
A35: Пугачевский | B35: =E35+H35+K35+N35+Q35+T35+W35+Z35+AC35+AF35+AI35+AL35+AO35+AR35+AU35+AX35+BA35+BD35+BG35+BJ35+BM35+BP35+BS35+BV35+BY35+CB35+CE35+CH35+CK35+CN35+CQ35+CT35+CW35+CZ35+DC35+DF35 -> 124564.65 | C35: =F35+I35+L35+O35+R35+U35+X35+AA35+AD35+AG35+AJ35+AM35+AP35+AS35+AV35+AY35+BB35+BE35+BH35+BK35+BN35+BQ35+BT35+BW35+BZ35+CC35+CF35+CI35+CL35+CO35+CR35+CU35+CX35+DA35+DD35+DG35 -> 4758.7 | D35: =C35/B35*100 -> 3.8202651 | H35: 0 | I35: 0 | Q35: 7164.1 | S35: =R35/Q35*100 -> 0 | T35: 0 | U35: 0 | W35: 29.99831 | Z35: 190.656 | AC35: 2500 | AF35: 100 | AI35: 50 | AX35: 0 | AY35: 0 | BA35: 0 | BB35: 0 | BD35: 13594.1 | BF35: =BE35/BD35*100 -> 0 | BG35: 14537.8 | BH35: 2474.1 | BI35: =BH35/BG35*100 -> 17.018393 | BM35: 0 | BP35: 0 | BQ35: 0 | BS35: 22268 | BT35: 2284.6 | BU35: =BT35/BS35*100 -> 10.259565 | BV35: 59353.7 | CB35: 4776.3
A36: Ровенский | B36: =E36+H36+K36+N36+Q36+T36+W36+Z36+AC36+AF36+AI36+AL36+AO36+AR36+AU36+AX36+BA36+BD36+BG36+BJ36+BM36+BP36+BS36+BV36+BY36+CB36+CE36+CH36+CK36+CN36+CQ36+CT36+CW36+CZ36+DC36+DF36 -> 20215.612 | C36: =F36+I36+L36+O36+R36+U36+X36+AA36+AD36+AG36+AJ36+AM36+AP36+AS36+AV36+AY36+BB36+BE36+BH36+BK36+BN36+BQ36+BT36+BW36+BZ36+CC36+CF36+CI36+CL36+CO36+CR36+CU36+CX36+DA36+DD36+DG36 -> 1907.9 | D36: =C36/B36*100 -> 9.4377555 | H36: 0 | I36: 0 | K36: 1200 | Q36: 414.4 | S36: =R36/Q36*100 -> 0 | T36: 0 | U36: 0 | W36: 8.88362 | Z36: 95.328 | AF36: 100 | AX36: 0 | AY36: 0 | BA36: 0 | BB36: 0 | BD36: 4003.4 | BF36: =BE36/BD36*100 -> 0 | BG36: 4705.8 | BH36: 950.4 | BI36: =BH36/BG36*100 -> 20.196353 | BM36: 0 | BP36: 0 | BQ36: 0 | BS36: 6342 | BT36: 957.5 | BU36: =BT36/BS36*100 -> 15.097761 | BV36: 1753.7 | CB36: 1592.1
A37: Романовский | B37: =E37+H37+K37+N37+Q37+T37+W37+Z37+AC37+AF37+AI37+AL37+AO37+AR37+AU37+AX37+BA37+BD37+BG37+BJ37+BM37+BP37+BS37+BV37+BY37+CB37+CE37+CH37+CK37+CN37+CQ37+CT37+CW37+CZ37+DC37+DF37 -> 28760.165 | C37: =F37+I37+L37+O37+R37+U37+X37+AA37+AD37+AG37+AJ37+AM37+AP37+AS37+AV37+AY37+BB37+BE37+BH37+BK37+BN37+BQ37+BT37+BW37+BZ37+CC37+CF37+CI37+CL37+CO37+CR37+CU37+CX37+DA37+DD37+DG37 -> 1565.1 | D37: =C37/B37*100 -> 5.4419021 | H37: 0 | I37: 0 | K37: 1000 | M37: =L37/K37*100 -> 0 | Q37: 1565.8 | S37: =R37/Q37*100 -> 0 | T37: 0 | U37: 0 | W37: 7.22303 | AF37: 100 | AI37: 50 | AX37: 0 | AY37: 0 | BA37: 0 | BB37: 0 | BD37: 4995.9 | BF37: =BE37/BD37*100 -> 0 | BG37: 2962.3 | BH37: 368.8 | BI37: =BH37/BG37*100 -> 12.449786 | BM37: 0 | BP37: 0 | BQ37: 0 | BS37: 5349 | BT37: 1196.3 | BU37: =BT37/BS37*100 -> 22.364928 | BV37: 1640.9 | CB37: 1592.1 | CH37: 5000.2 | DC37: 4496.7416
A38: Ртищевский | B38: =E38+H38+K38+N38+Q38+T38+W38+Z38+AC38+AF38+AI38+AL38+AO38+AR38+AU38+AX38+BA38+BD38+BG38+BJ38+BM38+BP38+BS38+BV38+BY38+CB38+CE38+CH38+CK38+CN38+CQ38+CT38+CW38+CZ38+DC38+DF38 -> 58321.789 | C38: =F38+I38+L38+O38+R38+U38+X38+AA38+AD38+AG38+AJ38+AM38+AP38+AS38+AV38+AY38+BB38+BE38+BH38+BK38+BN38+BQ38+BT38+BW38+BZ38+CC38+CF38+CI38+CL38+CO38+CR38+CU38+CX38+DA38+DD38+DG38 -> 5802.7 | D38: =C38/B38*100 -> 9.9494548 | H38: 0 | I38: 0 | Q38: 844.7 | S38: =R38/Q38*100 -> 0 | T38: 0 | U38: 0 | W38: 27.93275 | Z38: 190.656 | AF38: 100 | AX38: 0 | AY38: 0 | BA38: 0 | BB38: 0 | BD38: 10571.5 | BF38: =BE38/BD38*100 -> 0 | BG38: 14227.6 | BH38: 2462 | BI38: =BH38/BG38*100 -> 17.304394 | BM38: 0 | BP38: 0 | BQ38: 0 | BS38: 14195 | BT38: 3340.7 | BU38: =BT38/BS38*100 -> 23.534343 | BV38: 11796 | CB38: 6368.4
A39: Самойловский | B39: =E39+H39+K39+N39+Q39+T39+W39+Z39+AC39+AF39+AI39+AL39+AO39+AR39+AU39+AX39+BA39+BD39+BG39+BJ39+BM39+BP39+BS39+BV39+BY39+CB39+CE39+CH39+CK39+CN39+CQ39+CT39+CW39+CZ39+DC39+DF39 -> 247018.3 | C39: =F39+I39+L39+O39+R39+U39+X39+AA39+AD39+AG39+AJ39+AM39+AP39+AS39+AV39+AY39+BB39+BE39+BH39+BK39+BN39+BQ39+BT39+BW39+BZ39+CC39+CF39+CI39+CL39+CO39+CR39+CU39+CX39+DA39+DD39+DG39 -> 2623.9 | D39: =C39/B39*100 -> 1.062229 | H39: 0 | I39: 0 | K39: 1400 | M39: =L39/K39*100 -> 0 | Q39: 224.5 | S39: =R39/Q39*100 -> 0 | T39: 0 | U39: 0 | W39: 9.31486 | Z39: 95.328 | AC39: 2274.462 | AF39: 100 | AI39: 50 | AX39: 0 | AY39: 0 | BA39: 0 | BB39: 0 | BD39: 9921.5 | BF39: =BE39/BD39*100 -> 0 | BG39: 6003.3 | BH39: 1355.9 | BI39: =BH39/BG39*100 -> 22.585911 | BM39: 0 | BP39: 0 | BQ39: 0 | BS39: 5072 | BT39: 1268 | BU39: =BT39/BS39*100 -> 25 | BV39: 75.9 | CB39: 1592.1 | CH39: 4999.9 | CT39: 215200
A40: Саратовский | B40: =E40+H40+K40+N40+Q40+T40+W40+Z40+AC40+AF40+AI40+AL40+AO40+AR40+AU40+AX40+BA40+BD40+BG40+BJ40+BM40+BP40+BS40+BV40+BY40+CB40+CE40+CH40+CK40+CN40+CQ40+CT40+CW40+CZ40+DC40+DF40 -> 130103.45 | C40: =F40+I40+L40+O40+R40+U40+X40+AA40+AD40+AG40+AJ40+AM40+AP40+AS40+AV40+AY40+BB40+BE40+BH40+BK40+BN40+BQ40+BT40+BW40+BZ40+CC40+CF40+CI40+CL40+CO40+CR40+CU40+CX40+DA40+DD40+DG40 -> 3546.5 | D40: =C40/B40*100 -> 2.7259076 | H40: 0 | I40: 0 | N40: 80033 | P40: =O40/N40*100 -> 0 | Q40: 350.6 | S40: =R40/Q40*100 -> 0 | T40: 0 | U40: 0 | W40: 25.92592 | Z40: 95.328 | AF40: 100 | AX40: 1133.8 | AY40: 0 | BA40: 0 | BB40: 0 | BD40: 9530.5 | BF40: =BE40/BD40*100 -> 0 | BG40: 7853 | BH40: 922.2 | BI40: =BH40/BG40*100 -> 11.743283 | BM40: 0 | BP40: 0 | BQ40: 0 | BS40: 10497 | BT40: 2624.3 | BU40: =BT40/BS40*100 -> 25.000476 | BV40: 18892.2 | CB40: 1592.1
A41: Советский | B41: =E41+H41+K41+N41+Q41+T41+W41+Z41+AC41+AF41+AI41+AL41+AO41+AR41+AU41+AX41+BA41+BD41+BG41+BJ41+BM41+BP41+BS41+BV41+BY41+CB41+CE41+CH41+CK41+CN41+CQ41+CT41+CW41+CZ41+DC41+DF41 -> 34423.552 | C41: =F41+I41+L41+O41+R41+U41+X41+AA41+AD41+AG41+AJ41+AM41+AP41+AS41+AV41+AY41+BB41+BE41+BH41+BK41+BN41+BQ41+BT41+BW41+BZ41+CC41+CF41+CI41+CL41+CO41+CR41+CU41+CX41+DA41+DD41+DG41 -> 2280 | D41: =C41/B41*100 -> 6.6233723 | H41: 0 | I41: 0 | Q41: 1482 | S41: =R41/Q41*100 -> 0 | T41: 0 | U41: 0 | W41: 13.52379 | Z41: 95.328 | AC41: 3100 | AI41: 50 | AX41: 0 | AY41: 0 | BA41: 0 | BB41: 0 | BD41: 4257.3 | BF41: =BE41/BD41*100 -> 0 | BG41: 5418.5 | BH41: 1088.8 | BI41: =BH41/BG41*100 -> 20.094122 | BM41: 0 | BP41: 0 | BQ41: 0 | BS41: 6139 | BT41: 1191.2 | BU41: =BT41/BS41*100 -> 19.403812 | BV41: 10683.7 | CB41: 3184.2
A42: Татищевский | B42: =E42+H42+K42+N42+Q42+T42+W42+Z42+AC42+AF42+AI42+AL42+AO42+AR42+AU42+AX42+BA42+BD42+BG42+BJ42+BM42+BP42+BS42+BV42+BY42+CB42+CE42+CH42+CK42+CN42+CQ42+CT42+CW42+CZ42+DC42+DF42 -> 42129.654 | C42: =F42+I42+L42+O42+R42+U42+X42+AA42+AD42+AG42+AJ42+AM42+AP42+AS42+AV42+AY42+BB42+BE42+BH42+BK42+BN42+BQ42+BT42+BW42+BZ42+CC42+CF42+CI42+CL42+CO42+CR42+CU42+CX42+DA42+DD42+DG42 -> 3385.3 | D42: =C42/B42*100 -> 8.0354327 | H42: 0 | I42: 0 | Q42: 935 | S42: =R42/Q42*100 -> 0 | T42: 0 | U42: 0 | W42: 21.74894 | Z42: 95.328 | AC42: 2561.377 | AF42: 100 | AX42: 0 | AY42: 0 | BA42: 0 | BB42: 0 | BD42: 13158 | BF42: =BE42/BD42*100 -> 0 | BG42: 4275.8 | BH42: 425.5 | BI42: =BH42/BG42*100 -> 9.9513541 | BM42: 0 | BP42: 0 | BQ42: 0 | BS42: 11839 | BT42: 2959.8 | BU42: =BT42/BS42*100 -> 25.000422 | BV42: 5959.2 | CB42: 3184.2
A43: Турковский | B43: =E43+H43+K43+N43+Q43+T43+W43+Z43+AC43+AF43+AI43+AL43+AO43+AR43+AU43+AX43+BA43+BD43+BG43+BJ43+BM43+BP43+BS43+BV43+BY43+CB43+CE43+CH43+CK43+CN43+CQ43+CT43+CW43+CZ43+DC43+DF43 -> 26597.667 | C43: =F43+I43+L43+O43+R43+U43+X43+AA43+AD43+AG43+AJ43+AM43+AP43+AS43+AV43+AY43+BB43+BE43+BH43+BK43+BN43+BQ43+BT43+BW43+BZ43+CC43+CF43+CI43+CL43+CO43+CR43+CU43+CX43+DA43+DD43+DG43 -> 1414.6 | D43: =C43/B43*100 -> 5.3185115 | H43: 0 | I43: 0 | K43: 1200 | T43: 0 | U43: 0 | W43: 5.58511 | Z43: 95.328 | AF43: 100 | AX43: 0 | AY43: 0 | BA43: 0 | BB43: 0 | BD43: 4558.1 | BF43: =BE43/BD43*100 -> 0 | BG43: 3742.4 | BH43: 775.3 | BI43: =BH43/BG43*100 -> 20.716652 | BM43: 0 | BP43: 0 | BQ43: 0 | BS43: 4864 | BT43: 639.3 | BU43: =BT43/BS43*100 -> 13.143503 | BV43: 681 | CB43: 1592.1 | CH43: 5000.2 | DF43: 4758.9541
A44: Федоровский | B44: =E44+H44+K44+N44+Q44+T44+W44+Z44+AC44+AF44+AI44+AL44+AO44+AR44+AU44+AX44+BA44+BD44+BG44+BJ44+BM44+BP44+BS44+BV44+BY44+CB44+CE44+CH44+CK44+CN44+CQ44+CT44+CW44+CZ44+DC44+DF44 -> 25407.802 | C44: =F44+I44+L44+O44+R44+U44+X44+AA44+AD44+AG44+AJ44+AM44+AP44+AS44+AV44+AY44+BB44+BE44+BH44+BK44+BN44+BQ44+BT44+BW44+BZ44+CC44+CF44+CI44+CL44+CO44+CR44+CU44+CX44+DA44+DD44+DG44 -> 1922.7 | D44: =C44/B44*100 -> 7.5673605 | H44: 0 | I44: 0 | K44: 1000 | M44: =L44/K44*100 -> 0 | Q44: 367.2 | S44: =R44/Q44*100 -> 0 | T44: 0 | U44: 0 | W44: 9.77445 | Z44: 95.328 | AF44: 100 | AI44: 50 | AX44: 0 | AY44: 0 | BA44: 0 | BB44: 0 | BD44: 5664.2 | BF44: =BE44/BD44*100 -> 0 | BG44: 3685 | BH44: 867 | BI44: =BH44/BG44*100 -> 23.527815 | BM44: 0 | BP44: 0 | BQ44: 0 | BS44: 7135 | BT44: 1055.7 | BU44: =BT44/BS44*100 -> 14.796076 | BV44: 5709.2 | CB44: 1592.1
A45: Хвалынский | B45: =E45+H45+K45+N45+Q45+T45+W45+Z45+AC45+AF45+AI45+AL45+AO45+AR45+AU45+AX45+BA45+BD45+BG45+BJ45+BM45+BP45+BS45+BV45+BY45+CB45+CE45+CH45+CK45+CN45+CQ45+CT45+CW45+CZ45+DC45+DF45 -> 22193.057 | C45: =F45+I45+L45+O45+R45+U45+X45+AA45+AD45+AG45+AJ45+AM45+AP45+AS45+AV45+AY45+BB45+BE45+BH45+BK45+BN45+BQ45+BT45+BW45+BZ45+CC45+CF45+CI45+CL45+CO45+CR45+CU45+CX45+DA45+DD45+DG45 -> 2431.1 | D45: =C45/B45*100 -> 10.954327 | H45: 0 | I45: 0 | Q45: 794.8 | S45: =R45/Q45*100 -> 0 | T45: 0 | U45: 0 | W45: 11.42886 | Z45: 95.328 | AI45: 50 | AX45: 0 | AY45: 0 | BA45: 0 | BB45: 0 | BD45: 5014.2 | BF45: =BE45/BD45*100 -> 0 | BG45: 1860.8 | BH45: 275.1 | BI45: =BH45/BG45*100 -> 14.783964 | BM45: 0 | BP45: 0 | BQ45: 0 | BS45: 10707 | BT45: 2156 | BU45: =BT45/BS45*100 -> 20.136359 | BV45: 475.3 | CB45: 3184.2
A46: Энгельсский | B46: =E46+H46+K46+N46+Q46+T46+W46+Z46+AC46+AF46+AI46+AL46+AO46+AR46+AU46+AX46+BA46+BD46+BG46+BJ46+BM46+BP46+BS46+BV46+BY46+CB46+CE46+CH46+CK46+CN46+CQ46+CT46+CW46+CZ46+DC46+DF46 -> 1093942.3 | C46: =F46+I46+L46+O46+R46+U46+X46+AA46+AD46+AG46+AJ46+AM46+AP46+AS46+AV46+AY46+BB46+BE46+BH46+BK46+BN46+BQ46+BT46+BW46+BZ46+CC46+CF46+CI46+CL46+CO46+CR46+CU46+CX46+DA46+DD46+DG46 -> 251088.4 | D46: =C46/B46*100 -> 22.952618 | H46: 1573.1 | J46: =I46/H46*100 -> 0 | K46: 1500.9 | M46: =L46/K46*100 -> 0 | N46: 229617 | O46: 229617 | P46: =O46/N46*100 -> 100 | Q46: 17523.4 | S46: =R46/Q46*100 -> 0 | T46: 0 | U46: 0 | W46: 159.68974 | Z46: 190.6605 | AC46: 2370.64 | AD46: 0 | AF46: 100 | AI46: 100 | AX46: 2192.9 | AY46: 0 | BD46: 15213.1 | BF46: =BE46/BD46*100 -> 0 | BG46: 40468.8 | BH46: 6737.6 | BI46: =BH46/BG46*100 -> 16.648875 | BM46: 0 | BP46: 0 | BQ46: 0 | BS46: 71381 | BT46: 14733.8 | BU46: =BT46/BS46*100 -> 20.641067 | BV46: 55223.7 | BX46: =BW46/BV46*100 -> 0 | CB46: 6368.4 | CW46: 649959
A47: Городские округа области: | B47: =SUM(B48:B51) -> 4048337.3 | C47: =SUM(C48:C51) -> 40851.9 | D47: =C47/B47*100 -> 1.0091032 | E47: =SUM(E48:E51) -> 0 | F47: =SUM(F48:F51) -> 0 | K47: 0 | L47: 0 | N47: =SUM(N48:N51) -> 0 | O47: =SUM(O48:O51) -> 0 | Q47: =SUM(Q48:Q51) -> 12497 | R47: =SUM(R48:R51) -> 0 | S47: =R47/Q47*100 -> 0 | W47: =SUM(W48:W51) -> 438.16191 | X47: =SUM(X48:X51) -> 0 | AR47: =SUM(AR48:AR51) -> 395000 | AS47: =SUM(AS48:AS51) -> 0 | AT47: =AS47/AR47*100 -> 0 | AU47: =SUM(AU48:AU51) -> 999900 | AV47: =SUM(AV48:AV51) -> 0 | AW47: =AV47/AU47*100 -> 0 | BG47: =SUM(BG48:BG51) -> 133443.5 | BH47: =SUM(BH48:BH51) -> 29082.3 | BI47: =BH47/BG47*100 -> 21.793718 | BJ47: =SUM(BJ48:BJ51) -> 0 | BK47: =SUM(BK48:BK51) -> 0 | BM47: =SUM(BM48:BM51) -> 333161 | BN47: =SUM(BN48:BN51) -> 0 | BO47: =BN47/BM47*100 -> 0 | BS47: =SUM(BS48:BS51) -> 96292 | BT47: =SUM(BT48:BT51) -> 11769.6 | BU47: =BT47/BS47*100 -> 12.222822 | BV47: =SUM(BV48:BV51) -> 29112.5 | BW47: =SUM(BW48:BW51) -> 0 | BX47: =BW47/BV47*100 -> 0 | BY47: =SUM(BY48:BY51) -> 0 | BZ47: =SUM(BZ48:BZ51) -> 0 | CB47: =SUM(CB48:CB51) -> 0 | CC47: =SUM(CC48:CC51) -> 0 | CD47: =CC47/CB47*100 -> #DIV/0! | CE47: =SUM(CE48:CE51) -> 122625 | CF47: =SUM(CF48:CF51) -> 0 | CG47: =CF47/CE47*100 -> 0 | CH47: =SUM(CH48:CH51) -> 0 | CI47: =SUM(CI48:CI51) -> 0 | CK47: =SUM(CK48:CK51) -> 100000 | CL47: =SUM(CL48:CL51) -> 0 | CN47: =SUM(CN48:CN51) -> 650000 | CO47: =SUM(CO48:CO51) -> 0 | CQ47: =SUM(CQ48:CQ51) -> 0 | CR47: =SUM(CR48:CR51) -> 0 | CT47: =SUM(CT48:CT51) -> 792040.8 | CU47: =SUM(CU48:CU51) -> 0 | CW47: =SUM(CW48:CW51) -> 383827.3 | CX47: =SUM(CX48:CX51) -> 0 | CZ47: =SUM(CZ48:CZ51) -> 0 | DA47: =SUM(DA48:DA51) -> 0 | DC47: =SUM(DC48:DC51) -> 0 | DD47: =SUM(DD48:DD51) -> 0 | DF47: =SUM(DF48:DF51) -> 0 | DG47: =SUM(DG48:DG51) -> 0
A48: г. Саратов | B48: =E48+H48+K48+N48+Q48+T48+W48+Z48+AC48+AF48+AI48+AL48+AO48+AR48+AU48+AX48+BA48+BD48+BG48+BJ48+BM48+BP48+BS48+BV48+BY48+CB48+CE48+CH48+CK48+CN48+CQ48+CT48+CW48+CZ48+DC48+DF48 -> 4029918.2 | C48: =F48+I48+L48+O48+R48+U48+X48+AA48+AD48+AG48+AJ48+AM48+AP48+AS48+AV48+AY48+BB48+BE48+BH48+BK48+BN48+BQ48+BT48+BW48+BZ48+CC48+CF48+CI48+CL48+CO48+CR48+CU48+CX48+DA48+DD48+DG48 -> 39201.6 | D48: =C48/B48*100 -> 0.97276417 | Q48: 11784.2 | S48: =R48/Q48*100 -> 0 | W48: 438.16191 | AR48: 395000 | AT48: =AS48/AR48*100 -> 0 | AU48: 999900 | AW48: =AV48/AU48*100 -> 0 | BG48: 128819.6 | BH48: 28586.4 | BI48: =BH48/BG48*100 -> 22.191033 | BM48: 326577.6 | BO48: =BN48/BM48*100 -> 0 | BS48: 89793 | BT48: 10615.2 | BU48: =BT48/BS48*100 -> 11.821857 | BV48: 29112.5 | BX48: =BW48/BV48*100 -> 0 | CE48: 122625 | CK48: 100000 | CN48: 650000 | CT48: 792040.8 | CW48: 383827.3
A49: п. Михайловский | B49: =E49+H49+K49+N49+Q49+T49+W49+Z49+AC49+AF49+AI49+AL49+AO49+AR49+AU49+AX49+BA49+BD49+BG49+BJ49+BM49+BP49+BS49+BV49+BY49+CB49+CE49+CH49+CK49+CN49+CQ49+CT49+CW49+CZ49+DC49+DF49 -> 2840.2 | C49: =F49+I49+L49+O49+R49+U49+X49+AA49+AD49+AG49+AJ49+AM49+AP49+AS49+AV49+AY49+BB49+BE49+BH49+BK49+BN49+BQ49+BT49+BW49+BZ49+CC49+CF49+CI49+CL49+CO49+CR49+CU49+CX49+DA49+DD49+DG49 -> 243.5 | D49: =C49/B49*100 -> 8.5733399 | E49: 0 | F49: 0 | Q49: 0 | R49: 0 | W49: 0 | X49: 0 | BG49: 1458.2 | BH49: 75.1 | BI49: =BH49/BG49*100 -> 5.1501852 | BM49: 604 | BS49: 778 | BT49: 168.4 | BU49: =BT49/BS49*100 -> 21.645244
A50: ЗАТО Светлый | B50: =E50+H50+K50+N50+Q50+T50+W50+Z50+AC50+AF50+AI50+AL50+AO50+AR50+AU50+AX50+BA50+BD50+BG50+BJ50+BM50+BP50+BS50+BV50+BY50+CB50+CE50+CH50+CK50+CN50+CQ50+CT50+CW50+CZ50+DC50+DF50 -> 8175.8 | C50: =F50+I50+L50+O50+R50+U50+X50+AA50+AD50+AG50+AJ50+AM50+AP50+AS50+AV50+AY50+BB50+BE50+BH50+BK50+BN50+BQ50+BT50+BW50+BZ50+CC50+CF50+CI50+CL50+CO50+CR50+CU50+CX50+DA50+DD50+DG50 -> 919.4 | D50: =C50/B50*100 -> 11.245383 | E50: 0 | F50: 0 | Q50: 712.8 | R50: 0 | W50: 0 | X50: 0 | BG50: 1903.1 | BH50: 283.4 | BI50: =BH50/BG50*100 -> 14.891493 | BM50: 2717.9 | BS50: 2842 | BT50: 636 | BU50: =BT50/BS50*100 -> 22.378607
A51: г. Шиханы | B51: =E51+H51+K51+N51+Q51+T51+W51+Z51+AC51+AF51+AI51+AL51+AO51+AR51+AU51+AX51+BA51+BD51+BG51+BJ51+BM51+BP51+BS51+BV51+BY51+CB51+CE51+CH51+CK51+CN51+CQ51+CT51+CW51+CZ51+DC51+DF51 -> 7403.1 | C51: =F51+I51+L51+O51+R51+U51+X51+AA51+AD51+AG51+AJ51+AM51+AP51+AS51+AV51+AY51+BB51+BE51+BH51+BK51+BN51+BQ51+BT51+BW51+BZ51+CC51+CF51+CI51+CL51+CO51+CR51+CU51+CX51+DA51+DD51+DG51 -> 487.4 | D51: =C51/B51*100 -> 6.5837284 | E51: 0 | F51: 0 | Q51: 0 | R51: 0 | W51: 0 | X51: 0 | BG51: 1262.6 | BH51: 137.4 | BI51: =BH51/BG51*100 -> 10.882306 | BM51: 3261.5 | BO51: =BN51/BM51*100 -> 0 | BS51: 2879 | BT51: 350 | BU51: =BT51/BS51*100 -> 12.156999
A52: Поселения: | B52: =SUM(B53:B269) -> 698306.6 | C52: =SUM(C53:C269) -> 3521.8 | D52: =C52/B52*100 -> 0.50433434 | T52: =SUM(T53:T269) -> 5658.3 | U52: =SUM(U53:U269) -> 0 | AC52: =SUM(AC53:AC269) -> 9833.1 | AD52: =SUM(AD53:AD269) -> 0 | AF52: =SUM(AF53:AF269) -> 200 | AG52: =SUM(AG53:AG269) -> 0 | AI52: =SUM(AI53:AI269) -> 100 | AJ52: =SUM(AJ53:AJ269) -> 0 | AL52: =SUM(AL53:AL269) -> 43953.5 | AM52: =SUM(AM53:AM269) -> 0 | AN52: =AM52/AL52*100 -> 0 | AX52: =SUM(AX53:AX269) -> 17499.9 | AY52: =SUM(AY53:AY269) -> 0 | AZ52: =AY52/AX52*100 -> 0 | BA52: =SUM(BA53:BA269) -> 15000 | BB52: =SUM(BB53:BB269) -> 0 | BG52: =SUM(BG53:BG269) -> 29661.6 | BH52: =SUM(BH53:BH269) -> 3521.8 | BI52: =BH52/BG52*100 -> 11.873264 | BJ52: =SUM(BJ53:BJ269) -> 0 | BK52: =SUM(BK53:BK269) -> 0 | BM52: =SUM(BM53:BM269) -> 479910.4 | BN52: =SUM(BN53:BN269) -> 0 | BO52: =BN52/BM52*100 -> 0 | BP52: =SUM(BP53:BP269) -> 3909.8 | BQ52: =SUM(BQ53:BQ269) -> 0 | BR52: =BQ52/BP52*100 -> 0 | BS52: =SUM(BS53:BS269) -> 0 | BT52: =SUM(BT53:BT269) -> 0 | BV52: =SUM(BV53:BV269) -> 0 | BW52: =SUM(BW53:BW269) -> 0 | BY52: =SUM(BY53:BY269) -> 0 | BZ52: =SUM(BZ53:BZ269) -> 0 | CB52: =SUM(CB53:CB269) -> 0 | CC52: =SUM(CC53:CC269) -> 0 | CE52: =SUM(CE53:CE269) -> 72580 | CF52: =SUM(CF53:CF269) -> 0 | CH52: =SUM(CH53:CH269) -> 0 | CI52: =SUM(CI53:CI269) -> 0 | CK52: =SUM(CK53:CK269) -> 0 | CL52: =SUM(CL53:CL269) -> 0 | CN52: =SUM(CN53:CN269) -> 0 | CO52: =SUM(CO53:CO269) -> 0 | CQ52: =SUM(CQ53:CQ269) -> 20000 | CR52: =SUM(CR53:CR269) -> 0 | CT52: =SUM(CT53:CT269) -> 0 | CU52: =SUM(CU53:CU269) -> 0 | CW52: =SUM(CW53:CW269) -> 0 | CX52: =SUM(CX53:CX269) -> 0 | CZ52: =SUM(CZ53:CZ269) -> 0 | DA52: =SUM(DA53:DA269) -> 0 | DC52: =SUM(DC53:DC269) -> 0 | DD52: =SUM(DD53:DD269) -> 0 | DF52: =SUM(DF53:DF269) -> 0 | DG52: =SUM(DG53:DG269) -> 0
A53: Александрово-Гайское муниципальное образование Александрово-Гайского муниципального района | B53: =E53+H53+K53+N53+Q53+T53+W53+Z53+AC53+AF53+AI53+AL53+AO53+AR53+AU53+AX53+BA53+BD53+BG53+BJ53+BM53+BP53+BS53+BV53+BY53+CB53+CE53+CH53+CK53+CN53+CQ53+CT53+CW53+CZ53+DC53+DF53 -> 5262.6 | C53: =F53+I53+L53+O53+R53+U53+X53+AA53+AD53+AG53+AJ53+AM53+AP53+AS53+AV53+AY53+BB53+BE53+BH53+BK53+BN53+BQ53+BT53+BW53+BZ53+CC53+CF53+CI53+CL53+CO53+CR53+CU53+CX53+DA53+DD53+DG53 -> 0 | D53: =C53/B53*100 -> 0 | BM53: 5262.6
A54: Новоалександровское муниципальное образование Александрово-Гайского муниципального района | B54: =E54+H54+K54+N54+Q54+T54+W54+Z54+AC54+AF54+AI54+AL54+AO54+AR54+AU54+AX54+BA54+BD54+BG54+BJ54+BM54+BP54+BS54+BV54+BY54+CB54+CE54+CH54+CK54+CN54+CQ54+CT54+CW54+CZ54+DC54+DF54 -> 500 | C54: =F54+I54+L54+O54+R54+U54+X54+AA54+AD54+AG54+AJ54+AM54+AP54+AS54+AV54+AY54+BB54+BE54+BH54+BK54+BN54+BQ54+BT54+BW54+BZ54+CC54+CF54+CI54+CL54+CO54+CR54+CU54+CX54+DA54+DD54+DG54 -> 0 | D54: =C54/B54*100 -> 0 | CQ54: 500
A55: Муниципальное образование город Аркадак Аркадакского муниципального района | B55: =E55+H55+K55+N55+Q55+T55+W55+Z55+AC55+AF55+AI55+AL55+AO55+AR55+AU55+AX55+BA55+BD55+BG55+BJ55+BM55+BP55+BS55+BV55+BY55+CB55+CE55+CH55+CK55+CN55+CQ55+CT55+CW55+CZ55+DC55+DF55 -> 6402.2 | C55: =F55+I55+L55+O55+R55+U55+X55+AA55+AD55+AG55+AJ55+AM55+AP55+AS55+AV55+AY55+BB55+BE55+BH55+BK55+BN55+BQ55+BT55+BW55+BZ55+CC55+CF55+CI55+CL55+CO55+CR55+CU55+CX55+DA55+DD55+DG55 -> 0 | D55: =C55/B55*100 -> 0 | BM55: 6402.2 | BO55: =BN55/BM55*100 -> 0
A56: Краснознаменское муниципальное образование Аркадакского муниципального района | B56: =E56+H56+K56+N56+Q56+T56+W56+Z56+AC56+AF56+AI56+AL56+AO56+AR56+AU56+AX56+BA56+BD56+BG56+BJ56+BM56+BP56+BS56+BV56+BY56+CB56+CE56+CH56+CK56+CN56+CQ56+CT56+CW56+CZ56+DC56+DF56 -> 500 | C56: =F56+I56+L56+O56+R56+U56+X56+AA56+AD56+AG56+AJ56+AM56+AP56+AS56+AV56+AY56+BB56+BE56+BH56+BK56+BN56+BQ56+BT56+BW56+BZ56+CC56+CF56+CI56+CL56+CO56+CR56+CU56+CX56+DA56+DD56+DG56 -> 0 | D56: =C56/B56*100 -> 0 | CQ56: 500
A57: Муниципальное образование город Аткарск Аткарского муниципального района | B57: =E57+H57+K57+N57+Q57+T57+W57+Z57+AC57+AF57+AI57+AL57+AO57+AR57+AU57+AX57+BA57+BD57+BG57+BJ57+BM57+BP57+BS57+BV57+BY57+CB57+CE57+CH57+CK57+CN57+CQ57+CT57+CW57+CZ57+DC57+DF57 -> 10528.5 | C57: =F57+I57+L57+O57+R57+U57+X57+AA57+AD57+AG57+AJ57+AM57+AP57+AS57+AV57+AY57+BB57+BE57+BH57+BK57+BN57+BQ57+BT57+BW57+BZ57+CC57+CF57+CI57+CL57+CO57+CR57+CU57+CX57+DA57+DD57+DG57 -> 105.9 | D57: =C57/B57*100 -> 1.0058413 | BG57: 1770.7 | BH57: 105.9 | BI57: =BH57/BG57*100 -> 5.9806856 | BM57: 8757.8 | BO57: =BN57/BM57*100 -> 0
A58: Барановское муниципальное образование Аткарского муниципального района | B58: =E58+H58+K58+N58+Q58+T58+W58+Z58+AC58+AF58+AI58+AL58+AO58+AR58+AU58+AX58+BA58+BD58+BG58+BJ58+BM58+BP58+BS58+BV58+BY58+CB58+CE58+CH58+CK58+CN58+CQ58+CT58+CW58+CZ58+DC58+DF58 -> 234.2 | C58: =F58+I58+L58+O58+R58+U58+X58+AA58+AD58+AG58+AJ58+AM58+AP58+AS58+AV58+AY58+BB58+BE58+BH58+BK58+BN58+BQ58+BT58+BW58+BZ58+CC58+CF58+CI58+CL58+CO58+CR58+CU58+CX58+DA58+DD58+DG58 -> 0 | D58: =C58/B58*100 -> 0 | BG58: 234.2 | BI58: =BH58/BG58*100 -> 0
A59: Большеекатериновское муниципальное образование Аткарского муниципального района | B59: =E59+H59+K59+N59+Q59+T59+W59+Z59+AC59+AF59+AI59+AL59+AO59+AR59+AU59+AX59+BA59+BD59+BG59+BJ59+BM59+BP59+BS59+BV59+BY59+CB59+CE59+CH59+CK59+CN59+CQ59+CT59+CW59+CZ59+DC59+DF59 -> 0 | C59: =F59+I59+L59+O59+R59+U59+X59+AA59+AD59+AG59+AJ59+AM59+AP59+AS59+AV59+AY59+BB59+BE59+BH59+BK59+BN59+BQ59+BT59+BW59+BZ59+CC59+CF59+CI59+CL59+CO59+CR59+CU59+CX59+DA59+DD59+DG59 -> 0
A60: Даниловское муниципальное образование Аткарского муниципального района | B60: =E60+H60+K60+N60+Q60+T60+W60+Z60+AC60+AF60+AI60+AL60+AO60+AR60+AU60+AX60+BA60+BD60+BG60+BJ60+BM60+BP60+BS60+BV60+BY60+CB60+CE60+CH60+CK60+CN60+CQ60+CT60+CW60+CZ60+DC60+DF60 -> 772 | C60: =F60+I60+L60+O60+R60+U60+X60+AA60+AD60+AG60+AJ60+AM60+AP60+AS60+AV60+AY60+BB60+BE60+BH60+BK60+BN60+BQ60+BT60+BW60+BZ60+CC60+CF60+CI60+CL60+CO60+CR60+CU60+CX60+DA60+DD60+DG60 -> 18.1 | BG60: 272 | BH60: 18.1 | BI60: =BH60/BG60*100 -> 6.6544118 | CQ60: 500
A61: Ершовское муниципальное образование Аткарского муниципального района | B61: =E61+H61+K61+N61+Q61+T61+W61+Z61+AC61+AF61+AI61+AL61+AO61+AR61+AU61+AX61+BA61+BD61+BG61+BJ61+BM61+BP61+BS61+BV61+BY61+CB61+CE61+CH61+CK61+CN61+CQ61+CT61+CW61+CZ61+DC61+DF61 -> 138.7 | C61: =F61+I61+L61+O61+R61+U61+X61+AA61+AD61+AG61+AJ61+AM61+AP61+AS61+AV61+AY61+BB61+BE61+BH61+BK61+BN61+BQ61+BT61+BW61+BZ61+CC61+CF61+CI61+CL61+CO61+CR61+CU61+CX61+DA61+DD61+DG61 -> 0 | BG61: 138.7 | BI61: =BH61/BG61*100 -> 0
A62: Кочетовское муниципальное образование Аткарского муниципального района | B62: =E62+H62+K62+N62+Q62+T62+W62+Z62+AC62+AF62+AI62+AL62+AO62+AR62+AU62+AX62+BA62+BD62+BG62+BJ62+BM62+BP62+BS62+BV62+BY62+CB62+CE62+CH62+CK62+CN62+CQ62+CT62+CW62+CZ62+DC62+DF62 -> 114.3 | C62: =F62+I62+L62+O62+R62+U62+X62+AA62+AD62+AG62+AJ62+AM62+AP62+AS62+AV62+AY62+BB62+BE62+BH62+BK62+BN62+BQ62+BT62+BW62+BZ62+CC62+CF62+CI62+CL62+CO62+CR62+CU62+CX62+DA62+DD62+DG62 -> 17.5 | D62: =C62/B62*100 -> 15.310586 | BG62: 114.3 | BH62: 17.5 | BI62: =BH62/BG62*100 -> 15.310586
A63: Лопуховское муниципальное образование Аткарского муниципального района | B63: =E63+H63+K63+N63+Q63+T63+W63+Z63+AC63+AF63+AI63+AL63+AO63+AR63+AU63+AX63+BA63+BD63+BG63+BJ63+BM63+BP63+BS63+BV63+BY63+CB63+CE63+CH63+CK63+CN63+CQ63+CT63+CW63+CZ63+DC63+DF63 -> 68.3 | C63: =F63+I63+L63+O63+R63+U63+X63+AA63+AD63+AG63+AJ63+AM63+AP63+AS63+AV63+AY63+BB63+BE63+BH63+BK63+BN63+BQ63+BT63+BW63+BZ63+CC63+CF63+CI63+CL63+CO63+CR63+CU63+CX63+DA63+DD63+DG63 -> 10.8 | BG63: 68.3 | BH63: 10.8 | BI63: =BH63/BG63*100 -> 15.812592
A64: Озерное муниципальное образование Аткарского муниципального района | B64: =E64+H64+K64+N64+Q64+T64+W64+Z64+AC64+AF64+AI64+AL64+AO64+AR64+AU64+AX64+BA64+BD64+BG64+BJ64+BM64+BP64+BS64+BV64+BY64+CB64+CE64+CH64+CK64+CN64+CQ64+CT64+CW64+CZ64+DC64+DF64 -> 33.8 | C64: =F64+I64+L64+O64+R64+U64+X64+AA64+AD64+AG64+AJ64+AM64+AP64+AS64+AV64+AY64+BB64+BE64+BH64+BK64+BN64+BQ64+BT64+BW64+BZ64+CC64+CF64+CI64+CL64+CO64+CR64+CU64+CX64+DA64+DD64+DG64 -> 5.2 | BG64: 33.8 | BH64: 5.2 | BI64: =BH64/BG64*100 -> 15.384615
A65: Песчанское муниципальное образование Аткарского муниципального района | B65: =E65+H65+K65+N65+Q65+T65+W65+Z65+AC65+AF65+AI65+AL65+AO65+AR65+AU65+AX65+BA65+BD65+BG65+BJ65+BM65+BP65+BS65+BV65+BY65+CB65+CE65+CH65+CK65+CN65+CQ65+CT65+CW65+CZ65+DC65+DF65 -> 0 | C65: =F65+I65+L65+O65+R65+U65+X65+AA65+AD65+AG65+AJ65+AM65+AP65+AS65+AV65+AY65+BB65+BE65+BH65+BK65+BN65+BQ65+BT65+BW65+BZ65+CC65+CF65+CI65+CL65+CO65+CR65+CU65+CX65+DA65+DD65+DG65 -> 0
A66: Петровское муниципальное образование Аткарского муниципального района | B66: =E66+H66+K66+N66+Q66+T66+W66+Z66+AC66+AF66+AI66+AL66+AO66+AR66+AU66+AX66+BA66+BD66+BG66+BJ66+BM66+BP66+BS66+BV66+BY66+CB66+CE66+CH66+CK66+CN66+CQ66+CT66+CW66+CZ66+DC66+DF66 -> 0 | C66: =F66+I66+L66+O66+R66+U66+X66+AA66+AD66+AG66+AJ66+AM66+AP66+AS66+AV66+AY66+BB66+BE66+BH66+BK66+BN66+BQ66+BT66+BW66+BZ66+CC66+CF66+CI66+CL66+CO66+CR66+CU66+CX66+DA66+DD66+DG66 -> 0
A67: Тургеневское муниципальное образование Аткарского муниципального района | B67: =E67+H67+K67+N67+Q67+T67+W67+Z67+AC67+AF67+AI67+AL67+AO67+AR67+AU67+AX67+BA67+BD67+BG67+BJ67+BM67+BP67+BS67+BV67+BY67+CB67+CE67+CH67+CK67+CN67+CQ67+CT67+CW67+CZ67+DC67+DF67 -> 0 | C67: =F67+I67+L67+O67+R67+U67+X67+AA67+AD67+AG67+AJ67+AM67+AP67+AS67+AV67+AY67+BB67+BE67+BH67+BK67+BN67+BQ67+BT67+BW67+BZ67+CC67+CF67+CI67+CL67+CO67+CR67+CU67+CX67+DA67+DD67+DG67 -> 0
A68: Языковское муниципальное образование Аткарского муниципального района | B68: =E68+H68+K68+N68+Q68+T68+W68+Z68+AC68+AF68+AI68+AL68+AO68+AR68+AU68+AX68+BA68+BD68+BG68+BJ68+BM68+BP68+BS68+BV68+BY68+CB68+CE68+CH68+CK68+CN68+CQ68+CT68+CW68+CZ68+DC68+DF68 -> 0 | C68: =F68+I68+L68+O68+R68+U68+X68+AA68+AD68+AG68+AJ68+AM68+AP68+AS68+AV68+AY68+BB68+BE68+BH68+BK68+BN68+BQ68+BT68+BW68+BZ68+CC68+CF68+CI68+CL68+CO68+CR68+CU68+CX68+DA68+DD68+DG68 -> 0
A69: Базарно-Карабулакское муниципальное образование Базарно-Карабулакского муниципального района | B69: =E69+H69+K69+N69+Q69+T69+W69+Z69+AC69+AF69+AI69+AL69+AO69+AR69+AU69+AX69+BA69+BD69+BG69+BJ69+BM69+BP69+BS69+BV69+BY69+CB69+CE69+CH69+CK69+CN69+CQ69+CT69+CW69+CZ69+DC69+DF69 -> 8769.978 | C69: =F69+I69+L69+O69+R69+U69+X69+AA69+AD69+AG69+AJ69+AM69+AP69+AS69+AV69+AY69+BB69+BE69+BH69+BK69+BN69+BQ69+BT69+BW69+BZ69+CC69+CF69+CI69+CL69+CO69+CR69+CU69+CX69+DA69+DD69+DG69 -> 160.4 | D69: =C69/B69*100 -> 1.828967 | AC69: 2884.078 | BG69: 691.6 | BH69: 160.4 | BI69: =BH69/BG69*100 -> 23.192597 | BM69: 5194.3
A70: Максимовское муниципальное образование Базарно-Карабулакского муниципального района | B70: =E70+H70+K70+N70+Q70+T70+W70+Z70+AC70+AF70+AI70+AL70+AO70+AR70+AU70+AX70+BA70+BD70+BG70+BJ70+BM70+BP70+BS70+BV70+BY70+CB70+CE70+CH70+CK70+CN70+CQ70+CT70+CW70+CZ70+DC70+DF70 -> 100 | AF70: 100
A71: Свободинское муниципальное образование Базарно-Карабулакского муниципального района | B71: =E71+H71+K71+N71+Q71+T71+W71+Z71+AC71+AF71+AI71+AL71+AO71+AR71+AU71+AX71+BA71+BD71+BG71+BJ71+BM71+BP71+BS71+BV71+BY71+CB71+CE71+CH71+CK71+CN71+CQ71+CT71+CW71+CZ71+DC71+DF71 -> 500 | C71: =F71+I71+L71+O71+R71+U71+X71+AA71+AD71+AG71+AJ71+AM71+AP71+AS71+AV71+AY71+BB71+BE71+BH71+BK71+BN71+BQ71+BT71+BW71+BZ71+CC71+CF71+CI71+CL71+CO71+CR71+CU71+CX71+DA71+DD71+DG71 -> 0 | D71: =C71/B71*100 -> 0 | CQ71: 500
A72: Старожуковское муниципальное образование Базарно-Карабулакского муниципального района | B72: =E72+H72+K72+N72+Q72+T72+W72+Z72+AC72+AF72+AI72+AL72+AO72+AR72+AU72+AX72+BA72+BD72+BG72+BJ72+BM72+BP72+BS72+BV72+BY72+CB72+CE72+CH72+CK72+CN72+CQ72+CT72+CW72+CZ72+DC72+DF72 -> 0 | C72: =F72+I72+L72+O72+R72+U72+X72+AA72+AD72+AG72+AJ72+AM72+AP72+AS72+AV72+AY72+BB72+BE72+BH72+BK72+BN72+BQ72+BT72+BW72+BZ72+CC72+CF72+CI72+CL72+CO72+CR72+CU72+CX72+DA72+DD72+DG72 -> 0
A73: муниципальное образование г. Балаково Балаковского муниципального района | B73: =E73+H73+K73+N73+Q73+T73+W73+Z73+AC73+AF73+AI73+AL73+AO73+AR73+AU73+AX73+BA73+BD73+BG73+BJ73+BM73+BP73+BS73+BV73+BY73+CB73+CE73+CH73+CK73+CN73+CQ73+CT73+CW73+CZ73+DC73+DF73 -> 79698.2 | C73: =F73+I73+L73+O73+R73+U73+X73+AA73+AD73+AG73+AJ73+AM73+AP73+AS73+AV73+AY73+BB73+BE73+BH73+BK73+BN73+BQ73+BT73+BW73+BZ73+CC73+CF73+CI73+CL73+CO73+CR73+CU73+CX73+DA73+DD73+DG73 -> 480.3 | D73: =C73/B73*100 -> 0.60264849 | T73: 5658.3 | V73: =U73/T73*100 -> 0 | BG73: 2826.9 | BH73: 480.3 | BI73: =BH73/BG73*100 -> 16.990343 | BM73: 71213 | BO73: =BN73/BM73*100 -> 0
A74: Натальинское муниципальное образование Балаковского муниципального района | B74: =E74+H74+K74+N74+Q74+T74+W74+Z74+AC74+AF74+AI74+AL74+AO74+AR74+AU74+AX74+BA74+BD74+BG74+BJ74+BM74+BP74+BS74+BV74+BY74+CB74+CE74+CH74+CK74+CN74+CQ74+CT74+CW74+CZ74+DC74+DF74 -> 4814.008 | C74: =F74+I74+L74+O74+R74+U74+X74+AA74+AD74+AG74+AJ74+AM74+AP74+AS74+AV74+AY74+BB74+BE74+BH74+BK74+BN74+BQ74+BT74+BW74+BZ74+CC74+CF74+CI74+CL74+CO74+CR74+CU74+CX74+DA74+DD74+DG74 -> 0 | AC74: 2622.308 | AX74: 2191.7
A75: Быково-Отрогско муниципальное образование Балаковского муниципального района | B75: =E75+H75+K75+N75+Q75+T75+W75+Z75+AC75+AF75+AI75+AL75+AO75+AR75+AU75+AX75+BA75+BD75+BG75+BJ75+BM75+BP75+BS75+BV75+BY75+CB75+CE75+CH75+CK75+CN75+CQ75+CT75+CW75+CZ75+DC75+DF75 -> 1605.8 | C75: =F75+I75+L75+O75+R75+U75+X75+AA75+AD75+AG75+AJ75+AM75+AP75+AS75+AV75+AY75+BB75+BE75+BH75+BK75+BN75+BQ75+BT75+BW75+BZ75+CC75+CF75+CI75+CL75+CO75+CR75+CU75+CX75+DA75+DD75+DG75 -> 0 | AF75: 100 | AX75: 1505.8
A76: Муниципальное образование город Балашов Балашовского муниципального района | B76: =E76+H76+K76+N76+Q76+T76+W76+Z76+AC76+AF76+AI76+AL76+AO76+AR76+AU76+AX76+BA76+BD76+BG76+BJ76+BM76+BP76+BS76+BV76+BY76+CB76+CE76+CH76+CK76+CN76+CQ76+CT76+CW76+CZ76+DC76+DF76 -> 30622 | C76: =F76+I76+L76+O76+R76+U76+X76+AA76+AD76+AG76+AJ76+AM76+AP76+AS76+AV76+AY76+BB76+BE76+BH76+BK76+BN76+BQ76+BT76+BW76+BZ76+CC76+CF76+CI76+CL76+CO76+CR76+CU76+CX76+DA76+DD76+DG76 -> 0 | D76: =C76/B76*100 -> 0 | BM76: 30622 | BO76: =BN76/BM76*100 -> 0
A77: Лесновское муниципальное образование Балашовского муниципального района | B77: =E77+H77+K77+N77+Q77+T77+W77+Z77+AC77+AF77+AI77+AL77+AO77+AR77+AU77+AX77+BA77+BD77+BG77+BJ77+BM77+BP77+BS77+BV77+BY77+CB77+CE77+CH77+CK77+CN77+CQ77+CT77+CW77+CZ77+DC77+DF77 -> 500 | C77: =F77+I77+L77+O77+R77+U77+X77+AA77+AD77+AG77+AJ77+AM77+AP77+AS77+AV77+AY77+BB77+BE77+BH77+BK77+BN77+BQ77+BT77+BW77+BZ77+CC77+CF77+CI77+CL77+CO77+CR77+CU77+CX77+DA77+DD77+DG77 -> 0 | D77: =C77/B77*100 -> 0 | CQ77: 500
A78: Первомайское муниципальное образование Балашовского муниципального района | B78: =E78+H78+K78+N78+Q78+T78+W78+Z78+AC78+AF78+AI78+AL78+AO78+AR78+AU78+AX78+BA78+BD78+BG78+BJ78+BM78+BP78+BS78+BV78+BY78+CB78+CE78+CH78+CK78+CN78+CQ78+CT78+CW78+CZ78+DC78+DF78 -> 0 | C78: =F78+I78+L78+O78+R78+U78+X78+AA78+AD78+AG78+AJ78+AM78+AP78+AS78+AV78+AY78+BB78+BE78+BH78+BK78+BN78+BQ78+BT78+BW78+BZ78+CC78+CF78+CI78+CL78+CO78+CR78+CU78+CX78+DA78+DD78+DG78 -> 0
A79: Родничковское муниципальное образование Балашовского муниципального района | B79: =E79+H79+K79+N79+Q79+T79+W79+Z79+AC79+AF79+AI79+AL79+AO79+AR79+AU79+AX79+BA79+BD79+BG79+BJ79+BM79+BP79+BS79+BV79+BY79+CB79+CE79+CH79+CK79+CN79+CQ79+CT79+CW79+CZ79+DC79+DF79 -> 0 | C79: =F79+I79+L79+O79+R79+U79+X79+AA79+AD79+AG79+AJ79+AM79+AP79+AS79+AV79+AY79+BB79+BE79+BH79+BK79+BN79+BQ79+BT79+BW79+BZ79+CC79+CF79+CI79+CL79+CO79+CR79+CU79+CX79+DA79+DD79+DG79 -> 0
A80: Соцземледельское муниципальное образование Балашовского муниципального района | B80: =E80+H80+K80+N80+Q80+T80+W80+Z80+AC80+AF80+AI80+AL80+AO80+AR80+AU80+AX80+BA80+BD80+BG80+BJ80+BM80+BP80+BS80+BV80+BY80+CB80+CE80+CH80+CK80+CN80+CQ80+CT80+CW80+CZ80+DC80+DF80 -> 0 | C80: =F80+I80+L80+O80+R80+U80+X80+AA80+AD80+AG80+AJ80+AM80+AP80+AS80+AV80+AY80+BB80+BE80+BH80+BK80+BN80+BQ80+BT80+BW80+BZ80+CC80+CF80+CI80+CL80+CO80+CR80+CU80+CX80+DA80+DD80+DG80 -> 0
A81: Терновское муниципальное образование Балашовского муниципального района | B81: =E81+H81+K81+N81+Q81+T81+W81+Z81+AC81+AF81+AI81+AL81+AO81+AR81+AU81+AX81+BA81+BD81+BG81+BJ81+BM81+BP81+BS81+BV81+BY81+CB81+CE81+CH81+CK81+CN81+CQ81+CT81+CW81+CZ81+DC81+DF81 -> 0 | C81: =F81+I81+L81+O81+R81+U81+X81+AA81+AD81+AG81+AJ81+AM81+AP81+AS81+AV81+AY81+BB81+BE81+BH81+BK81+BN81+BQ81+BT81+BW81+BZ81+CC81+CF81+CI81+CL81+CO81+CR81+CU81+CX81+DA81+DD81+DG81 -> 0
A82: Балтайское муниципальное образование Балтайского муниципального района | B82: =E82+H82+K82+N82+Q82+T82+W82+Z82+AC82+AF82+AI82+AL82+AO82+AR82+AU82+AX82+BA82+BD82+BG82+BJ82+BM82+BP82+BS82+BV82+BY82+CB82+CE82+CH82+CK82+CN82+CQ82+CT82+CW82+CZ82+DC82+DF82 -> 1026.8 | C82: =F82+I82+L82+O82+R82+U82+X82+AA82+AD82+AG82+AJ82+AM82+AP82+AS82+AV82+AY82+BB82+BE82+BH82+BK82+BN82+BQ82+BT82+BW82+BZ82+CC82+CF82+CI82+CL82+CO82+CR82+CU82+CX82+DA82+DD82+DG82 -> 0 | D82: =C82/B82*100 -> 0 | BM82: 1026.8
A83: Большеозерское муниципальное образование Балтайского муниципального района | B83: =E83+H83+K83+N83+Q83+T83+W83+Z83+AC83+AF83+AI83+AL83+AO83+AR83+AU83+AX83+BA83+BD83+BG83+BJ83+BM83+BP83+BS83+BV83+BY83+CB83+CE83+CH83+CK83+CN83+CQ83+CT83+CW83+CZ83+DC83+DF83 -> 500 | C83: =F83+I83+L83+O83+R83+U83+X83+AA83+AD83+AG83+AJ83+AM83+AP83+AS83+AV83+AY83+BB83+BE83+BH83+BK83+BN83+BQ83+BT83+BW83+BZ83+CC83+CF83+CI83+CL83+CO83+CR83+CU83+CX83+DA83+DD83+DG83 -> 0 | D83: =C83/B83*100 -> 0 | CQ83: 500
A84: муниципальное образование г. Вольск Вольского муниципального района | B84: =E84+H84+K84+N84+Q84+T84+W84+Z84+AC84+AF84+AI84+AL84+AO84+AR84+AU84+AX84+BA84+BD84+BG84+BJ84+BM84+BP84+BS84+BV84+BY84+CB84+CE84+CH84+CK84+CN84+CQ84+CT84+CW84+CZ84+DC84+DF84 -> 43849.3 | C84: =F84+I84+L84+O84+R84+U84+X84+AA84+AD84+AG84+AJ84+AM84+AP84+AS84+AV84+AY84+BB84+BE84+BH84+BK84+BN84+BQ84+BT84+BW84+BZ84+CC84+CF84+CI84+CL84+CO84+CR84+CU84+CX84+DA84+DD84+DG84 -> 0 | D84: =C84/B84*100 -> 0 | BM84: 43849.3 | BO84: =BN84/BM84*100 -> 0
A85: Барановское муниципальное образование Вольского муниципального район | B85: =E85+H85+K85+N85+Q85+T85+W85+Z85+AC85+AF85+AI85+AL85+AO85+AR85+AU85+AX85+BA85+BD85+BG85+BJ85+BM85+BP85+BS85+BV85+BY85+CB85+CE85+CH85+CK85+CN85+CQ85+CT85+CW85+CZ85+DC85+DF85 -> 78.5 | C85: =F85+I85+L85+O85+R85+U85+X85+AA85+AD85+AG85+AJ85+AM85+AP85+AS85+AV85+AY85+BB85+BE85+BH85+BK85+BN85+BQ85+BT85+BW85+BZ85+CC85+CF85+CI85+CL85+CO85+CR85+CU85+CX85+DA85+DD85+DG85 -> 18.1 | BG85: 78.5 | BH85: 18.1 | BI85: =BH85/BG85*100 -> 23.057325
A86: Белогорновское муниципальное образование Вольского муниципального район | B86: =E86+H86+K86+N86+Q86+T86+W86+Z86+AC86+AF86+AI86+AL86+AO86+AR86+AU86+AX86+BA86+BD86+BG86+BJ86+BM86+BP86+BS86+BV86+BY86+CB86+CE86+CH86+CK86+CN86+CQ86+CT86+CW86+CZ86+DC86+DF86 -> 217.5 | C86: =F86+I86+L86+O86+R86+U86+X86+AA86+AD86+AG86+AJ86+AM86+AP86+AS86+AV86+AY86+BB86+BE86+BH86+BK86+BN86+BQ86+BT86+BW86+BZ86+CC86+CF86+CI86+CL86+CO86+CR86+CU86+CX86+DA86+DD86+DG86 -> 32 | BG86: 217.5 | BH86: 32 | BI86: =BH86/BG86*100 -> 14.712644
A87: Верхнечернавское муниципальное образование Вольского муниципального район | B87: =E87+H87+K87+N87+Q87+T87+W87+Z87+AC87+AF87+AI87+AL87+AO87+AR87+AU87+AX87+BA87+BD87+BG87+BJ87+BM87+BP87+BS87+BV87+BY87+CB87+CE87+CH87+CK87+CN87+CQ87+CT87+CW87+CZ87+DC87+DF87 -> 84.2 | C87: =F87+I87+L87+O87+R87+U87+X87+AA87+AD87+AG87+AJ87+AM87+AP87+AS87+AV87+AY87+BB87+BE87+BH87+BK87+BN87+BQ87+BT87+BW87+BZ87+CC87+CF87+CI87+CL87+CO87+CR87+CU87+CX87+DA87+DD87+DG87 -> 19.9 | BG87: 84.2 | BH87: 19.9 | BI87: =BH87/BG87*100 -> 23.634204
A88: Кряжимское муниципальное образование Вольского муниципального район | B88: =E88+H88+K88+N88+Q88+T88+W88+Z88+AC88+AF88+AI88+AL88+AO88+AR88+AU88+AX88+BA88+BD88+BG88+BJ88+BM88+BP88+BS88+BV88+BY88+CB88+CE88+CH88+CK88+CN88+CQ88+CT88+CW88+CZ88+DC88+DF88 -> 151.4 | C88: =F88+I88+L88+O88+R88+U88+X88+AA88+AD88+AG88+AJ88+AM88+AP88+AS88+AV88+AY88+BB88+BE88+BH88+BK88+BN88+BQ88+BT88+BW88+BZ88+CC88+CF88+CI88+CL88+CO88+CR88+CU88+CX88+DA88+DD88+DG88 -> 21.9 | BG88: 151.4 | BH88: 21.9 | BI88: =BH88/BG88*100 -> 14.464993
A89: Колоярское муниципальное образование Вольского муниципального район | B89: =E89+H89+K89+N89+Q89+T89+W89+Z89+AC89+AF89+AI89+AL89+AO89+AR89+AU89+AX89+BA89+BD89+BG89+BJ89+BM89+BP89+BS89+BV89+BY89+CB89+CE89+CH89+CK89+CN89+CQ89+CT89+CW89+CZ89+DC89+DF89 -> 96.4 | C89: =F89+I89+L89+O89+R89+U89+X89+AA89+AD89+AG89+AJ89+AM89+AP89+AS89+AV89+AY89+BB89+BE89+BH89+BK89+BN89+BQ89+BT89+BW89+BZ89+CC89+CF89+CI89+CL89+CO89+CR89+CU89+CX89+DA89+DD89+DG89 -> 13.7 | BG89: 96.4 | BH89: 13.7 | BI89: =BH89/BG89*100 -> 14.211618
A90: Куриловское муниципальное образование Вольского муниципального район | B90: =E90+H90+K90+N90+Q90+T90+W90+Z90+AC90+AF90+AI90+AL90+AO90+AR90+AU90+AX90+BA90+BD90+BG90+BJ90+BM90+BP90+BS90+BV90+BY90+CB90+CE90+CH90+CK90+CN90+CQ90+CT90+CW90+CZ90+DC90+DF90 -> 87 | C90: =F90+I90+L90+O90+R90+U90+X90+AA90+AD90+AG90+AJ90+AM90+AP90+AS90+AV90+AY90+BB90+BE90+BH90+BK90+BN90+BQ90+BT90+BW90+BZ90+CC90+CF90+CI90+CL90+CO90+CR90+CU90+CX90+DA90+DD90+DG90 -> 19.4 | BG90: 87 | BH90: 19.4 | BI90: =BH90/BG90*100 -> 22.298851
A91: Междуреченское муниципальное образование Вольского муниципального район | B91: =E91+H91+K91+N91+Q91+T91+W91+Z91+AC91+AF91+AI91+AL91+AO91+AR91+AU91+AX91+BA91+BD91+BG91+BJ91+BM91+BP91+BS91+BV91+BY91+CB91+CE91+CH91+CK91+CN91+CQ91+CT91+CW91+CZ91+DC91+DF91 -> 675 | C91: =F91+I91+L91+O91+R91+U91+X91+AA91+AD91+AG91+AJ91+AM91+AP91+AS91+AV91+AY91+BB91+BE91+BH91+BK91+BN91+BQ91+BT91+BW91+BZ91+CC91+CF91+CI91+CL91+CO91+CR91+CU91+CX91+DA91+DD91+DG91 -> 26.4 | BG91: 175 | BH91: 26.4 | BI91: =BH91/BG91*100 -> 15.085714 | CQ91: 500
A92: Нижнечернавское муниципальное образование Вольского муниципального район | B92: =E92+H92+K92+N92+Q92+T92+W92+Z92+AC92+AF92+AI92+AL92+AO92+AR92+AU92+AX92+BA92+BD92+BG92+BJ92+BM92+BP92+BS92+BV92+BY92+CB92+CE92+CH92+CK92+CN92+CQ92+CT92+CW92+CZ92+DC92+DF92 -> 87 | C92: =F92+I92+L92+O92+R92+U92+X92+AA92+AD92+AG92+AJ92+AM92+AP92+AS92+AV92+AY92+BB92+BE92+BH92+BK92+BN92+BQ92+BT92+BW92+BZ92+CC92+CF92+CI92+CL92+CO92+CR92+CU92+CX92+DA92+DD92+DG92 -> 16.7 | BG92: 87 | BH92: 16.7 | BI92: =BH92/BG92*100 -> 19.195402
A93: Покровское муниципальное образование Вольского муниципального район | B93: =E93+H93+K93+N93+Q93+T93+W93+Z93+AC93+AF93+AI93+AL93+AO93+AR93+AU93+AX93+BA93+BD93+BG93+BJ93+BM93+BP93+BS93+BV93+BY93+CB93+CE93+CH93+CK93+CN93+CQ93+CT93+CW93+CZ93+DC93+DF93 -> 92.7 | C93: =F93+I93+L93+O93+R93+U93+X93+AA93+AD93+AG93+AJ93+AM93+AP93+AS93+AV93+AY93+BB93+BE93+BH93+BK93+BN93+BQ93+BT93+BW93+BZ93+CC93+CF93+CI93+CL93+CO93+CR93+CU93+CX93+DA93+DD93+DG93 -> 15.9 | BG93: 92.7 | BH93: 15.9 | BI93: =BH93/BG93*100 -> 17.152104
A94: Сенное муниципальное образование Вольского муниципального район | B94: =E94+H94+K94+N94+Q94+T94+W94+Z94+AC94+AF94+AI94+AL94+AO94+AR94+AU94+AX94+BA94+BD94+BG94+BJ94+BM94+BP94+BS94+BV94+BY94+CB94+CE94+CH94+CK94+CN94+CQ94+CT94+CW94+CZ94+DC94+DF94 -> 283 | C94: =F94+I94+L94+O94+R94+U94+X94+AA94+AD94+AG94+AJ94+AM94+AP94+AS94+AV94+AY94+BB94+BE94+BH94+BK94+BN94+BQ94+BT94+BW94+BZ94+CC94+CF94+CI94+CL94+CO94+CR94+CU94+CX94+DA94+DD94+DG94 -> 14.8 | BG94: 283 | BH94: 14.8 | BI94: =BH94/BG94*100 -> 5.229682
A95: Талалихинское муниципальное образование Вольского муниципального район | B95: =E95+H95+K95+N95+Q95+T95+W95+Z95+AC95+AF95+AI95+AL95+AO95+AR95+AU95+AX95+BA95+BD95+BG95+BJ95+BM95+BP95+BS95+BV95+BY95+CB95+CE95+CH95+CK95+CN95+CQ95+CT95+CW95+CZ95+DC95+DF95 -> 179.7 | C95: =F95+I95+L95+O95+R95+U95+X95+AA95+AD95+AG95+AJ95+AM95+AP95+AS95+AV95+AY95+BB95+BE95+BH95+BK95+BN95+BQ95+BT95+BW95+BZ95+CC95+CF95+CI95+CL95+CO95+CR95+CU95+CX95+DA95+DD95+DG95 -> 21.8 | BG95: 179.7 | BH95: 21.8 | BI95: =BH95/BG95*100 -> 12.13133
A96: Терсинское муниципальное образование Вольского муниципального район | B96: =E96+H96+K96+N96+Q96+T96+W96+Z96+AC96+AF96+AI96+AL96+AO96+AR96+AU96+AX96+BA96+BD96+BG96+BJ96+BM96+BP96+BS96+BV96+BY96+CB96+CE96+CH96+CK96+CN96+CQ96+CT96+CW96+CZ96+DC96+DF96 -> 130.5 | C96: =F96+I96+L96+O96+R96+U96+X96+AA96+AD96+AG96+AJ96+AM96+AP96+AS96+AV96+AY96+BB96+BE96+BH96+BK96+BN96+BQ96+BT96+BW96+BZ96+CC96+CF96+CI96+CL96+CO96+CR96+CU96+CX96+DA96+DD96+DG96 -> 9.7 | BG96: 130.5 | BH96: 9.7 | BI96: =BH96/BG96*100 -> 7.4329502
A97: Черкасское муниципальное образование Вольского муниципального район | B97: =E97+H97+K97+N97+Q97+T97+W97+Z97+AC97+AF97+AI97+AL97+AO97+AR97+AU97+AX97+BA97+BD97+BG97+BJ97+BM97+BP97+BS97+BV97+BY97+CB97+CE97+CH97+CK97+CN97+CQ97+CT97+CW97+CZ97+DC97+DF97 -> 81.3 | C97: =F97+I97+L97+O97+R97+U97+X97+AA97+AD97+AG97+AJ97+AM97+AP97+AS97+AV97+AY97+BB97+BE97+BH97+BK97+BN97+BQ97+BT97+BW97+BZ97+CC97+CF97+CI97+CL97+CO97+CR97+CU97+CX97+DA97+DD97+DG97 -> 17.8 | BG97: 81.3 | BH97: 17.8 | BI97: =BH97/BG97*100 -> 21.894219
A98: Широкобуеракское муниципальное образование Вольского муниципального район | B98: =E98+H98+K98+N98+Q98+T98+W98+Z98+AC98+AF98+AI98+AL98+AO98+AR98+AU98+AX98+BA98+BD98+BG98+BJ98+BM98+BP98+BS98+BV98+BY98+CB98+CE98+CH98+CK98+CN98+CQ98+CT98+CW98+CZ98+DC98+DF98 -> 140 | C98: =F98+I98+L98+O98+R98+U98+X98+AA98+AD98+AG98+AJ98+AM98+AP98+AS98+AV98+AY98+BB98+BE98+BH98+BK98+BN98+BQ98+BT98+BW98+BZ98+CC98+CF98+CI98+CL98+CO98+CR98+CU98+CX98+DA98+DD98+DG98 -> 33 | BG98: 140 | BH98: 33 | BI98: =BH98/BG98*100 -> 23.571429
A99: Воскресенское муниципальное образование Воскресенского муниципального района | B99: =E99+H99+K99+N99+Q99+T99+W99+Z99+AC99+AF99+AI99+AL99+AO99+AR99+AU99+AX99+BA99+BD99+BG99+BJ99+BM99+BP99+BS99+BV99+BY99+CB99+CE99+CH99+CK99+CN99+CQ99+CT99+CW99+CZ99+DC99+DF99 -> 1087.2 | C99: =F99+I99+L99+O99+R99+U99+X99+AA99+AD99+AG99+AJ99+AM99+AP99+AS99+AV99+AY99+BB99+BE99+BH99+BK99+BN99+BQ99+BT99+BW99+BZ99+CC99+CF99+CI99+CL99+CO99+CR99+CU99+CX99+DA99+DD99+DG99 -> 0 | BM99: 1087.2
A100: Синодское муниципальное образование Воскресенского муниципального района | B100: =E100+H100+K100+N100+Q100+T100+W100+Z100+AC100+AF100+AI100+AL100+AO100+AR100+AU100+AX100+BA100+BD100+BG100+BJ100+BM100+BP100+BS100+BV100+BY100+CB100+CE100+CH100+CK100+CN100+CQ100+CT100+CW100+CZ100+DC100+DF100 -> 500 | C100: =F100+I100+L100+O100+R100+U100+X100+AA100+AD100+AG100+AJ100+AM100+AP100+AS100+AV100+AY100+BB100+BE100+BH100+BK100+BN100+BQ100+BT100+BW100+BZ100+CC100+CF100+CI100+CL100+CO100+CR100+CU100+CX100+DA100+DD100+DG100 -> 0 | CQ100: 500
A101: Верхазовское муниципальное образование Дергачевского муниципального района | B101: =E101+H101+K101+N101+Q101+T101+W101+Z101+AC101+AF101+AI101+AL101+AO101+AR101+AU101+AX101+BA101+BD101+BG101+BJ101+BM101+BP101+BS101+BV101+BY101+CB101+CE101+CH101+CK101+CN101+CQ101+CT101+CW101+CZ101+DC101+DF101 -> 72.9 | C101: =F101+I101+L101+O101+R101+U101+X101+AA101+AD101+AG101+AJ101+AM101+AP101+AS101+AV101+AY101+BB101+BE101+BH101+BK101+BN101+BQ101+BT101+BW101+BZ101+CC101+CF101+CI101+CL101+CO101+CR101+CU101+CX101+DA101+DD101+DG101 -> 10.3 | BG101: 72.9 | BH101: 10.3 | BI101: =BH101/BG101*100 -> 14.128944
...

Sheet Субвенции 
AP1: Продолжение таблицы | BK1: Продолжение таблицы
B3: Сведения о предоставлении из бюджета Саратовской области межбюджетных трансфертов местным бюджетам за I квартал 2019 года | W3: Сведения о предоставлении из бюджета Саратовской области межбюджетных трансфертов местным бюджетам за I квартал 2019 года | AR3: Сведения о предоставлении из бюджета Саратовской области межбюджетных трансфертов местным бюджетам за I квартал 2019 года
U6: тыс.рублей | AP6: тыс.рублей | BK6: тыс.рублей
A7: Наименование муниципальных образований | B7: Субвенции, всего | E7: в том числе | W7: в том числе | AR7: в том числе
E8: на частичное финансирование расходов на присмотр и уход за детьми дошкольного возраста в муниципальных образовательных организациях, реализующих основную общеобразовательную программу дошкольного образования | H8: на осуществление органами местного самоуправления государственных полномочий по организации предоставления компенсации родительской платы и расходы по оплате услуг почтовой связи и банковских услуг, оказываемых банками, по выплате за присмотр и уход за детьми в образовательных организациях, реализующих основную общеобразовательную программу дошкольного образования | K8: на компенсацию родительской платы за присмотр и уход за детьми в образовательных организациях, реализующих основную общеобразовательную программу дошкольного образования | N8: на финансовое обеспечение образовательной деятельности муниципальных дошкольных образовательных организаций | Q8: на предоставление питания отдельным категориям обучающихся в муниципальных образовательных организациях, реализующих образовательные программы начального общего, основного общего и среднего общего образования | T8: на осуществление органами местного самоуправления государственных полномочий по организации предоставления питания отдельным категориям обучающихся в муниципальных образовательных организациях, реализующих образовательные программы начального общего, основного общего и среднего общего образования, и частичному финансированию расходов на присмотр и уход за детьми дошкольного возраста в муниципальных образовательных организациях, реализующих основную общеобразовательную программу дошкольного образования | W8: на финансовое обеспечение образовательной деятельности муниципальных общеобразовательных учреждений | Z8: на осуществление органами местного самоуправления отдельных государственных полномочий по осуществлению деятельности по опеке и попечительству в отношении несовершеннолетних граждан в части расходов на оплату труда, уплату страховых взносов по обязательному социальному страхованию в государственные внебюджетные фонды Российской Федерации, обеспечение деятельности штатных работников | AC8: на осуществление органами местного самоуправления отдельных государственных полномочий по осуществлению деятельности по опеке и попечительству в отношении несовершеннолетних граждан в части расходов на обеспечение деятельности по сохранению, содержанию и ремонту пустующих жилых помещений, закрепленных за детьми-сиротами и детьми, оставшимися без попечения родителей | AF8: на осуществление органами местного самоуправления государственных полномочий по организации предоставления гражданам субсидий на оплату жилого помещения и коммунальных услуг | AI8: на осуществление органами местного самоуправления государственных полномочий по предоставлению гражданам субсидий на оплату жилого помещения и коммунальных услуг | AL8: на осуществление органами местного самоуправления государственных полномочий по созданию и организации деятельности комиссий по делам несовершеннолетних и защите их прав | AO8: на осуществление органами местного самоуправления государственных полномочий по образованию и обеспечению деятельности административных комиссий, определению перечня должностных лиц, уполномоченных составлять протоколы об административных правонарушениях | AR8: на исполнение государственных полномочий по расчету и предоставлению дотаций поселениям | AU8: на осуществление органами местного самоуправления отдельных государственных полномочий по санкционированию финансовыми органами муниципальных образований области кассовых выплат получателям средств областного бюджета, областным государственным автономным и бюджетным учреждениям, иным юридическим лицам, не являющимся участниками бюджетного процесса, расположенным на территориях муниципальных образований области | AX8: на осуществление органами местного самоуправления поселений и органами местного самоуправления городских округов полномочий по первичному воинскому учету на территориях, где отсутствуют военные комиссариаты | BA8: на осуществление органами местного самоуправления отдельных государственных полномочий по государственному управлению охраной труда | BD8: на осуществление органами местного самоуправления отдельных государственных полномочий по осуществлению деятельности по опеке и попечительству в отношении совершеннолетних граждан | BG8: на осуществление органами местного самоуправления отдельных государственных полномочий на организацию проведения мероприятий по отлову и содержанию безнадзорных животных | BJ8: на проведение мероприятий по отлову и содержанию безнадзорных животных
B9: утвержденные бюджетные назначения | C9: исполнено | D9: % исполнения | E9: утвержденные бюджетные назначения* | F9: исполнено | G9: % исполнения | H9: утвержденные бюджетные назначения* | I9: исполнено | J9: % исполнения | K9: утвержденные бюджетные назначения* | L9: исполнено | M9: % исполнения | N9: утвержденные бюджетные назначения* | O9: исполнено | P9: % исполнения | Q9: утвержденные бюджетные назначения* | R9: исполнено | S9: % исполнения | T9: утвержденные бюджетные назначения* | U9: исполнено | V9: % исполнения | W9: утвержденные бюджетные назначения* | X9: исполнено | Y9: % исполнения | Z9: утвержденные бюджетные назначения* | AA9: исполнено | AB9: % исполнения | AC9: утвержденные бюджетные назначения* | AD9: исполнено | AE9: % исполнения | AF9: утвержденные бюджетные назначения* | AG9: исполнено | AH9: % исполнения | AI9: утвержденные бюджетные назначения* | AJ9: исполнено | AK9: % исполнения | AL9: утвержденные бюджетные назначения* | AM9: исполнено | AN9: % исполнения | AO9: утвержденные бюджетные назначения* | AP9: исполнено | AQ9: % исполнения | AR9: утвержденные бюджетные назначения* | AS9: исполнено | AT9: % исполнения | AU9: утвержденные бюджетные назначения* | AV9: исполнено | AW9: % исполнения | AX9: утвержденные бюджетные назначения* | AY9: исполнено | AZ9: % исполнения | BA9: утвержденные бюджетные назначения* | BB9: исполнено | BC9: % исполнения | BD9: утвержденные бюджетные назначения* | BE9: исполнено | BF9: % исполнения | BG9: утвержденные бюджетные назначения* | BH9: исполнено | BI9: % исполнения | BJ9: утвержденные бюджетные назначения* | BK9: исполнено | BL9: % исполнения
A10: Муниципальные районы области: | B10: =SUM(B11:B48) -> 12570808 | C10: =SUM(C11:C48) -> 2676614.5 | D10: =C10/B10*100 -> 21.292302 | E10: =SUM(E11:E48) -> 56895.4 | F10: =SUM(F11:F48) -> 10833.4 | G10: =F10/E10*100 -> 19.040907 | H10: =SUM(H11:H48) -> 12347.6 | I10: =SUM(I11:I48) -> 2109.5421 | J10: =I10/H10*100 -> 17.084633 | K10: =SUM(K11:K48) -> 278572.6 | L10: =SUM(L11:L48) -> 74235.94 | M10: =L10/K10*100 -> 26.648687 | N10: =SUM(N11:N48) -> 2908280.4 | O10: =SUM(O11:O48) -> 549929.7 | P10: =O10/N10*100 -> 18.909102 | Q10: =SUM(Q11:Q48) -> 198196.4 | R10: =SUM(R11:R48) -> 41856.653 | S10: =R10/Q10*100 -> 21.118775 | T10: =SUM(T11:T48) -> 12474.1 | U10: =SUM(U11:U48) -> 1908.6204 | V10: =U10/T10*100 -> 15.300667 | W10: =SUM(W11:W48) -> 8500278.4 | X10: =SUM(X11:X48) -> 1800934 | Y10: =X10/W10*100 -> 21.186764 | Z10: =SUM(Z11:Z48) -> 28026.2 | AA10: =SUM(AA11:AA48) -> 5355.6098 | AB10: =AA10/Z10*100 -> 19.109297 | AC10: =SUM(AC11:AC48) -> 1237.8 | AD10: =SUM(AD11:AD48) -> 29.6 | AE10: =AD10/AC10*100 -> 2.3913395 | AF10: =SUM(AF11:AF48) -> 22920.2 | AG10: =SUM(AG11:AG48) -> 4503.0696 | AH10: =AG10/AF10*100 -> 19.646729 | AI10: =SUM(AI11:AI48) -> 418273.8 | AJ10: =SUM(AJ11:AJ48) -> 157112.5 | AK10: =AJ10/AI10*100 -> 37.562118 | AL10: =SUM(AL11:AL48) -> 14421.7 | AM10: =SUM(AM11:AM48) -> 2804.7267 | AN10: =AM10/AL10*100 -> 19.447961 | AO10: =SUM(AO11:AO48) -> 9551.2 | AP10: =SUM(AP11:AP48) -> 1772.8 | AQ10: =AP10/AO10*100 -> 18.561019 | AR10: =SUM(AR11:AR48) -> 75631.1 | AS10: =SUM(AS11:AS48) -> 17961 | AT10: =AS10/AR10*100 -> 23.748167 | AU10: =SUM(AU11:AU48) -> 7710.3 | AV10: =SUM(AV11:AV48) -> 1525.8 | AW10: =AV10/AU10*100 -> 19.789113 | AX10: =SUM(AX11:AX48) -> 0 | AY10: =SUM(AY11:AY48) -> 0 | BA10: =SUM(BA11:BA48) -> 8634.4 | BB10: =SUM(BB11:BB48) -> 1641.0404 | BC10: =BB10/BA10*100 -> 19.005841 | BD10: =SUM(BD11:BD48) -> 11696.2 | BE10: =SUM(BE11:BE48) -> 2100.5 | BF10: =BE10/BD10*100 -> 17.958824 | BG10: =SUM(BG11:BG48) -> 147.3 | BH10: =SUM(BH11:BH48) -> 0 | BI10: =BH10/BG10*100 -> 0 | BJ10: =SUM(BJ11:BJ48) -> 5513.2 | BK10: =SUM(BK11:BK48) -> 0 | BL10: =BK10/BJ10*100 -> 0
A11: Александрово-Гайский | B11: =E11+H11+K11+N11+Q11+T11+W11+Z11+AC11+AF11+AI11+AL11+AO11+AR11+AU11+AX11+BA11+BD11+BG11+BJ11 -> 181945.7 | C11: =F11+I11+L11+O11+R11+U11+X11+AA11+AD11+AG11+AJ11+AM11+AP11+AS11+AV11+AY11+BB11+BE11+BH11+BK11 -> 41326.127 | D11: =C11/B11*100 -> 22.71344 | E11: 926.3 | F11: 142.6 | G11: =F11/E11*100 -> 15.394581 | H11: 118.5 | I11: 16.91192 | J11: =I11/H11*100 -> 14.271662 | K11: 1949.8 | L11: 252.26587 | M11: =L11/K11*100 -> 12.938038 | N11: 20955.4 | O11: 4065.9 | P11: =O11/N11*100 -> 19.402636 | Q11: 3451.4 | R11: 690.7149 | S11: =R11/Q11*100 -> 20.012601 | T11: 172.7 | U11: 26.16474 | V11: =U11/T11*100 -> 15.1504 | W11: 150852.4 | X11: 35219.213 | Y11: =X11/W11*100 -> 23.346803 | Z11: 230.2 | AA11: 56.20209 | AB11: =AA11/Z11*100 -> 24.414461 | AF11: 242.2 | AG11: 60.55 | AH11: =AG11/AF11*100 -> 25 | AI11: 1277.4 | AJ11: 409.4 | AK11: =AJ11/AI11*100 -> 32.049475 | AL11: 249 | AM11: 31.85433 | AN11: =AM11/AL11*100 -> 12.792904 | AO11: 240.4 | AP11: 60.1 | AQ11: =AP11/AO11*100 -> 25 | AR11: 737.5 | AS11: 174 | AT11: =AS11/AR11*100 -> 23.59322 | AU11: 0 | AV11: 0 | BA11: 240.2 | BB11: 60.05 | BC11: =BB11/BA11*100 -> 25 | BD11: 252.3 | BE11: 60.2 | BF11: =BE11/BD11*100 -> 23.860484 | BG11: 1.3 | BI11: 0 | BJ11: 48.7 | BK11: 0 | BL11: 0
A12: Аркадакский | B12: =E12+H12+K12+N12+Q12+T12+W12+Z12+AC12+AF12+AI12+AL12+AO12+AR12+AU12+AX12+BA12+BD12+BG12+BJ12 -> 198469.8 | C12: =F12+I12+L12+O12+R12+U12+X12+AA12+AD12+AG12+AJ12+AM12+AP12+AS12+AV12+AY12+BB12+BE12+BH12+BK12 -> 43316.433 | D12: =C12/B12*100 -> 21.825201 | E12: 1065.4 | F12: 250.2 | G12: =F12/E12*100 -> 23.484137 | H12: 134.6 | I12: 16.67953 | J12: =I12/H12*100 -> 12.391924 | K12: 1783.4 | L12: 289.803 | M12: =L12/K12*100 -> 16.250028 | N12: 25285.4 | O12: 6200 | P12: =O12/N12*100 -> 24.520079 | Q12: 3596.5 | R12: 899.125 | S12: =R12/Q12*100 -> 25 | T12: 152.1 | U12: 17.82964 | V12: =U12/T12*100 -> 11.722314 | W12: 159707.5 | X12: 33000 | Y12: =X12/W12*100 -> 20.662774 | Z12: 202.8 | AA12: 49.7 | AB12: =AA12/Z12*100 -> 24.506903 | AC12: 69.2 | AD12: 0.8 | AE12: =AD12/AC12*100 -> 1.1560694 | AF12: 214.8 | AG12: 53.7 | AH12: =AG12/AF12*100 -> 25 | AI12: 4269 | AJ12: 2090.2 | AK12: =AJ12/AI12*100 -> 48.962286 | AL12: 221.6 | AM12: 47.58526 | AN12: =AM12/AL12*100 -> 21.473493 | AO12: 213 | AP12: 45 | AQ12: =AP12/AO12*100 -> 21.126761 | AR12: 1066.8 | AS12: 252 | AT12: =AS12/AR12*100 -> 23.622047 | AU12: 0 | AV12: 0 | BA12: 212.8 | BB12: 52.91011 | BC12: =BB12/BA12*100 -> 24.863773 | BD12: 224.9 | BE12: 50.9 | BF12: =BE12/BD12*100 -> 22.632281 | BG12: 1.3 | BI12: 0 | BJ12: 48.7 | BL12: 0
A13: Аткарский | B13: =E13+H13+K13+N13+Q13+T13+W13+Z13+AC13+AF13+AI13+AL13+AO13+AR13+AU13+AX13+BA13+BD13+BG13+BJ13 -> 321457.3 | C13: =F13+I13+L13+O13+R13+U13+X13+AA13+AD13+AG13+AJ13+AM13+AP13+AS13+AV13+AY13+BB13+BE13+BH13+BK13 -> 74330.349 | D13: =C13/B13*100 -> 23.122931 | E13: 406.6 | F13: 219.5 | G13: =F13/E13*100 -> 53.98426 | H13: 257.7 | I13: 27.20363 | J13: =I13/H13*100 -> 10.556317 | K13: 4639.1 | L13: 937.262 | M13: =L13/K13*100 -> 20.203531 | N13: 27748.4 | O13: 6381.1 | P13: =O13/N13*100 -> 22.996281 | Q13: 5312.3 | R13: 1100.877 | S13: =R13/Q13*100 -> 20.72317 | T13: 253.5 | U13: 25.48651 | V13: =U13/T13*100 -> 10.05385 | W13: 273201.6 | X13: 63668.798 | Y13: =X13/W13*100 -> 23.304695 | Z13: 608.4 | AA13: 109.15302 | AB13: =AA13/Z13*100 -> 17.940996 | AC13: 36.8 | AE13: =AD13/AC13*100 -> 0 | AF13: 214.8 | AG13: 40.43673 | AH13: =AG13/AF13*100 -> 18.825293 | AI13: 5539.6 | AJ13: 1131.2 | AK13: =AJ13/AI13*100 -> 20.420247 | AL13: 417.6 | AM13: 81.0001 | AN13: =AM13/AL13*100 -> 19.396576 | AO13: 213 | AP13: 43.9 | AQ13: =AP13/AO13*100 -> 20.610329 | AR13: 1895.3 | AS13: 450 | AT13: =AS13/AR13*100 -> 23.742943 | BA13: 212.8 | BB13: 49.73188 | BC13: =BB13/BA13*100 -> 23.370244 | BD13: 449.8 | BE13: 64.7 | BF13: =BE13/BD13*100 -> 14.384171 | BG13: 1.3 | BI13: 0 | BJ13: 48.7 | BL13: 0
A14: Базарно-Карабулакский | B14: =E14+H14+K14+N14+Q14+T14+W14+Z14+AC14+AF14+AI14+AL14+AO14+AR14+AU14+AX14+BA14+BD14+BG14+BJ14 -> 258762.3 | C14: =F14+I14+L14+O14+R14+U14+X14+AA14+AD14+AG14+AJ14+AM14+AP14+AS14+AV14+AY14+BB14+BE14+BH14+BK14 -> 54050.276 | D14: =C14/B14*100 -> 20.888003 | E14: 1452.9 | F14: 343.8 | G14: =F14/E14*100 -> 23.663019 | H14: 250.5 | I14: 47.24767 | J14: =I14/H14*100 -> 18.861345 | K14: 4534.3 | L14: 1163.965 | M14: =L14/K14*100 -> 25.670225 | N14: 51901.2 | O14: 10397.3 | P14: =O14/N14*100 -> 20.03287 | Q14: 5169.4 | R14: 1165.5919 | S14: =R14/Q14*100 -> 22.547915 | T14: 202.9 | U14: 28.84688 | V14: =U14/T14*100 -> 14.217289 | W14: 186631.9 | X14: 37978.178 | Y14: =X14/W14*100 -> 20.349243 | Z14: 405.6 | AA14: 61.81073 | AB14: =AA14/Z14*100 -> 15.239332 | AF14: 214.8 | AG14: 53.7 | AH14: =AG14/AF14*100 -> 25 | AI14: 5269.6 | AJ14: 2253.1 | AK14: =AJ14/AI14*100 -> 42.756566 | AL14: 221.6 | AM14: 41.67418 | AN14: =AM14/AL14*100 -> 18.806038 | AO14: 213 | AP14: 39.8 | AQ14: =AP14/AO14*100 -> 18.685446 | AR14: 1357.2 | AS14: 321 | AT14: =AS14/AR14*100 -> 23.651636 | BA14: 212.8 | BB14: 50.8616 | BC14: =BB14/BA14*100 -> 23.901128 | BD14: 674.6 | BE14: 103.4 | BF14: =BE14/BD14*100 -> 15.327602 | BG14: 1.3 | BI14: 0 | BJ14: 48.7 | BL14: 0
A15: Балаковский | B15: =E15+H15+K15+N15+Q15+T15+W15+Z15+AC15+AF15+AI15+AL15+AO15+AR15+AU15+AX15+BA15+BD15+BG15+BJ15 -> 1484908 | C15: =F15+I15+L15+O15+R15+U15+X15+AA15+AD15+AG15+AJ15+AM15+AP15+AS15+AV15+AY15+BB15+BE15+BH15+BK15 -> 315646.34 | D15: =C15/B15*100 -> 21.256963 | E15: 7854.9 | F15: 1279.8 | G15: =F15/E15*100 -> 16.293015 | H15: 2099.8 | I15: 279.02204 | J15: =I15/H15*100 -> 13.288029 | K15: 53630.7 | L15: 13196.973 | M15: =L15/K15*100 -> 24.607124 | N15: 491594.5 | O15: 94485.4 | P15: =O15/N15*100 -> 19.220191 | Q15: 20432 | R15: 4293.6591 | S15: =R15/Q15*100 -> 21.014385 | T15: 1774.7 | U15: 263.27179 | V15: =U15/T15*100 -> 14.834721 | W15: 781709.3 | X15: 161567 | Y15: =X15/W15*100 -> 20.668425 | Z15: 3992.9 | AA15: 572.47959 | AB15: =AA15/Z15*100 -> 14.337439 | AC15: 136.9 | AE15: =AD15/AC15*100 -> 0 | AF15: 5050.8 | AG15: 897.74081 | AH15: =AG15/AF15*100 -> 17.77423 | AI15: 102181.2 | AJ15: 35700.6 | AK15: =AJ15/AI15*100 -> 34.938521 | AL15: 936.9 | AM15: 149.17577 | AN15: =AM15/AL15*100 -> 15.922272 | AO15: 696.1 | AP15: 112.3 | AQ15: =AP15/AO15*100 -> 16.13274 | AR15: 9898.9 | AS15: 2352 | AT15: =AS15/AR15*100 -> 23.760216 | AU15: 1348.4 | AV15: 325.5 | AW15: =AV15/AU15*100 -> 24.139721 | BA15: 463.7 | BB15: 76.52004 | BC15: =BB15/BA15*100 -> 16.502057 | BD15: 731.7 | BE15: 94.9 | BF15: =BE15/BD15*100 -> 12.969796 | BG15: 9.8 | BI15: 0 | BJ15: 364.8 | BL15: 0
A16: Балашовский | B16: =E16+H16+K16+N16+Q16+T16+W16+Z16+AC16+AF16+AI16+AL16+AO16+AR16+AU16+AX16+BA16+BD16+BG16+BJ16 -> 738108.4 | C16: =F16+I16+L16+O16+R16+U16+X16+AA16+AD16+AG16+AJ16+AM16+AP16+AS16+AV16+AY16+BB16+BE16+BH16+BK16 -> 162961.93 | D16: =C16/B16*100 -> 22.078319 | E16: 4975.5 | F16: 948.7 | G16: =F16/E16*100 -> 19.06743 | H16: 503.6 | I16: 89.67882 | J16: =I16/H16*100 -> 17.80755 | K16: 8782.8 | L16: 1706.3332 | M16: =L16/K16*100 -> 19.428123 | N16: 175271.9 | O16: 35473.8 | P16: =O16/N16*100 -> 20.239297 | Q16: 13938.7 | R16: 2403.48 | S16: =R16/Q16*100 -> 17.243215 | T16: 795.8 | U16: 150.85921 | V16: =U16/T16*100 -> 18.956925 | W16: 471727.3 | X16: 99310.961 | Y16: =X16/W16*100 -> 21.052621 | Z16: 1697.7 | AA16: 316.66685 | AB16: =AA16/Z16*100 -> 18.652698 | AC16: 90 | AE16: =AD16/AC16*100 -> 0 | AF16: 2562.1 | AG16: 502.77478 | AH16: =AG16/AF16*100 -> 19.623542 | AI16: 49615.3 | AJ16: 20283 | AK16: =AJ16/AI16*100 -> 40.880535 | AL16: 635.3 | AM16: 102.26194 | AN16: =AM16/AL16*100 -> 16.096638 | AO16: 444.8 | AP16: 82.9 | AQ16: =AP16/AO16*100 -> 18.63759 | AR16: 5036.1 | AS16: 1197 | AT16: =AS16/AR16*100 -> 23.768392 | AU16: 1290.7 | AV16: 279.5 | AW16: =AV16/AU16*100 -> 21.654916 | BA16: 222.2 | BB16: 39.00944 | BC16: =BB16/BA16*100 -> 17.556004 | BD16: 468.6 | BE16: 75 | BF16: =BE16/BD16*100 -> 16.005122 | BG16: 1.3 | BI16: 0 | BJ16: 48.7 | BL16: 0
A17: Балтайский | B17: =E17+H17+K17+N17+Q17+T17+W17+Z17+AC17+AF17+AI17+AL17+AO17+AR17+AU17+AX17+BA17+BD17+BG17+BJ17 -> 118553.9 | C17: =F17+I17+L17+O17+R17+U17+X17+AA17+AD17+AG17+AJ17+AM17+AP17+AS17+AV17+AY17+BB17+BE17+BH17+BK17 -> 24776.488 | D17: =C17/B17*100 -> 20.898923 | E17: 637.6 | F17: 140.5 | G17: =F17/E17*100 -> 22.035759 | H17: 72.1 | I17: 10.8732 | J17: =I17/H17*100 -> 15.080721 | K17: 1420.1 | L17: 335.59874 | M17: =L17/K17*100 -> 23.63205 | N17: 22786.1 | O17: 4800 | P17: =O17/N17*100 -> 21.065474 | Q17: 1989.8 | R17: 481.526 | S17: =R17/Q17*100 -> 24.199719 | T17: 101.4 | U17: 14.10501 | V17: =U17/T17*100 -> 13.910266 | W17: 87080.1 | X17: 17379 | Y17: =X17/W17*100 -> 19.957487 | Z17: 202.8 | AA17: 36.45098 | AB17: =AA17/Z17*100 -> 17.973856 | AF17: 214.8 | AG17: 33.7545 | AH17: =AG17/AF17*100 -> 15.714385 | AI17: 2596.1 | AJ17: 1271.8 | AK17: =AJ17/AI17*100 -> 48.988868 | AL17: 221.6 | AM17: 37.03841 | AN17: =AM17/AL17*100 -> 16.714084 | AO17: 213 | AP17: 37.3 | AQ17: =AP17/AO17*100 -> 17.511737 | AR17: 530.7 | AS17: 126 | AT17: =AS17/AR17*100 -> 23.742227 | BA17: 212.8 | BB17: 35.14161 | BC17: =BB17/BA17*100 -> 16.513914 | BD17: 224.9 | BE17: 37.4 | BF17: =BE17/BD17*100 -> 16.629613 | BG17: 1.3 | BI17: 0 | BJ17: 48.7 | BL17: 0
A18: Вольский | B18: =E18+H18+K18+N18+Q18+T18+W18+Z18+AC18+AF18+AI18+AL18+AO18+AR18+AU18+AX18+BA18+BD18+BG18+BJ18 -> 664321.1 | C18: =F18+I18+L18+O18+R18+U18+X18+AA18+AD18+AG18+AJ18+AM18+AP18+AS18+AV18+AY18+BB18+BE18+BH18+BK18 -> 150180.19 | D18: =C18/B18*100 -> 22.606566 | E18: 4698.8 | F18: 1127.7 | G18: =F18/E18*100 -> 23.999745 | H18: 869.5 | I18: 197.02324 | J18: =I18/H18*100 -> 22.659372 | K18: 17823.9 | L18: 4405.2368 | M18: =L18/K18*100 -> 24.715336 | N18: 216374.8 | O18: 43384.2 | P18: =O18/N18*100 -> 20.050486 | Q18: 9381.1 | R18: 2626.708 | S18: =R18/Q18*100 -> 28 | T18: 689.7 | U18: 146.52708 | V18: =U18/T18*100 -> 21.245046 | W18: 369913.4 | X18: 82872.041 | Y18: =X18/W18*100 -> 22.403093 | Z18: 1697.7 | AA18: 362.32915 | AB18: =AA18/Z18*100 -> 21.342354 | AC18: 35 | AD18: 25 | AE18: =AD18/AC18*100 -> 71.428571 | AF18: 1537 | AG18: 354.30936 | AH18: =AG18/AF18*100 -> 23.052008 | AI18: 33617.5 | AJ18: 12991.8 | AK18: =AJ18/AI18*100 -> 38.645943 | AL18: 635.3 | AM18: 143.126 | AN18: =AM18/AL18*100 -> 22.528884 | AO18: 444.8 | AP18: 72.7 | AQ18: =AP18/AO18*100 -> 16.344424 | AR18: 4199.8 | AS18: 996 | AT18: =AS18/AR18*100 -> 23.715415 | AU18: 1290.7 | AV18: 305.6 | AW18: =AV18/AU18*100 -> 23.677074 | BA18: 222.2 | BB18: 19.1867 | BC18: =BB18/BA18*100 -> 8.6348785 | BD18: 702.8 | BE18: 150.7 | BF18: =BE18/BD18*100 -> 21.4428 | BG18: 4.9 | BI18: 0 | BJ18: 182.2 | BL18: 0
A19: Воскресенский | B19: =E19+H19+K19+N19+Q19+T19+W19+Z19+AC19+AF19+AI19+AL19+AO19+AR19+AU19+AX19+BA19+BD19+BG19+BJ19 -> 114496.9 | C19: =F19+I19+L19+O19+R19+U19+X19+AA19+AD19+AG19+AJ19+AM19+AP19+AS19+AV19+AY19+BB19+BE19+BH19+BK19 -> 22615.242 | D19: =C19/B19*100 -> 19.751838 | E19: 488.4 | F19: 98.1 | G19: =F19/E19*100 -> 20.085995 | H19: 61.1 | I19: 9.928 | J19: =I19/H19*100 -> 16.248773 | K19: 1232.1 | L19: 159.77599 | M19: =L19/K19*100 -> 12.967778 | N19: 15177.3 | O19: 2912.5 | P19: =O19/N19*100 -> 19.189843 | Q19: 1560.7 | R19: 265.58457 | S19: =R19/Q19*100 -> 17.017016 | T19: 50.7 | U19: 8.214 | V19: =U19/T19*100 -> 16.201183 | W19: 93067.1 | X19: 18342.811 | Y19: =X19/W19*100 -> 19.709233 | Z19: 202.8 | AA19: 46.40855 | AB19: =AA19/Z19*100 -> 22.8839 | AF19: 214.8 | AG19: 35.34351 | AH19: =AG19/AF19*100 -> 16.454148 | AI19: 955.3 | AJ19: 483.3 | AK19: =AJ19/AI19*100 -> 50.591437 | AL19: 221.6 | AM19: 37.84134 | AN19: =AM19/AL19*100 -> 17.076417 | AO19: 213 | AP19: 16.5 | AQ19: =AP19/AO19*100 -> 7.7464789 | AR19: 564.3 | AS19: 135 | AT19: =AS19/AR19*100 -> 23.923445 | BA19: 212.8 | BB19: 41.83513 | BC19: =BB19/BA19*100 -> 19.659366 | BD19: 224.9 | BE19: 22.1 | BF19: =BE19/BD19*100 -> 9.8265896 | BG19: 1.3 | BI19: 0 | BJ19: 48.7 | BL19: 0
A20: Дергачевский | B20: =E20+H20+K20+N20+Q20+T20+W20+Z20+AC20+AF20+AI20+AL20+AO20+AR20+AU20+AX20+BA20+BD20+BG20+BJ20 -> 191365.2 | C20: =F20+I20+L20+O20+R20+U20+X20+AA20+AD20+AG20+AJ20+AM20+AP20+AS20+AV20+AY20+BB20+BE20+BH20+BK20 -> 44100.421 | D20: =C20/B20*100 -> 23.045162 | E20: 708.5 | F20: 148.6 | G20: =F20/E20*100 -> 20.973888 | H20: 142.8 | I20: 4.43759 | J20: =I20/H20*100 -> 3.107556 | K20: 3631.8 | L20: 887.518 | M20: =L20/K20*100 -> 24.437414 | N20: 32949.9 | O20: 6580 | P20: =O20/N20*100 -> 19.969712 | Q20: 2734.4 | R20: 681.473 | S20: =R20/Q20*100 -> 24.922213 | T20: 152.1 | U20: 0 | V20: =U20/T20*100 -> 0 | W20: 144560.9 | X20: 34397.5 | Y20: =X20/W20*100 -> 23.79447 | Z20: 202.8 | AA20: 46.77314 | AB20: =AA20/Z20*100 -> 23.063679 | AC20: 145.4 | AF20: 214.8 | AG20: 45.91645 | AH20: =AG20/AF20*100 -> 21.376373 | AI20: 4159.1 | AJ20: 964.7 | AK20: =AJ20/AI20*100 -> 23.194922 | AL20: 221.6 | AM20: 44.5769 | AN20: =AM20/AL20*100 -> 20.11593 | AO20: 213 | AP20: 21.5 | AQ20: =AP20/AO20*100 -> 10.093897 | AR20: 840.4 | AS20: 198 | AT20: =AS20/AR20*100 -> 23.560209 | BA20: 212.8 | BB20: 41.42606 | BC20: =BB20/BA20*100 -> 19.467133 | BD20: 224.9 | BE20: 38 | BF20: =BE20/BD20*100 -> 16.896398 | BG20: 1.3 | BI20: 0 | BJ20: 48.7 | BL20: 0
A21: Духовницкий | B21: =E21+H21+K21+N21+Q21+T21+W21+Z21+AC21+AF21+AI21+AL21+AO21+AR21+AU21+AX21+BA21+BD21+BG21+BJ21 -> 108599.8 | C21: =F21+I21+L21+O21+R21+U21+X21+AA21+AD21+AG21+AJ21+AM21+AP21+AS21+AV21+AY21+BB21+BE21+BH21+BK21 -> 25313.937 | D21: =C21/B21*100 -> 23.309377 | E21: 486.2 | F21: 116.7 | G21: =F21/E21*100 -> 24.002468 | H21: 93.4 | I21: 21.89624 | J21: =I21/H21*100 -> 23.443512 | K21: 1164.7 | L21: 258.09847 | M21: =L21/K21*100 -> 22.160082 | N21: 17756.7 | O21: 3510 | P21: =O21/N21*100 -> 19.767186 | Q21: 1522.6 | R21: 413.149 | S21: =R21/Q21*100 -> 27.134441 | T21: 101.4 | U21: 16.478 | V21: =U21/T21*100 -> 16.250493 | W21: 82715.9 | X21: 19286 | Y21: =X21/W21*100 -> 23.315953 | Z21: 202.8 | AA21: 50.69982 | AB21: =AA21/Z21*100 -> 24.999911 | AF21: 214.8 | AG21: 53.68662 | AH21: =AG21/AF21*100 -> 24.993771 | AI21: 2860.4 | AJ21: 1290.4 | AK21: =AJ21/AI21*100 -> 45.112572 | AL21: 221.6 | AM21: 50.48598 | AN21: =AM21/AL21*100 -> 22.782482 | AO21: 213 | AP21: 48.1 | AQ21: =AP21/AO21*100 -> 22.58216 | AR21: 558.6 | AS21: 132 | AT21: =AS21/AR21*100 -> 23.630505 | BA21: 212.8 | BB21: 25.5431 | BC21: =BB21/BA21*100 -> 12.003336 | BD21: 224.9 | BE21: 40.7 | BF21: =BE21/BD21*100 -> 18.096932 | BG21: 1.3 | BI21: 0 | BJ21: 48.7 | BL21: 0
A22: Екатериновский | B22: =E22+H22+K22+N22+Q22+T22+W22+Z22+AC22+AF22+AI22+AL22+AO22+AR22+AU22+AX22+BA22+BD22+BG22+BJ22 -> 184496.6 | C22: =F22+I22+L22+O22+R22+U22+X22+AA22+AD22+AG22+AJ22+AM22+AP22+AS22+AV22+AY22+BB22+BE22+BH22+BK22 -> 44948.933 | D22: =C22/B22*100 -> 24.363014 | E22: 733.1 | F22: 118.6 | G22: =F22/E22*100 -> 16.177875 | H22: 106.9 | I22: 16.08554 | J22: =I22/H22*100 -> 15.047278 | K22: 2246.4 | L22: 303.56449 | M22: =L22/K22*100 -> 13.513377 | N22: 17709.4 | O22: 3844.4 | P22: =O22/N22*100 -> 21.708245 | Q22: 2632 | R22: 624.457 | S22: =R22/Q22*100 -> 23.72557 | T22: 152.1 | U22: 24.01659 | V22: =U22/T22*100 -> 15.79 | W22: 157332.6 | X22: 39200.173 | Y22: =X22/W22*100 -> 24.91548 | Z22: 202.8 | AA22: 46.90501 | AB22: =AA22/Z22*100 -> 23.128703 | AF22: 214.8 | AG22: 53.69967 | AH22: =AG22/AF22*100 -> 24.999846 | AI22: 1368.6 | AJ22: 311.7 | AK22: =AJ22/AI22*100 -> 22.775099 | AL22: 221.6 | AM22: 51.74332 | AN22: =AM22/AL22*100 -> 23.349874 | AO22: 213 | AP22: 38.5 | AQ22: =AP22/AO22*100 -> 18.075117 | AR22: 875.6 | AS22: 207 | AT22: =AS22/AR22*100 -> 23.640932 | BA22: 212.8 | BB22: 51.88844 | BC22: =BB22/BA22*100 -> 24.383665 | BD22: 224.9 | BE22: 56.2 | BF22: =BE22/BD22*100 -> 24.988884 | BG22: 1.3 | BI22: 0 | BJ22: 48.7 | BL22: 0
A23: Ершовский | B23: =E23+H23+K23+N23+Q23+T23+W23+Z23+AC23+AF23+AI23+AL23+AO23+AR23+AU23+AX23+BA23+BD23+BG23+BJ23 -> 379180.5 | C23: =F23+I23+L23+O23+R23+U23+X23+AA23+AD23+AG23+AJ23+AM23+AP23+AS23+AV23+AY23+BB23+BE23+BH23+BK23 -> 76676.256 | D23: =C23/B23*100 -> 20.221572 | E23: 1353.2 | F23: 290.7 | G23: =F23/E23*100 -> 21.482412 | H23: 333 | I23: 62.27589 | J23: =I23/H23*100 -> 18.701468 | K23: 7338.5 | L23: 1758.9125 | M23: =L23/K23*100 -> 23.968284 | N23: 74655.8 | O23: 14088.5 | P23: =O23/N23*100 -> 18.871273 | Q23: 5650.5 | R23: 1023.9008 | S23: =R23/Q23*100 -> 18.120535 | T23: 354.9 | U23: 60.07884 | V23: =U23/T23*100 -> 16.928385 | W23: 278394.6 | X23: 56452.325 | Y23: =X23/W23*100 -> 20.277809 | Z23: 608.4 | AA23: 75.3712 | AB23: =AA23/Z23*100 -> 12.388429 | AF23: 416.8 | AG23: 71.72327 | AH23: =AG23/AF23*100 -> 17.208078 | AI23: 6370.9 | AJ23: 2104 | AK23: =AJ23/AI23*100 -> 33.025161 | AL23: 417.6 | AM23: 64.30709 | AN23: =AM23/AL23*100 -> 15.399207 | AO23: 213 | AP23: 37.4 | AQ23: =AP23/AO23*100 -> 17.558685 | AR23: 1762.6 | AS23: 420 | AT23: =AS23/AR23*100 -> 23.828435 | AU23: 810.7 | AV23: 110.7 | AW23: =AV23/AU23*100 -> 13.654866 | BA23: 212.8 | BB23: 18.4611 | BC23: =BB23/BA23*100 -> 8.6753289 | BD23: 224.9 | BE23: 37.6 | BF23: =BE23/BD23*100 -> 16.718542 | BG23: 1.6 | BI23: 0 | BJ23: 60.7 | BL23: 0
A24: Ивантеевский | B24: =E24+H24+K24+N24+Q24+T24+W24+Z24+AC24+AF24+AI24+AL24+AO24+AR24+AU24+AX24+BA24+BD24+BG24+BJ24 -> 187723.8 | C24: =F24+I24+L24+O24+R24+U24+X24+AA24+AD24+AG24+AJ24+AM24+AP24+AS24+AV24+AY24+BB24+BE24+BH24+BK24 -> 39770.533 | D24: =C24/B24*100 -> 21.185663 | E24: 1108.7 | F24: 266 | G24: =F24/E24*100 -> 23.992063 | H24: 133.5 | I24: 22.72615 | J24: =I24/H24*100 -> 17.023333 | K24: 2743 | L24: 651.4144 | M24: =L24/K24*100 -> 23.748246 | N24: 36343.2 | O24: 6850 | P24: =O24/N24*100 -> 18.848093 | Q24: 2648 | R24: 524.82478 | S24: =R24/Q24*100 -> 19.819667 | T24: 101.4 | U24: 15.2334 | V24: =U24/T24*100 -> 15.023077 | W24: 141602.7 | X24: 30841.9 | Y24: =X24/W24*100 -> 21.780588 | Z24: 202.8 | AA24: 29.39917 | AB24: =AA24/Z24*100 -> 14.496632 | AF24: 214.8 | AG24: 36.39122 | AH24: =AG24/AF24*100 -> 16.941909 | AI24: 729 | AJ24: 226.7 | AK24: =AJ24/AI24*100 -> 31.097394 | AL24: 221.6 | AM24: 37.93727 | AN24: =AM24/AL24*100 -> 17.119707 | AO24: 213 | AP24: 36.2 | AQ24: =AP24/AO24*100 -> 16.995305 | AR24: 649.8 | AS24: 153 | AT24: =AS24/AR24*100 -> 23.545706 | BA24: 212.8 | BB24: 38.10614 | BC24: =BB24/BA24*100 -> 17.907021 | BD24: 224.9 | BE24: 40.7 | BF24: =BE24/BD24*100 -> 18.096932 | BG24: 9.8 | BI24: =BH24/BG24*100 -> 0 | BJ24: 364.8 | BL24: =BK24/BJ24*100 -> 0
A25: Калининский | B25: =E25+H25+K25+N25+Q25+T25+W25+Z25+AC25+AF25+AI25+AL25+AO25+AR25+AU25+AX25+BA25+BD25+BG25+BJ25 -> 276996.2 | C25: =F25+I25+L25+O25+R25+U25+X25+AA25+AD25+AG25+AJ25+AM25+AP25+AS25+AV25+AY25+BB25+BE25+BH25+BK25 -> 54562.291 | D25: =C25/B25*100 -> 19.697848 | E25: 1151.1 | F25: 105 | G25: =F25/E25*100 -> 9.1217097 | H25: 235.1 | I25: 55.836 | J25: =I25/H25*100 -> 23.749894 | K25: 3810.6 | L25: 1022.8695 | M25: =L25/K25*100 -> 26.842742 | N25: 31772.3 | O25: 5900 | P25: =O25/N25*100 -> 18.569635 | Q25: 4161.4 | R25: 501.31781 | S25: =R25/Q25*100 -> 12.046855 | T25: 202.9 | U25: 48.463 | V25: =U25/T25*100 -> 23.885165 | W25: 229372.1 | X25: 45470.602 | Y25: =X25/W25*100 -> 19.823946 | Z25: 608.4 | AA25: 104.4 | AB25: =AA25/Z25*100 -> 17.159763 | AF25: 214.8 | AG25: 53.7 | AH25: =AG25/AF25*100 -> 25 | AI25: 2895.1 | AJ25: 707.9 | AK25: =AJ25/AI25*100 -> 24.45166 | AL25: 417.6 | AM25: 102.79065 | AN25: =AM25/AL25*100 -> 24.614619 | AO25: 213 | AP25: 53.3 | AQ25: =AP25/AO25*100 -> 25.023474 | AR25: 1454.1 | AS25: 345 | AT25: =AS25/AR25*100 -> 23.726016 | BA25: 212.8 | BB25: 34.91182 | BC25: =BB25/BA25*100 -> 16.40593 | BD25: 224.9 | BE25: 56.2 | BF25: =BE25/BD25*100 -> 24.988884 | BG25: 1.3 | BJ25: 48.7
A26: Красноармейский | B26: =E26+H26+K26+N26+Q26+T26+W26+Z26+AC26+AF26+AI26+AL26+AO26+AR26+AU26+AX26+BA26+BD26+BG26+BJ26 -> 329702.2 | C26: =F26+I26+L26+O26+R26+U26+X26+AA26+AD26+AG26+AJ26+AM26+AP26+AS26+AV26+AY26+BB26+BE26+BH26+BK26 -> 70673.17 | D26: =C26/B26*100 -> 21.435456 | E26: 2008.4 | F26: 462 | G26: =F26/E26*100 -> 23.003386 | H26: 205.2 | I26: 32.29301 | J26: =I26/H26*100 -> 15.737334 | K26: 4932 | L26: 1369.8396 | M26: =L26/K26*100 -> 27.774525 | N26: 55913.2 | O26: 11349.1 | P26: =O26/N26*100 -> 20.297711 | Q26: 5072 | R26: 1302.633 | S26: =R26/Q26*100 -> 25.682827 | T26: 253.5 | U26: 47.86618 | V26: =U26/T26*100 -> 18.882122 | W26: 235250.2 | X26: 46163.961 | Y26: =X26/W26*100 -> 19.623346 | Z26: 811.3 | AA26: 148.86637 | AB26: =AA26/Z26*100 -> 18.349115 | AF26: 1169.9 | AG26: 192.5019 | AH26: =AG26/AF26*100 -> 16.45456 | AI26: 20571.6 | AJ26: 8826.3 | AK26: =AJ26/AI26*100 -> 42.905267 | AL26: 417.6 | AM26: 93.06214 | AN26: =AM26/AL26*100 -> 22.284995 | AO26: 213 | AP26: 41.4 | AQ26: =AP26/AO26*100 -> 19.43662 | AR26: 2171.7 | AS26: 516 | AT26: =AS26/AR26*100 -> 23.760188 | BA26: 212.8 | BB26: 29.946 | BC26: =BB26/BA26*100 -> 14.072368 | BD26: 449.8 | BE26: 97.4 | BF26: =BE26/BD26*100 -> 21.654068 | BG26: 1.3 | BI26: =BH26/BG26*100 -> 0 | BJ26: 48.7 | BL26: =BK26/BJ26*100 -> 0
A27: Краснокутский | B27: =E27+H27+K27+N27+Q27+T27+W27+Z27+AC27+AF27+AI27+AL27+AO27+AR27+AU27+AX27+BA27+BD27+BG27+BJ27 -> 290922 | C27: =F27+I27+L27+O27+R27+U27+X27+AA27+AD27+AG27+AJ27+AM27+AP27+AS27+AV27+AY27+BB27+BE27+BH27+BK27 -> 52915.451 | D27: =C27/B27*100 -> 18.188879 | E27: 2156.5 | F27: 210.3 | G27: =F27/E27*100 -> 9.7519128 | H27: 307.4 | I27: 24.15583 | J27: =I27/H27*100 -> 7.85811 | K27: 6007 | L27: 1408.0627 | M27: =L27/K27*100 -> 23.440365 | N27: 71769 | O27: 13511.5 | P27: =O27/N27*100 -> 18.826374 | Q27: 5346.1 | R27: 746.3092 | S27: =R27/Q27*100 -> 13.959881 | T27: 253.5 | U27: 0 | V27: =U27/T27*100 -> 0 | W27: 196342.3 | X27: 35236.596 | Y27: =X27/W27*100 -> 17.946513 | Z27: 608.4 | AA27: 132.18693 | AB27: =AA27/Z27*100 -> 21.726977 | AC27: 117.2 | AE27: =AD27/AC27*100 -> 0 | AF27: 214.8 | AG27: 45.71211 | AH27: =AG27/AF27*100 -> 21.281243 | AI27: 5089.2 | AJ27: 982.9 | AK27: =AJ27/AI27*100 -> 19.313448 | AL27: 417.6 | AM27: 95.69524 | AN27: =AM27/AL27*100 -> 22.915527 | AO27: 213 | AP27: 50 | AQ27: =AP27/AO27*100 -> 23.474178 | AR27: 1592.3 | AS27: 378 | AT27: =AS27/AR27*100 -> 23.739245 | BA27: 212.8 | BB27: 40.73326 | BC27: =BB27/BA27*100 -> 19.14157 | BD27: 224.9 | BE27: 53.3 | BF27: =BE27/BD27*100 -> 23.699422 | BG27: 1.3 | BI27: =BH27/BG27*100 -> 0 | BJ27: 48.7 | BL27: =BK27/BJ27*100 -> 0
A28: Краснопартизанский | B28: =E28+H28+K28+N28+Q28+T28+W28+Z28+AC28+AF28+AI28+AL28+AO28+AR28+AU28+AX28+BA28+BD28+BG28+BJ28 -> 109062.9 | C28: =F28+I28+L28+O28+R28+U28+X28+AA28+AD28+AG28+AJ28+AM28+AP28+AS28+AV28+AY28+BB28+BE28+BH28+BK28 -> 26624.502 | D28: =C28/B28*100 -> 24.412062 | E28: 558.6 | F28: 19.7 | G28: =F28/E28*100 -> 3.5266738 | H28: 93.1 | I28: 4.37277 | J28: =I28/H28*100 -> 4.6968528 | K28: 1209.2 | L28: 145.75886 | M28: =L28/K28*100 -> 12.054156 | N28: 21198.1 | O28: 4330.4 | P28: =O28/N28*100 -> 20.428246 | Q28: 2078.2 | R28: 49.484 | S28: =R28/Q28*100 -> 2.381099 | T28: 101.4 | U28: 7.59066 | V28: =U28/T28*100 -> 7.485858 | W28: 79362.5 | X28: 21003.917 | Y28: =X28/W28*100 -> 26.465796 | Z28: 202.8 | AA28: 38.21259 | AB28: =AA28/Z28*100 -> 18.8425 | AF28: 214.8 | AG28: 36.41259 | AH28: =AG28/AF28*100 -> 16.951858 | AI28: 2595.9 | AJ28: 727.1 | AK28: =AJ28/AI28*100 -> 28.009554 | AL28: 221.6 | AM28: 12.42606 | AN28: =AM28/AL28*100 -> 5.6074278 | AO28: 213 | AP28: 54.6 | AQ28: =AP28/AO28*100 -> 25.633803 | AR28: 526 | AS28: 126 | AT28: =AS28/AR28*100 -> 23.954373 | BA28: 212.8 | BB28: 34.82777 | BC28: =BB28/BA28*100 -> 16.366433 | BD28: 224.9 | BE28: 33.7 | BF28: =BE28/BD28*100 -> 14.984438 | BG28: 1.3 | BI28: =BH28/BG28*100 -> 0 | BJ28: 48.7 | BL28: =BK28/BJ28*100 -> 0
A29: Лысогорский | B29: =E29+H29+K29+N29+Q29+T29+W29+Z29+AC29+AF29+AI29+AL29+AO29+AR29+AU29+AX29+BA29+BD29+BG29+BJ29 -> 193561.6 | C29: =F29+I29+L29+O29+R29+U29+X29+AA29+AD29+AG29+AJ29+AM29+AP29+AS29+AV29+AY29+BB29+BE29+BH29+BK29 -> 37485.741 | D29: =C29/B29*100 -> 19.366311 | E29: 728 | F29: 173 | G29: =F29/E29*100 -> 23.763736 | H29: 148.7 | I29: 17.34475 | J29: =I29/H29*100 -> 11.664257 | K29: 1712.2 | L29: 423.64203 | M29: =L29/K29*100 -> 24.742555 | N29: 25386.4 | O29: 4543.7 | P29: =O29/N29*100 -> 17.898166 | Q29: 3463.1 | R29: 841.6285 | S29: =R29/Q29*100 -> 24.302749 | T29: 152.1 | U29: 19.94664 | V29: =U29/T29*100 -> 13.114162 | W29: 158571.1 | X29: 30515.891 | Y29: =X29/W29*100 -> 19.244296 | Z29: 202.8 | AA29: 50.66054 | AB29: =AA29/Z29*100 -> 24.980542 | AF29: 214.8 | AG29: 41.60711 | AH29: =AG29/AF29*100 -> 19.370163 | AI29: 1149.4 | AJ29: 462.2 | AK29: =AJ29/AI29*100 -> 40.212285 | AL29: 221.6 | AM29: 54.69356 | AN29: =AM29/AL29*100 -> 24.681209 | AO29: 213 | AP29: 41.9 | AQ29: =AP29/AO29*100 -> 19.671362 | AR29: 910.7 | AS29: 216 | AT29: =AS29/AR29*100 -> 23.718019 | BA29: 212.8 | BB29: 43.42614 | BC29: =BB29/BA29*100 -> 20.407021 | BD29: 224.9 | BE29: 40.1 | BF29: =BE29/BD29*100 -> 17.830147 | BG29: 1.3 | BI29: =BH29/BG29*100 -> 0 | BJ29: 48.7 | BL29: =BK29/BJ29*100 -> 0
A30: Марксовский | B30: =E30+H30+K30+N30+Q30+T30+W30+Z30+AC30+AF30+AI30+AL30+AO30+AR30+AU30+AX30+BA30+BD30+BG30+BJ30 -> 510998 | C30: =F30+I30+L30+O30+R30+U30+X30+AA30+AD30+AG30+AJ30+AM30+AP30+AS30+AV30+AY30+BB30+BE30+BH30+BK30 -> 117766.64 | D30: =C30/B30*100 -> 23.0464 | E30: 1672.7 | F30: 401.4 | G30: =F30/E30*100 -> 23.99713 | H30: 438 | I30: 84.4922 | J30: =I30/H30*100 -> 19.290457 | K30: 13536.3 | L30: 3771.624 | M30: =L30/K30*100 -> 27.863035 | N30: 82366.5 | O30: 15887.3 | P30: =O30/N30*100 -> 19.288546 | Q30: 8595.5 | R30: 2406.74 | S30: =R30/Q30*100 -> 28 | T30: 507 | U30: 84.44326 | V30: =U30/T30*100 -> 16.655475 | W30: 386744.6 | X30: 90329.8 | Y30: =X30/W30*100 -> 23.356448 | Z30: 1216.9 | AA30: 304.19429 | AB30: =AA30/Z30*100 -> 24.997476 | AC30: 33 | AE30: =AD30/AC30*100 -> 0 | AF30: 1169.9 | AG30: 160.38659 | AH30: =AG30/AF30*100 -> 13.709427 | AI30: 10439.8 | AJ30: 3381.9 | AK30: =AJ30/AI30*100 -> 32.394299 | AL30: 607.1 | AM30: 110.62754 | AN30: =AM30/AL30*100 -> 18.222293 | AO30: 213 | AP30: 47.7 | AQ30: =AP30/AO30*100 -> 22.394366 | AR30: 2970 | AS30: 705 | AT30: =AS30/AR30*100 -> 23.737374 | BA30: 212.8 | BB30: 34.83365 | BC30: =BB30/BA30*100 -> 16.369196 | BD30: 224.9 | BE30: 56.2 | BF30: =BE30/BD30*100 -> 24.988884 | BG30: 1.3 | BI30: =BH30/BG30*100 -> 0 | BJ30: 48.7 | BL30: =BK30/BJ30*100 -> 0
A31: Новобурасский | B31: =E31+H31+K31+N31+Q31+T31+W31+Z31+AC31+AF31+AI31+AL31+AO31+AR31+AU31+AX31+BA31+BD31+BG31+BJ31 -> 148262.9 | C31: =F31+I31+L31+O31+R31+U31+X31+AA31+AD31+AG31+AJ31+AM31+AP31+AS31+AV31+AY31+BB31+BE31+BH31+BK31 -> 34571.075 | D31: =C31/B31*100 -> 23.317415 | E31: 823.3 | F31: 142.4 | G31: =F31/E31*100 -> 17.296247 | H31: 121.4 | I31: 9.52118 | J31: =I31/H31*100 -> 7.8428171 | K31: 2163.7 | L31: 154.19348 | M31: =L31/K31*100 -> 7.1263798 | N31: 32000.4 | O31: 5964.6 | P31: =O31/N31*100 -> 18.639142 | Q31: 2626.2 | R31: 678.02722 | S31: =R31/Q31*100 -> 25.817806 | T31: 101.4 | U31: 16.21866 | V31: =U31/T31*100 -> 15.994734 | W31: 105183.5 | X31: 25659.373 | Y31: =X31/W31*100 -> 24.394865 | Z31: 202.8 | AA31: 37.87726 | AB31: =AA31/Z31*100 -> 18.67715 | AF31: 214.8 | AG31: 37.87466 | AH31: =AG31/AF31*100 -> 17.632523 | AI31: 3171.7 | AJ31: 1564.5 | AK31: =AJ31/AI31*100 -> 49.326859 | AL31: 221.6 | AM31: 53.45006 | AN31: =AM31/AL31*100 -> 24.120063 | AO31: 213 | AQ31: =AP31/AO31*100 -> 0 | AR31: 753.9 | AS31: 180 | AT31: =AS31/AR31*100 -> 23.875846 | BA31: 212.8 | BB31: 40.3395 | BC31: =BB31/BA31*100 -> 18.956532 | BD31: 224.9 | BE31: 32.7 | BF31: =BE31/BD31*100 -> 14.539795 | BG31: 0.7 | BI31: =BH31/BG31*100 -> 0 | BJ31: 26.8 | BL31: =BK31/BJ31*100 -> 0
A32: Новоузенский | B32: =E32+H32+K32+N32+Q32+T32+W32+Z32+AC32+AF32+AI32+AL32+AO32+AR32+AU32+AX32+BA32+BD32+BG32+BJ32 -> 275399.2 | C32: =F32+I32+L32+O32+R32+U32+X32+AA32+AD32+AG32+AJ32+AM32+AP32+AS32+AV32+AY32+BB32+BE32+BH32+BK32 -> 50845.929 | D32: =C32/B32*100 -> 18.462628 | E32: 1142.2 | F32: 271.3 | G32: =F32/E32*100 -> 23.752408 | H32: 276.4 | I32: 61.128 | J32: =I32/H32*100 -> 22.115774 | K32: 3318.7 | L32: 815.33 | M32: =L32/K32*100 -> 24.567752 | N32: 67364.6 | O32: 12000 | P32: =O32/N32*100 -> 17.81351 | Q32: 4750.9 | R32: 1128.339 | S32: =R32/Q32*100 -> 23.750005 | T32: 253.5 | U32: 62.319 | V32: =U32/T32*100 -> 24.583432 | W32: 189385.1 | X32: 34112.932 | Y32: =X32/W32*100 -> 18.012469 | Z32: 608.4 | AA32: 117.61841 | AB32: =AA32/Z32*100 -> 19.332415 | AC32: 101.1 | AE32: =AD32/AC32*100 -> 0 | AF32: 214.8 | AG32: 46.94284 | AH32: =AG32/AF32*100 -> 21.854209 | AI32: 4526.8 | AJ32: 1521 | AK32: =AJ32/AI32*100 -> 33.599894 | AL32: 417.6 | AM32: 96.8638 | AN32: =AM32/AL32*100 -> 23.195354 | AO32: 213 | AP32: 42.5 | AQ32: =AP32/AO32*100 -> 19.953052 | AR32: 1403 | AS32: 333 | AT32: =AS32/AR32*100 -> 23.734854 | AU32: 810.7 | AV32: 150.2 | AW32: =AV32/AU32*100 -> 18.527199 | BA32: 212.8 | BB32: 43.75597 | BC32: =BB32/BA32*100 -> 20.562016 | BD32: 224.9 | BE32: 42.7 | BF32: =BE32/BD32*100 -> 18.986216 | BG32: 4.5 | BI32: =BH32/BG32*100 -> 0 | BJ32: 170.2 | BL32: =BK32/BJ32*100 -> 0
A33: Озинский | B33: =E33+H33+K33+N33+Q33+T33+W33+Z33+AC33+AF33+AI33+AL33+AO33+AR33+AU33+AX33+BA33+BD33+BG33+BJ33 -> 207891.6 | C33: =F33+I33+L33+O33+R33+U33+X33+AA33+AD33+AG33+AJ33+AM33+AP33+AS33+AV33+AY33+BB33+BE33+BH33+BK33 -> 41403.326 | D33: =C33/B33*100 -> 19.915824 | E33: 1170.6 | F33: 234.6 | G33: =F33/E33*100 -> 20.041005 | H33: 181 | I33: 20.69898 | J33: =I33/H33*100 -> 11.435901 | K33: 4198.8 | L33: 1032.405 | M33: =L33/K33*100 -> 24.588097 | N33: 49727.8 | O33: 7082.2 | P33: =O33/N33*100 -> 14.241933 | Q33: 3433 | R33: 961.24 | S33: =R33/Q33*100 -> 28 | T33: 202.9 | U33: 24.87153 | V33: =U33/T33*100 -> 12.258024 | W33: 144860.1 | X33: 30908.352 | Y33: =X33/W33*100 -> 21.336691 | Z33: 405.6 | AA33: 53.41933 | AB33: =AA33/Z33*100 -> 13.170446 | AC33: 61.3 | AE33: =AD33/AC33*100 -> 0 | AF33: 214.8 | AG33: 41.10452 | AH33: =AG33/AF33*100 -> 19.136182 | AI33: 1686.9 | AJ33: 679.6 | AK33: =AJ33/AI33*100 -> 40.286917 | AL33: 221.6 | AM33: 40.92373 | AN33: =AM33/AL33*100 -> 18.467387 | AO33: 213 | AP33: 46.7 | AQ33: =AP33/AO33*100 -> 21.924883 | AR33: 826.5 | AS33: 195 | AT33: =AS33/AR33*100 -> 23.593466 | BA33: 212.8 | BB33: 42.11076 | BC33: =BB33/BA33*100 -> 19.788891 | BD33: 224.9 | BE33: 40.1 | BF33: =BE33/BD33*100 -> 17.830147 | BG33: 1.3 | BI33: =BH33/BG33*100 -> 0 | BJ33: 48.7 | BL33: =BK33/BJ33*100 -> 0
A34: Перелюбский | B34: =E34+H34+K34+N34+Q34+T34+W34+Z34+AC34+AF34+AI34+AL34+AO34+AR34+AU34+AX34+BA34+BD34+BG34+BJ34 -> 179578.2 | C34: =F34+I34+L34+O34+R34+U34+X34+AA34+AD34+AG34+AJ34+AM34+AP34+AS34+AV34+AY34+BB34+BE34+BH34+BK34 -> 42123.506 | D34: =C34/B34*100 -> 23.456915 | E34: 894 | F34: 204.6 | G34: =F34/E34*100 -> 22.885906 | H34: 124.2 | I34: 16.62947 | J34: =I34/H34*100 -> 13.389267 | K34: 2845.3 | L34: 462.07465 | M34: =L34/K34*100 -> 16.239927 | N34: 33390.5 | O34: 6207.2 | P34: =O34/N34*100 -> 18.589719 | Q34: 3716.4 | R34: 1004.8046 | S34: =R34/Q34*100 -> 27.037042 | T34: 152.1 | U34: 22.82601 | V34: =U34/T34*100 -> 15.007239 | W34: 136135.6 | X34: 33709.225 | Y34: =X34/W34*100 -> 24.761506 | Z34: 202.8 | AA34: 30.70676 | AB34: =AA34/Z34*100 -> 15.1414 | AF34: 214.8 | AG34: 43.02296 | AH34: =AG34/AF34*100 -> 20.029311 | AI34: 347.6 | AJ34: 105.7 | AK34: =AJ34/AI34*100 -> 30.408516 | AL34: 221.6 | AM34: 40.07296 | AN34: =AM34/AL34*100 -> 18.083466 | AO34: 213 | AP34: 40.1 | AQ34: =AP34/AO34*100 -> 18.826291 | AR34: 632.6 | AS34: 150 | AT34: =AS34/AR34*100 -> 23.711666 | BA34: 212.8 | BB34: 42.4438 | BC34: =BB34/BA34*100 -> 19.945395 | BD34: 224.9 | BE34: 44.1 | BF34: =BE34/BD34*100 -> 19.608715 | BG34: 1.3 | BI34: =BH34/BG34*100 -> 0 | BJ34: 48.7 | BL34: =BK34/BJ34*100 -> 0
A35: Петровский | B35: =E35+H35+K35+N35+Q35+T35+W35+Z35+AC35+AF35+AI35+AL35+AO35+AR35+AU35+AX35+BA35+BD35+BG35+BJ35 -> 296898 | C35: =F35+I35+L35+O35+R35+U35+X35+AA35+AD35+AG35+AJ35+AM35+AP35+AS35+AV35+AY35+BB35+BE35+BH35+BK35 -> 61822.11 | D35: =C35/B35*100 -> 20.822676 | E35: 2169 | F35: 347.4 | G35: =F35/E35*100 -> 16.016598 | H35: 289.8 | I35: 56.99727 | J35: =I35/H35*100 -> 19.667795 | K35: 4649.2 | L35: 1345.592 | M35: =L35/K35*100 -> 28.942442 | N35: 57090.3 | O35: 13679.9 | P35: =O35/N35*100 -> 23.961864 | Q35: 5111 | R35: 1173.4188 | S35: =R35/Q35*100 -> 22.958693 | T35: 253.5 | U35: 54.39852 | V35: =U35/T35*100 -> 21.458982 | W35: 211642.9 | X35: 40947.153 | Y35: =X35/W35*100 -> 19.347284 | Z35: 608.4 | AA35: 104.56852 | AB35: =AA35/Z35*100 -> 17.187462 | AC35: 11.3 | AE35: =AD35/AC35*100 -> 0 | AF35: 416.8 | AG35: 102.24761 | AH35: =AG35/AF35*100 -> 24.531576 | AI35: 10524.5 | AJ35: 3265.3 | AK35: =AJ35/AI35*100 -> 31.025702 | AL35: 417.6 | AM35: 41.62528 | AN35: =AM35/AL35*100 -> 9.9677395 | AO35: 213 | AP35: 49.4 | AQ35: =AP35/AO35*100 -> 23.192488 | AR35: 2002.6 | AS35: 477 | AT35: =AS35/AR35*100 -> 23.819035 | AU35: 810.7 | AV35: 86 | AW35: =AV35/AU35*100 -> 10.608116 | BA35: 212.8 | BB35: 47.2087 | BC35: =BB35/BA35*100 -> 22.184539 | BD35: 224.9 | BE35: 43.9 | BF35: =BE35/BD35*100 -> 19.519787 | BG35: 6.5 | BI35: =BH35/BG35*100 -> 0 | BJ35: 243.2 | BL35: =BK35/BJ35*100 -> 0
A36: Питерский | B36: =E36+H36+K36+N36+Q36+T36+W36+Z36+AC36+AF36+AI36+AL36+AO36+AR36+AU36+AX36+BA36+BD36+BG36+BJ36 -> 160192.9 | C36: =F36+I36+L36+O36+R36+U36+X36+AA36+AD36+AG36+AJ36+AM36+AP36+AS36+AV36+AY36+BB36+BE36+BH36+BK36 -> 33202.628 | D36: =C36/B36*100 -> 20.726654 | E36: 491.5 | F36: 97 | G36: =F36/E36*100 -> 19.735504 | H36: 93.8 | I36: 11.99468 | J36: =I36/H36*100 -> 12.787505 | K36: 1262.1 | L36: 151.356 | M36: =L36/K36*100 -> 11.992394 | N36: 39369.9 | O36: 7939.7 | P36: =O36/N36*100 -> 20.16693 | Q36: 2885 | R36: 665.38548 | S36: =R36/Q36*100 -> 23.063621 | T36: 101.4 | U36: 15.2334 | V36: =U36/T36*100 -> 15.023077 | W36: 111386.3 | X36: 23424.342 | Y36: =X36/W36*100 -> 21.029823 | Z36: 202.8 | AA36: 19.58041 | AB36: =AA36/Z36*100 -> 9.6550345 | AF36: 214.8 | AG36: 43.39626 | AH36: =AG36/AF36*100 -> 20.203101 | AI36: 2485.2 | AJ36: 492.8 | AK36: =AJ36/AI36*100 -> 19.82939 | AL36: 221.6 | AM36: 39.59824 | AN36: =AM36/AL36*100 -> 17.869242 | AO36: 213 | AP36: 39.3 | AQ36: =AP36/AO36*100 -> 18.450704 | AR36: 777.8 | AS36: 186 | AT36: =AS36/AR36*100 -> 23.913602 | BA36: 212.8 | BB36: 38.84124 | BC36: =BB36/BA36*100 -> 18.252462 | BD36: 224.9 | BE36: 38.1 | BF36: =BE36/BD36*100 -> 16.940863 | BG36: 1.3 | BI36: =BH36/BG36*100 -> 0 | BJ36: 48.7 | BL36: =BK36/BJ36*100 -> 0
A37: Пугачевский | B37: =E37+H37+K37+N37+Q37+T37+W37+Z37+AC37+AF37+AI37+AL37+AO37+AR37+AU37+AX37+BA37+BD37+BG37+BJ37 -> 452118.8 | C37: =F37+I37+L37+O37+R37+U37+X37+AA37+AD37+AG37+AJ37+AM37+AP37+AS37+AV37+AY37+BB37+BE37+BH37+BK37 -> 98399.328 | D37: =C37/B37*100 -> 21.764043 | E37: 1659.7 | F37: 376 | G37: =F37/E37*100 -> 22.654697 | H37: 422.7 | I37: 77.88873 | J37: =I37/H37*100 -> 18.42648 | K37: 9081.8 | L37: 1628.5063 | M37: =L37/K37*100 -> 17.931536 | N37: 110470.5 | O37: 21233.6 | P37: =O37/N37*100 -> 19.221059 | Q37: 7342.5 | R37: 1516.4612 | S37: =R37/Q37*100 -> 20.6532 | T37: 507 | U37: 65.28288 | V37: =U37/T37*100 -> 12.876308 | W37: 309753.5 | X37: 69597.369 | Y37: =X37/W37*100 -> 22.46863 | Z37: 1014.1 | AA37: 171.73089 | AB37: =AA37/Z37*100 -> 16.934315 | AF37: 214.8 | AG37: 49.83426 | AH37: =AG37/AF37*100 -> 23.200307 | AI37: 7584.7 | AJ37: 2799.9 | AK37: =AJ37/AI37*100 -> 36.915105 | AL37: 607.1 | AM37: 107.45627 | AN37: =AM37/AL37*100 -> 17.699929 | AO37: 213 | AP37: 45.7 | AQ37: =AP37/AO37*100 -> 21.455399 | AR37: 2759.7 | AS37: 654 | AT37: =AS37/AR37*100 -> 23.698228 | BA37: 212.8 | BB37: 45.6989 | BC37: =BB37/BA37*100 -> 21.475047 | BD37: 224.9 | BE37: 29.9 | BF37: =BE37/BD37*100 -> 13.294798 | BG37: 1.3 | BI37: 0 | BJ37: 48.7
A38: Ровенский | B38: =E38+H38+K38+N38+Q38+T38+W38+Z38+AC38+AF38+AI38+AL38+AO38+AR38+AU38+AX38+BA38+BD38+BG38+BJ38 -> 168442.1 | C38: =F38+I38+L38+O38+R38+U38+X38+AA38+AD38+AG38+AJ38+AM38+AP38+AS38+AV38+AY38+BB38+BE38+BH38+BK38 -> 27541.639 | D38: =C38/B38*100 -> 16.350805 | E38: 1126.8 | F38: 252.5 | G38: =F38/E38*100 -> 22.408591 | H38: 140.5 | I38: 18.11121 | J38: =I38/H38*100 -> 12.890541 | K38: 2579.7 | L38: 101.53894 | M38: =L38/K38*100 -> 3.9360755 | N38: 35921.4 | O38: 5399 | P38: =O38/N38*100 -> 15.030038 | Q38: 3445.5 | R38: 660.8484 | S38: =R38/Q38*100 -> 19.180044 | T38: 152.1 | U38: 23.517 | V38: =U38/T38*100 -> 15.461538 | W38: 121554.8 | X38: 20404.886 | Y38: =X38/W38*100 -> 16.786573 | Z38: 405.6 | AA38: 50.85968 | AB38: =AA38/Z38*100 -> 12.539369 | AC38: 201.9 | AF38: 214.8 | AG38: 34.3758 | AH38: =AG38/AF38*100 -> 16.003631 | AI38: 971.5 | AJ38: 256.1 | AK38: =AJ38/AI38*100 -> 26.361297 | AL38: 221.6 | AM38: 41.57897 | AN38: =AM38/AL38*100 -> 18.763073 | AO38: 213 | AP38: 35.8 | AQ38: =AP38/AO38*100 -> 16.807512 | AR38: 805.2 | AS38: 192 | AT38: =AS38/AR38*100 -> 23.845007 | BA38: 212.8 | BB38: 35.32312 | BC38: =BB38/BA38*100 -> 16.599211 | BD38: 224.9 | BE38: 35.2 | BF38: =BE38/BD38*100 -> 15.651401 | BG38: 1.3 | BI38: 0 | BJ38: 48.7 | BL38: =BK38/BJ38*100 -> 0
A39: Романовский | B39: =E39+H39+K39+N39+Q39+T39+W39+Z39+AC39+AF39+AI39+AL39+AO39+AR39+AU39+AX39+BA39+BD39+BG39+BJ39 -> 109024 | C39: =F39+I39+L39+O39+R39+U39+X39+AA39+AD39+AG39+AJ39+AM39+AP39+AS39+AV39+AY39+BB39+BE39+BH39+BK39 -> 22741.469 | D39: =C39/B39*100 -> 20.85914 | E39: 633.1 | G39: =F39/E39*100 -> 0 | H39: 78.2 | I39: 10.84604 | J39: =I39/H39*100 -> 13.869616 | K39: 967.4 | L39: 72.07505 | M39: =L39/K39*100 -> 7.4503876 | N39: 15197.9 | O39: 2932.5 | P39: =O39/N39*100 -> 19.295429 | Q39: 1845.3 | R39: 369.95504 | S39: =R39/Q39*100 -> 20.048504 | T39: 101.4 | U39: 13.15834 | V39: =U39/T39*100 -> 12.976667 | W39: 87215.6 | X39: 18520.701 | Y39: =X39/W39*100 -> 21.235537 | Z39: 202.8 | AA39: 48.47447 | AB39: =AA39/Z39*100 -> 23.902599 | AF39: 214.8 | AG39: 46.10445 | AH39: =AG39/AF39*100 -> 21.463897 | AI39: 971.6 | AJ39: 381.9 | AK39: =AJ39/AI39*100 -> 39.306299 | AL39: 221.6 | AM39: 44.11736 | AN39: =AM39/AL39*100 -> 19.908556 | AO39: 213 | AP39: 48 | AQ39: =AP39/AO39*100 -> 22.535211 | AR39: 673.6 | AS39: 159 | AT39: =AS39/AR39*100 -> 23.604513 | BA39: 212.8 | BB39: 45.03681 | BC39: =BB39/BA39*100 -> 21.163914 | BD39: 224.9 | BE39: 49.6 | BF39: =BE39/BD39*100 -> 22.054246 | BG39: 1.3 | BI39: 0 | BJ39: 48.7
A40: Ртищевский | B40: =E40+H40+K40+N40+Q40+T40+W40+Z40+AC40+AF40+AI40+AL40+AO40+AR40+AU40+AX40+BA40+BD40+BG40+BJ40 -> 362727.4 | C40: =F40+I40+L40+O40+R40+U40+X40+AA40+AD40+AG40+AJ40+AM40+AP40+AS40+AV40+AY40+BB40+BE40+BH40+BK40 -> 82729.802 | D40: =C40/B40*100 -> 22.807707 | E40: 732.8 | F40: 192.5 | G40: =F40/E40*100 -> 26.269105 | H40: 355 | I40: 74.47291 | J40: =I40/H40*100 -> 20.978285 | K40: 6411.9 | L40: 1844.5454 | M40: =L40/K40*100 -> 28.767532 | N40: 92161.6 | O40: 20085.7 | P40: =O40/N40*100 -> 21.794001 | Q40: 4748 | R40: 911.69385 | S40: =R40/Q40*100 -> 19.20164 | T40: 354.9 | U40: 68.7488 | V40: =U40/T40*100 -> 19.371316 | W40: 237862.8 | X40: 52045.07 | Y40: =X40/W40*100 -> 21.88029 | Z40: 811.3 | AA40: 95.93028 | AB40: =AA40/Z40*100 -> 11.824267 | AC40: 59.8 | AD40: 0.6 | AE40: =AD40/AC40*100 -> 1.0033445 | AF40: 618.7 | AG40: 103.12898 | AH40: =AG40/AF40*100 -> 16.668657 | AI40: 14727.3 | AJ40: 6420.2 | AK40: =AJ40/AI40*100 -> 43.59387 | AL40: 607.1 | AM40: 149.10666 | AN40: =AM40/AL40*100 -> 24.560478 | AO40: 213 | AP40: 37.7 | AQ40: =AP40/AO40*100 -> 17.699531 | AR40: 2575.5 | AS40: 612 | AT40: =AS40/AR40*100 -> 23.762376 | AU40: 0 | AV40: 0 | BA40: 212.8 | BB40: 41.00552 | BC40: =BB40/BA40*100 -> 19.269511 | BD40: 224.9 | BE40: 47.4 | BF40: =BE40/BD40*100 -> 21.076034 | BG40: 1.3 | BI40: 0 | BJ40: 48.7
